Workbook
Name _Hlk13737046: 'C12.10'!#REF!
Name _Hlk13737046: 'C12.10 (2)'!#REF!
Name _Hlk13737046: 'C12.10 (4)'!#REF!
Name _Hlk13737046: 'C12.10 (5)'!#REF!
Name _Hlk13737046: 'C12.10 (6)'!#REF!
Name _Hlk13737046: 'C12.11'!#REF!
Name _Hlk13737046: 'C12.11 (2)'!#REF!
Name _Hlk13737046: 'C12.11 (4)'!#REF!
Name _Hlk13737046: 'C12.11 (5)'!#REF!
Name _Hlk13737046: 'C12.11 (6)'!#REF!
Name _Hlk13737046: 'C12.12'!#REF!
Name _Hlk13737046: 'C12.12 (2)'!#REF!
Name _Hlk13737046: 'C12.12 (4)'!#REF!
Name _Hlk13737046: 'C12.12 (5)'!#REF!
Name _Hlk13737046: 'C12.12 (6)'!#REF!
Name _Hlk13737046: 'C12.2'!$C$23
Name _Hlk13737046: 'C12.2 (2)'!$C$23
Name _Hlk13737046: 'C12.2 (4)'!$C$23
Name _Hlk13737046: 'C12.2 (5)'!$C$23
Name _Hlk13737046: 'C12.2 (6)'!$C$23
Name _Hlk13737046: 'C12.3'!#REF!
Name _Hlk13737046: 'C12.3 (2)'!#REF!
Name _Hlk13737046: 'C12.3 (4)'!#REF!
Name _Hlk13737046: 'C12.3 (5)'!#REF!
Name _Hlk13737046: 'C12.3 (6)'!#REF!
Name _Hlk13737046: 'C12.4'!#REF!
Name _Hlk13737046: 'C12.4 (2)'!#REF!
Name _Hlk13737046: 'C12.4 (4)'!#REF!
Name _Hlk13737046: 'C12.4 (5)'!#REF!
Name _Hlk13737046: 'C12.4 (6)'!#REF!
Name _Hlk13737046: 'C12.5'!#REF!
Name _Hlk13737046: 'C12.5 (2)'!#REF!
Name _Hlk13737046: 'C12.5 (4)'!#REF!
Name _Hlk13737046: 'C12.5 (5)'!#REF!
Name _Hlk13737046: 'C12.5 (6)'!#REF!
Name _Hlk13737046: 'C12.6'!#REF!
Name _Hlk13737046: 'C12.6 (2)'!#REF!
Name _Hlk13737046: 'C12.6 (4)'!#REF!
Name _Hlk13737046: 'C12.6 (5)'!#REF!
Name _Hlk13737046: 'C12.6 (6)'!#REF!
Name _Hlk13737046: 'C12.7'!#REF!
Name _Hlk13737046: 'C12.7 (2)'!#REF!
Name _Hlk13737046: 'C12.7 (4)'!#REF!
Name _Hlk13737046: 'C12.7 (5)'!#REF!
Name _Hlk13737046: 'C12.7 (6)'!#REF!
Name _Hlk13737046: 'C12.8'!#REF!
Name _Hlk13737046: 'C12.8 (2)'!#REF!
Name _Hlk13737046: 'C12.8 (4)'!#REF!
Name _Hlk13737046: 'C12.8 (5)'!#REF!
Name _Hlk13737046: 'C12.8 (6)'!#REF!
Name _Hlk13737046: 'C12.9'!#REF!
Name _Hlk13737046: 'C12.9 (2)'!#REF!
Name _Hlk13737046: 'C12.9 (4)'!#REF!
Name _Hlk13737046: 'C12.9 (5)'!#REF!
Name _Hlk13737046: 'C12.9 (6)'!#REF!
Name _Hlk13737046: 'C13.1'!#REF!
Name _Hlk13737046: 'C13.1 (2)'!#REF!
Name _Hlk13737046: 'C13.1 (4)'!#REF!
Name _Hlk13737046: 'C13.1 (B1)'!#REF!
Name _Hlk13737046: 'C13.1 (B2)'!#REF!

Sheet Version
A2: This Pricing Schedule is based on the COTO Draft Standard (DS) October 2020, and updated for the Works ProForma Book 3 - 2022.1 – June 2022 version saved in EDMS folder 7475454
I34: Can specify HdPE downchute pipes here
F149: metre (m)
F150: metre (m)
A155: C2.3.27 | E155: Extra over item C2.3.21 for encasing (wrapping) joints
B156: C2.3.27.1 | E156: State for each water main the number of joints to be encased (wrapped)
E157: State diameter
E158: State diameter
A159: C2.3.28 | E159: Installation of hydrants and water meters
B160: C2.3.28.1 | E160: Describe hydrant type
B161: C2.3.28.2 | E161: Describe water meter type
B162: C2.3.28.3 | E162: Etc., insert additional items as required
A163: C2.3.29 | E163: Bedding for water mains (Class B and C) and fill blanket compacted to 90 % of MDD (100 % for sand)
B164: C2.3.29.1
C166: (c)
C167: (d)
C168: (e)
B169: C2.3.29.2
C171: (c)
C172: (d)
C173: (e)

Sheet Version (2)
A1: This Pricing Schedule is based on the COTO Draft Standard (DS) October 2020, and updated for the Works Pro-Forma Book 3 - 2025.1 –September 2025 version saved in EDMS folder 7475454
A3: Changes from 2024.1 version to 2025.1 version
A4: C1.3.1.1 | B4: Provided fixed obligation sub-items for Mobilisation period and for execution period
A5: C1.5.8 | B5: Amended unit from man-month to month
A6: C4.1.7 | B6: Added sub-items for crushing of different material types under each method
A7: C5.5.20 | B7: Removed cost of material procurment from item
A8: D10.05(a) | B8: Added wording on payment of services only covered as part of items | J8: To Be confirmed
A9: D10.06(a) | B9: Added Quality Council for Trade and Occupation qualifications | J9: To Be confirmed
A10: D10.07 | B10: Added new payitem for utilisation of updated Section D | J10: To Be confirmed

Sheet C1.2 (A1)
A1: C1.2 | E1: GENERAL REQUIREMENTS AND PROVISIONS
A2: ITEM | D2: DESCRIPTION | E2: UNIT | F2: QTY | G2: RATE | H2: AMT
A5: C1.2.1 | D5: Environmental Management
B6: C1.2.1.1 | D6: Monitoring of compliance with and reporting on the EMP | E6: month | F6: 27 | H6: =F6*G6 -> 0
A7: C1.2.2 | D7: Programming and Reporting
B8: C1.2.2.3 | D8: Submission of a Scheme 2 Initial Programme | E8: lump sum | F8: lump | G8: sum
B9: C1.2.2.4 | D9: Submission of a Scheme 2 Full Programme | E9: lump sum | F9: lump | G9: sum
B10: C1.2.2.5 | D10: Reviewing and updating a Scheme 2 programme every month | E10: month | F10: 24 | H10: =F10*G10 -> 0
B11: C1.2.2.6 | D11: Preparation and submission of all information and reports specified in the Contract Documentation | E11: month | F11: 27 | H11: =F11*G11 -> 0
A12: C1.2.3 | D12: Routine road maintenance of existing public roads within the Site of the Works or other public roads outside the Site of the Works which are used as detours
B13: C 1.2.3.1 | D13: Grass cutting | E13: hectare (ha) | F13: 306 | H13: =F13*G13 -> 0
B14: C1.2.3.2 | D14: Drain cleaning | E14: kilometre (km) | F14: 2 | H14: =F14*G14 -> 0
B15: C1.2.3.3 | D15: Cleaning out culverts | E15: cubic metre (m3) | F15: 70 | H15: =F15*G15 -> 0
B16: C1.2.3.4 | D16: Collection of rubbish / litter | E16: kilometre (km) | F16: 10 | H16: =F16*G16 -> 0
B17: C1.2.3.5 | D17: Base patching using crushed stone material stabilised with bitumen emulsion and cement | E17: cubic metre (m3) | F17: 60 | H17: =F17*G17 -> 0
B18: C1.2.3.6 | D18: Base and/or surface patching using cold premixed asphalt | E18: kilogram (kg) | F18: 84000 | H18: =F18*G18 -> 0
B19: C1.2.3.7 | D19: Base and/or surface patching using hot plant mixed asphalt (PG64H-16) | E19: ton (t) | F19: 36 | H19: =F19*G19 -> 0
B20: C1.2.3.8 | D20: Replacement of damaged guardrails including posts | E20: metre (m) | F20: 200 | H20: =F20*G20 -> 0
B21: C1.2.3.11 | D21: Other road maintenance work ordered by the Engineer | E21: provisional sum | F21: Prov | G21: Sum | H21: 90000
B22: C1.2.3.12 | D22: Handling cost, profit and all other charges in respect of item C1.2.3.11 | E22: percentage (%) | F22: =H21 -> 90000 | H22: =G22*F22 -> 0
A23: C1.2.4 | D23: Stakeholder liaison | E23: month | F23: 27 | H23: =F23*G23 -> 0
A24: C1.2.5 | D24: Safety
B25: C1.2.5.1 | D25: Health and safety plan | E25: lump sum | F25: lump | G25: sum
B26: C1.2.5.2 | D26: Implementation of health and safety plan | E26: month | F26: 27 | H26: =F26*G26 -> 0
A27: PC1.2.7 | D27: Road safety audits
B28: C1.2.7.1 | D28: Stage 4 work zone traffic management audit | E28: provisional sum | F28: Prov | G28: Sum | H28: 22000
B29: C1.2.7.2 | D29: Handling cost, profit and all other charges in respect of item C1.2.7.1 | E29: percentage (%) | F29: 22000 | H29: =G29*F29 -> 0
B30: C1.2.7.3 | D30: Stage 5 pre-opening stage traffic safety audit | E30: provisional sum | F30: Prov | G30: Sum | H30: 22000
B31: C1.2.7.4 | D31: Handling cost, profit and all other charges in respect of item C1.2.7.3 | E31: percentage (%) | F31: 22000 | H31: =G31*F31 -> 0
A32: C1.2.8 | D32: Dayworks
B33: C1.2.8.1 | D33: Personnel
C34: (a) | D34: Unskilled labourer | E34: hour (h) | F34: 125 | H34: =F34*G34 -> 0
C35: (b) | D35: Semi-skilled labourer | E35: hour (h) | F35: 125 | H35: =F35*G35 -> 0
C36: (c) | D36: Skilled labourer | E36: hour (h) | F36: 75 | H36: =F36*G36 -> 0
C37: (d) | D37: Gang leader | E37: hour (h) | F37: 50 | H37: =F37*G37 -> 0
C38: (e) | D38: Foreman | E38: hour (h) | F38: 90 | H38: =F38*G38 -> 0
B39: C1.2.8.2 | D39: Construction equipment
C40: (a) | D40: Motor grader (112kW) | E40: hour (h) | F40: 25 | H40: =F40*G40 -> 0
C41: (b) | D41: Vibratory roller (10 ton) | E41: hour (h) | F41: 25 | H41: =F41*G41 -> 0
C42: (c) | D42: Pneumatic roller (20 ton) | E42: hour (h) | F42: 25 | H42: =F42*G42 -> 0
C43: (d) | D43: Front end loader, 1,9m³ (97kW) | E43: hour (h) | F43: 25 | H43: =F43*G43 -> 0
C44: (e) | D44: Tractor loader backhoe (65kW) | E44: hour (h) | F44: 25 | H44: =F44*G44 -> 0
C45: (f) | D45: Excavator, 20 ton (95 kW) | E45: hour (h) | F45: 90 | H45: =F45*G45 -> 0
C46: (g) | D46: Compressor plus two jackhammers and two paving breakers, including hoses. | E46: hour (h) | F46: 25 | H46: =F46*G46 -> 0
C47: (h) | D47: Trucks (6m3) | E47: hour (h) | F47: 25 | H47: =F47*G47 -> 0
C48: (i) | D48: Water truck (9,000 litre) | E48: hour (h) | F48: 25 | H48: =F48*G48 -> 0
B49: C1.2.8.3 | D49: Vehicles
C50: (a) | D50: Light delivery vehicle (2000cc) | E50: kilometre (km) | F50: 3500 | H50: =F50*G50 -> 0
C51: (b) | D51: Flatbed truck (5 ton) | E51: kilometre (km) | F51: 1500 | H51: =F51*G51 -> 0
C52: (d) | D52: Lowbed truck | E52: kilometre (km) | F52: 1000 | H52: =F52*G52 -> 0
B53: C1.2.8.4 | D53: Materials
C54: (a) | D54: Procurement of materials | E54: provisional sum | F54: Prov | G54: Sum | H54: 200000
C55: (b) | D55: Contractor's handling costs, profit and all other charges in respect of item C1.2.8.4(a) | E55: percentage (%) | F55: 200000 | H55: =G55*F55 -> 0
A56: C1.2.9 | D56: Disposal of non-useable assets
B57: C1.2.9.2 | D57: Disposal of non-useable assets not identified at time of tender | E57: provisional sum | F57: Prov | G57: Sum | H57: -55000
A58: PC1.2.10 | D58: Dispute Adjudication Board (DAB)
B59: C1.2.10.1 | D59: Employer’s contribution to DAB (50%) | E59: prime cost (PC) sum | F59: Prime | G59: Cost | H59: 80000
A60: PC1.2.11 | D60: Relocation of land owners affected by new road reserve:
B61: PC1.2.11.1 | D61: Construction of new houses, installation of services, providing access roads and moving households | E61: provisional sum | F61: Prov | G61: Sum | H61: 2200000
B62: PC1.2.11.2 | D62: Handling cost and profit in respect of sub-item PC1.2.11.1 | E62: percentage (%) | F62: 2200000 | H62: =G62*F62 -> 0
A63: PC1.2.12 | D63: Installation of new services:
B64: PC1.2.12.1 | D64: Street lighting | E64: provisional sum | F64: Prov | G64: Sum | H64: 54000000
B65: PC1.2.12.2 | D65: Handling cost and profit in respect of subitem PC1.2.12.1 | E65: percentage (%) | F65: =H64 -> 54000000 | H65: =G65*F65 -> 0
A66: PC1.2.13 | D66: Fire breaks:
B67: PC1.2.13.1 | D67: Provision of fire breaks (4.0m wide) | E67: kilometre (km) | F67: 14 | H67: =G67*F67 -> 0
B68: PC1.2.13.2 | D68: Maintenance of fire breaks including grass cutting (4,0m wide) | E68: month | F68: 33 | H68: =G68*F68 -> 0
A82: TOTAL CARRIED FORWARD TO SUMMARY | H82: =SUM(H5:H81) -> 56559000

Sheet C1.3 (A1)
A1: C1.3 | E1: CONTRACTOR’S SITE ESTABLISHMENT AND GENERAL OBLIGATIONS
A2: ITEM | D2: DESCRIPTION | E2: UNIT | F2: QTY | G2: RATE | H2: AMT
A5: PC1.3.1 | D5: The Contractor's general obligations
B6: C1.3.1.1 | D6: Fixed obligations
B7: C1.3.1.1(a) | D7: Mobilisation period (maximum as specified) | E7: lump sum | F7: lump | G7: sum
B8: C1.3.1.1(b) | D8: Execution of the works | E8: lump sum | F8: lump | G8: sum
B9: C1.3.1.2 | D9: Value-related obligations | E9: lump sum | F9: lump | G9: sum
B10: C1.3.1.3 | D10: Time-related obligations
C11: (a) | D11: Mobilisation period | E11: month | F11: 3 | H11: =F11*G11 -> 0
C12: (b) | D12: Execution of the works | E12: month | F12: 24 | H12: =F12*G12 -> 0
B13: C1.3.1.4 | D13: Suspension Cost
C14: (a) | D14: De-establishment | E14: number | F14: 1 | H14: =F14*G14 -> 0
C15: (b) | D15: Re-establishment | E15: number | F15: 1 | H15: =F15*G15 -> 0
C16: (c) | D16: Suspension period | E16: month | F16: 3 | H16: =F16*G16 -> 0
C17: (d) | D17: Engineer's cost | E17: prime cost (PC) sum | F17: prime | G17: cost | H17: 215000
A18: C1.3.2 | D18: Contract sign boards | E18: square metre (m2) | F18: 27 | H18: =F18*G18 -> 0
A22: TOTAL CARRIED FORWARD TO SUMMARY | H22: =SUM(H5:H21) -> 215000
F158: metre (m)
F159: metre (m)
A164: C2.3.27 | E164: Extra over item C2.3.21 for encasing (wrapping) joints
B165: C2.3.27.1 | E165: State for each water main the number of joints to be encased (wrapped)
E166: State diameter
E167: State diameter
A168: C2.3.28 | E168: Installation of hydrants and water meters
B169: C2.3.28.1 | E169: Describe hydrant type
B170: C2.3.28.2 | E170: Describe water meter type
B171: C2.3.28.3 | E171: Etc., insert additional items as required
A172: C2.3.29 | E172: Bedding for water mains (Class B and C) and fill blanket compacted to 90 % of MDD (100 % for sand)
B173: C2.3.29.1
B178: C2.3.29.2

Sheet C1.4 (A1)
A1: C1.4 | D1: FACILITIES FOR THE ENGINEER
A2: ITEM | C2: DESCRIPTION | D2: UNIT | E2: QTY | F2: RATE | G2: AMT
A5: C1.4.1 | C5: Site accommodation
B6: C1.4.1.1 | C6: Offices and conference room | D6: square metre (m2) | E6: 155 | G6: =E6*F6 -> 0
B7: C1.4.1.2 | C7: Laboratories | D7: square metre (m2) | E7: 240 | G7: =E7*F7 -> 0
B8: C1.4.1.3 | C8: Open concrete working floors and verandas | D8: square metre (m2) | E8: 245 | G8: =E8*F8 -> 0
B9: C1.4.1.4 | C9: Roofs over open concrete working floors and verandas | D9: square metre (m2) | E9: 120 | G9: =E9*F9 -> 0
B10: C1.4.1.5 | C10: Store rooms inside the laboratory | D10: square metre (m2) | E10: 30 | G10: =E10*F10 -> 0
B11: C1.4.1.6 | C11: Car ports | D11: number (No.) | E11: 10 | G11: =E11*F11 -> 0
B12: C1.4.1.7 | C12: Ablution unit (equipped as specified) | D12: number (No.) | E12: 1 | G12: =E12*F12 -> 0
B13: C1.4.1.8 | C13: Change room with a shower | D13: number (No.) | E13: 1 | G13: =E13*F13 -> 0
B14: C1.4.1.9 | C14: Kitchen unit (equipped as specified) | D14: number (No.) | E14: 1 | G14: =E14*F14 -> 0
B15: C1.4.1.13 | C15: Rented housing paid for by the Contractor | D15: provisional sum | E15: Prov | F15: Sum | G15: 4400000
B16: C1.4.1.14 | C16: Contractor's handling costs, profit and all other charges in respect of item C1.4.1.13 | D16: percentage (%) | E16: =G15 -> 4400000 | G16: =E16*F16 -> 0
A17: C1.4.2 | C17: Items measured by area
B18: C1.4.2.1 | C18: Shelving as specified, complete with brackets | D18: square metre (m2) | E18: 60 | G18: =E18*F18 -> 0
B19: C1.4.2.2 | C19: Work benches with a concrete slab top | D19: square metre (m2) | E19: 40 | G19: =E19*F19 -> 0
B20: C1.4.2.3 | C20: Work-benches with a wooden top | D20: square metre (m2) | E20: 40 | G20: =E20*F20 -> 0
B21: C1.4.2.4 | C21: Constant-temperature baths of concrete and/or plastered brick | D21: square metre (m2) | E21: 20 | G21: =E21*F21 -> 0
B22: C1.4.2.5 | C22: Concrete footings and pedestals for laboratory equipment | D22: square metre (m2) | E22: 20 | G22: =E22*F22 -> 0
B23: C1.4.2.6 | C23: Roller blinds, opaque type | D23: square metre (m2) | E23: 25 | G23: =E23*F23 -> 0
B24: C1.4.2.7 | C24: Venetian blinds | D24: square metre (m2) | E24: 25 | G24: =E24*F24 -> 0
B25: C1.4.2.8 | C25: Notice boards | D25: square metre (m2) | E25: 10 | G25: =E25*F25 -> 0
B26: C1.4.2.9 | C26: White boards | D26: square metre (m2) | E26: 10 | G26: =E26*F26 -> 0
A27: C1.4.3 | C27: Items measured by number
B28: C1.4.3.2 | C28: Office chair | D28: number (No.) | E28: 25 | G28: =E28*F28 -> 0
B29: C1.4.3.3 | C29: Draughtsman's stool | D29: number (No.) | E29: 10 | G29: =E29*F29 -> 0
B30: C1.4.3.4 | C30: Laboratory high chair | D30: number (No.) | E30: 12 | G30: =E30*F30 -> 0
B31: C1.4.3.5 | C31: Office desk with 3 drawers (at least one lockable drawer) | D31: number (No.) | E31: 8 | G31: =E31*F31 -> 0
B32: C1.4.3.7 | C32: Drawing table | D32: number (No.) | E32: 4 | G32: =E32*F32 -> 0
B33: C1.4.3.8 | C33: Conference table | D33: number (No.) | E33: 1 | G33: =E33*F33 -> 0
B34: C1.4.3.9 | C34: Bookcase | D34: number (No.) | E34: 5 | G34: =E34*F34 -> 0
B35: C1.4.3.10 | C35: Filing cabinet | D35: number (No.) | E35: 5 | G35: =E35*F35 -> 0
B36: C1.4.3.11 | C36: General purpose steel cabinet with shelves | D36: number (No.) | E36: 10 | G36: =E36*F36 -> 0
B37: C1.4.3.12 | C37: Wall mounted pivot plan filing system | D37: number (No.) | E37: 2 | G37: =E37*F37 -> 0
B38: C1.4.3.13 | C38: 220/250 volt power outlet plug point | D38: number (No.) | E38: 40 | G38: =E38*F38 -> 0
B39: C1.4.3.14 | C39: 400/231 volt 3-phase power outlet plug point | D39: number (No.) | E39: 5 | G39: =E39*F39 -> 0
... B55: C1.4.3.37 | C55: First aid kit | D55: number (No.) | E55: 2 | G55: =E55*F55 -> 0
A56: C1.4.4 | C56: Prime cost items
B57: C1.4.4.1 | C57: Cell phones costs, including pro-rata rentals, for calls made in connection with contract administration | D57: prime cost (PC) sum | E57: prime | F57: cost | G57: 200000
B58: C1.4.4.2 | C58: Handling costs and profit in respect of item C1.4.4.1 | D58: percentage (%) | E58: =G57 -> 200000 | G58: =E58*F58 -> 0
B59: C1.4.4.5 | C59: The provision of internet connectivity and WiFi data for Engineer’s site staff | D59: prime cost (PC) sum | E59: prime | F59: cost | G59: 40000
B60: C1.4.4.6 | C60: Handling costs and profit in respect of item C1.4.4.5 | D60: percentage (%) | E60: =G59 -> 40000 | G60: =E60*F60 -> 0
B61: C1.4.4.7 | C61: The provision of paper and ink for a combination colour printer/copier/scanner | D61: prime cost (PC) sum | E61: prime | F61: cost | G61: 220000
B62: C1.4.4.8 | C62: Handling costs and profit in respect of item C1.4.4.7 | D62: percentage (%) | E62: =G61 -> 220000 | G62: =E62*F62 -> 0
B63: C1.4.4.11 | C63: The provision of a complete 440/231 volt three phase electrical power installation, including all poles, insulators, wiring, switchboards, mains connections, meters etc. | D63: prime cost (PC) sum | E63: prime | F63: cost | G63: 15000
B64: C1.4.4.12 | C64: Handling costs and profit in respect of item C1.4.4.11 | D64: percentage (%) | E64: =G63 -> 15000 | G64: =E64*F64 -> 0
B65: C1.4.4.13 | C65: Provision of a 440/231 volt three phase electricity generator if electricity from a power supply authority is not available on site | D65: prime cost (PC) sum | E65: prime | F65: cost | G65: 25000
B66: C1.4.4.14 | C66: Handling costs and profit in respect of item C1.4.4.13 | D66: percentage (%) | E66: =G65 -> 25000 | G66: =E66*F66 -> 0
B67: C1.4.4.15 | C67: The provision of all gas installations required at the site offices, laboratories and at the Engineer’s staff accommodation (if required), including gas storage cylinders, tubing, regulators, gas burners and shut-off cocks | D67: prime cost (PC) sum | E67: prime | F67: cost | G67: 20000
B68: C1.4.4.16 | C68: Handling costs and profit in respect of item C1.4.4.15 | D68: percentage (%) | E68: =G67 -> 20000 | G68: =E68*F68 -> 0
A69: C1.4.5 | C69: Services at site offices, laboratories and site accommodation
B70: C1.4.5.1 | C70: Fixed costs | D70: lump sum | E70: lump | F70: sum
B71: C1.4.5.2 | C71: Running costs | D71: month | E71: 36 | G71: =E71*F71 -> 0
A72: C1.4.6 | C72: Office staff
A73: C1.4.7 | C73: Site inspection transport
B74: C1.4.7.1 | C74: Provision of a bus, mini-bus or combi van for site inspection purposes (16 seater mini-bus) | D74: per day | E74: 60 | G74: =E74*F74 -> 0
B75: C1.4.7.2 | C75: Travel on site | D75: kilometre (km) | E75: 4000 | G75: =E75*F75 -> 0
A76: C1.4.8 | C76: Site security measures for the Engineer’s facilities
B77: C1.4.8.1 | C77: Supply and installation of all required security measures at the Engineer’s site offices and laboratories | D77: lump sum | E77: lump | F77: sum
B78: C1.4.8.2 | C78: Provision of security guards / watchmen and an armed response service at the Engineer’s site offices and laboratories | D78: month | E78: 27 | G78: =E78*F78 -> 0
B79: C1.4.8.5 | C79: Supply and installation of an alarm system at the Engineer’s rented accommodation (4 houses) | D79: lump sum | E79: lump | F79: sum
B80: C1.4.8.6 | C80: Provision of an armed response service at the Engineer’s rented accommodation (4 houses) | D80: month | E80: 27 | G80: =E80*F80 -> 0
A84: TOTAL CARRIED FORWARD TO SUMMARY | G84: =SUM(G5:G83) -> 4920000

Sheet C1.5 (A1)
A1: C1.5 | F1: ACCOMMODATION OF TRAFFIC
A2: ITEM | E2: DESCRIPTION | F2: UNIT | G2: QTY | H2: RATE | I2: AMT
A5: C1.5.1 | E5: Accommodation of pedestrian and non-motorised traffic
B6: C1.5.1.1 | E6: Accommodation of pedestrian and non-motorised traffic | F6: month | G6: 24 | I6: =G6*H6 -> 0
A7: C1.5.2 | E7: Accommodation of vehicular traffic | F7: month | G7: 24 | I7: =G7*H7 -> 0
A8: C1.5.3 | E8: Liaison with traffic authorities | F8: month | G8: 24 | I8: =G8*H8 -> 0
A9: PC1.5.4 | E9: Construction of temporary deviations
B10: C5.3.2 | E10: Construction of layers using conventional construction methods:
B11: C5.3.2.1 | C11: (k) | E11: Upper subbase gravel layer (unstabilised) (150mm) compacted to 97% of MDD | F11: m³ | G11: 1500 | I11: =IF(F11="%",G11*H11/100,G11*H11) -> 0
C12: (n) | E12: Gravel base layer (chemically stabilised) (150mm) compacted to 97 % of MDD | F12: m³ | G12: 3750 | I12: =IF(F12="%",G12*H12/100,G12*H12) -> 0
B13: C5.5.16.1 | E13: Chemically stabilised base layer compacted to 97% of MDD:
C14: (a) | E14: Using non-cemented material compacted to 150mm thick | F14: m³ | G14: 3750 | I14: =IF(F14="%",G14*H14/100,G14*H14) -> 0
B15: C5.5.20 | E15: Material shortfall or make-up material:
B16: C5.5.20.3 | E16: For base layer | F16: m³ | G16: 1200 | I16: =IF(F16="%",G16*H16/100,G16*H16) -> 0
B17: C5.4.2 | E17: Chemical stabilisation:
B18: C5.4.2.1 | E18: Chemical stabilisation of pavement layers
E19: 150mm of gravel base layers | F19: m³ | G19: 7500 | I19: =IF(F19="%",G19*H19/100,G19*H19) -> 0
B20: C4.4.4 | E20: Cementitious stabilising agents:
B21: C4.4.4.1 | E21: Cement
E22: CEM II (A-L) 32,5N | F22: t | G22: 600 | I22: =IF(F22="%",G22*H22/100,G22*H22) -> 0
B23: C5.4.10 | E23: Provision and application of water for curing | F23: kℓ | G23: 1400 | I23: =IF(F23="%",G23*H23/100,G23*H23) -> 0
B24: C8.1.1 | E24: Prime coat:
B25: C8.1.1.1 | E25: MC -10 cut-back bitumen | F25: ℓ | G25: 17000 | I25: =IF(F25="%",G25*H25/100,G25*H25) -> 0
B26: C8.1.1.3 | E26: Inverted bitumen emulsion | F26: ℓ | G26: 17000 | I26: =IF(F26="%",G26*H26/100,G26*H26) -> 0
B27: C9.1.3 | E27: Application of bond coat:
B28: C9.1.3.1 | E28: Stable – grade 30% net bitumen emulsion as specified. Applied with a calibrated distributer | F28: ℓ | G28: 2000 | I28: =IF(F28="%",G28*H28/100,G28*H28) -> 0
B29: C10.1.22 | E29: Bituminous single seal and slurry, including a cover spray if specified:
B30: C10.1.22.2 | E30: Bituminous single seal with 14mm aggregate and slurry (Class SC-E2 (70-73)(t), Grade B aggregate, fine slurry/medium grade) | F30: m² | G30: 48000 | I30: =IF(F30="%",G30*H30/100,G30*H30) -> 0
B31: C10.1.24 | E31: Variation in the rate of application of the fine slurry:
B32: C10.1.24.1 | E32: Fine grade | F32: cubic metre (m3) | G32: =G30*0.02*0.5 -> 480 | I32: =G32*H32 -> 0
B33: C10.1.24.2 | E33: Medium grade | F33: cubic metre (m3) | G33: =G32 -> 480 | I33: =G33*H33 -> 0
B34: C10.1.25 | E34: Variation in active filler content (Hydrated lime) | F34: ton (t) | G34: =4%*2*G32 -> 38.4 | I34: =G34*H34 -> 0
B35: C10.1.26 | E35: Trial sections for all seal types specified (Cape Seal) | F35: lump sum | G35: lump | H35: sum
B36: C11.6.1.8 | E36: Regulatory signs, temporary:
C37: (b) | E37: 900 mm diameter (prepainted galvanized steel, background and symbol retro-reflective class iii) | F37: No | G37: 35 | I37: =IF(F37="%",G37*H37/100,G37*H37) -> 0
C38: (c) | E38: 1200 mm diameter (prepainted galvanized steel, background and symbol retro-reflective class iii) | F38: No | G38: 45 | I38: =IF(F38="%",G38*H38/100,G38*H38) -> 0
B39: C11.6.1.10 | E39: Warning signs, temporary:
C40: (d) | E40: 1500 mm size (prepainted galvanized steel, background and symbol retro-reflective class iii) | F40: No | G40: 55 | I40: =IF(F40="%",G40*H40/100,G40*H40) -> 0
B41: C11.6.1.12 | E41: Supplementary plates to temporary regulatory or warning signs (prepainted galvanized steel, background and symbol retro-reflective class iii) | F41: m² | G41: 400 | I41: =IF(F41="%",G41*H41/100,G41*H41) -> 0
B42: C11.7.2 | E42: Retro-reflective road marking:
B43: C11.7.2.1 | E43: White lines broken or unbroken (100 wide) | F43: km | G43: 34 | I43: =IF(F43="%",G43*H43/100,G43*H43) -> 0
B44: C11.7.2.2 | E44: Yellow lines broken or unbroken (150mm) | F44: km | G44: 17 | I44: =IF(F44="%",G44*H44/100,G44*H44) -> 0
B45: C11.7.8 | E45: Setting out and premarking the lines (excluding traffic island markings, lettering and symbols) | F45: km | G45: 50 | I45: =IF(F45="%",G45*H45/100,G45*H45) -> 0
B46: C11.7.10 | E46: Removal of existing, temporary or final road markings by:
B47: C11.7.10.1 | E47: Sandblasting | F47: m² | G47: 1000 | I47: =IF(F47="%",G47*H47/100,G47*H47) -> 0
B48: C11.7.10.3 | E48: Overpainting as temporary measure | F48: m² | G48: 1000 | I48: =IF(F48="%",G48*H48/100,G48*H48) -> 0
B49: C11.7.11 | E49: Removal of existing road studs | F49: No | G49: 1000 | I49: =IF(F49="%",G49*H49/100,G49*H49) -> 0
B50: C11.7.7.1 | E50: Permanent road studs compliant to SANS 1442
C51: (d) | E51: RSA-T
D52: (i) | E52: Irrespective of colour | F52: No | G52: 11718 | I52: =IF(F52="%",G52*H52/100,G52*H52) -> 0
A53: C1.5.7 | E53: Temporary traffic control facilities
B54: C1.5.7.1 | E54: Delineators including mounting bases and ballast:
C55: (a) | E55: Single sided, reversible left or right (600mm x 150mm) | F55: number (No.) | G55: 1500 | I55: =G55*H55 -> 0
C56: (b) | E56: Double sided, reversible left or right (600mm x 150mm) | F56: number (No.) | G56: 1400 | I56: =G56*H56 -> 0
B57: C1.5.7.2 | E57: Traffic cones, minimum height 750mm | F57: number (No.) | G57: 100 | I57: =G57*H57 -> 0
B58: C1.5.7.3 | E58: Flagmen | F58: man-shift | G58: 6000 | I58: =G58*H58 -> 0
B59: C1.5.7.4 | E59: Traffic controllers | F59: man-shift | G59: =0.6*G58 -> 3600 | I59: =G59*H59 -> 0
B60: C1.5.7.5 | E60: Provision of illuminated traffic signs:
C61: (a) | E61: Sign mounted flashing amber lights (2 lights with the specified power supply) mounted on a backing board which is:
D62: (ii) | E62: 1200mm wide x 200mm high | F62: number (No.) | G62: 12 | I62: =G62*H62 -> 0
C63: (b) | E63: Flashing LED illuminated arrow board | F63: number (No.) | G63: 4 | I63: =G63*H63 -> 0
C64: (e) | E64: Mobile variable message sign | F64: number (No.) | G64: 2 | I64: =G64*H64 -> 0
B65: C1.5.7.6 | E65: Maintenance of illuminated traffic signs:
C66: (a) | E66: Sign mounted flashing amber lights (a pair of two lights mounted on a separate backing board) | F66: month | G66: 20 | I66: =G66*H66 -> 0
C67: (b) | E67: Flashing LED illuminated arrow board | F67: month | G67: 20 | I67: =G67*H67 -> 0
C68: (e) | E68: Mobile variable message sign | F68: month | G68: 20 | I68: =G68*H68 -> 0
B69: C1.5.7.8 | E69: Traffic control stations | F69: month | G69: 6 | I69: =G69*H69 -> 0
B70: C1.5.7.9 | E70: Cleaning of traffic control facilities | F70: month | G70: 6 | I70: =G70*H70 -> 0
A71: C1.5.8 | E71: Traffic safety officer | F71: month | G71: 27 | I71: =G71*H71 -> 0
A72: C1.5.9 | E72: Traffic safety vehicle | F72: month | G72: 27 | I72: =G72*H72 -> 0
A73: C1.5.10 | E73: Tow trucks
B74: C1.5.10.1 | E74: Provision of a tow truck on call for light vehicles weighing less than two tonnes | F74: month | G74: 24 | I74: =G74*H74 -> 0
B75: C1.5.10.2 | E75: Provision of a tow truck on call for heavy vehicles weighing two tonnes or more | F75: month | G75: 24 | I75: =G75*H75 -> 0
A76: C1.5.11 | E76: Provision of safety equipment for visitors
B77: C1.5.11.1 | E77: Provision of reflective safety vests for visitors | F77: number (No.) | G77: 10 | I77: =G77*H77 -> 0
B78: C1.5.11.2 | E78: Provision of hard hats for visitors | F78: number (No.) | G78: 10 | I78: =G78*H78 -> 0
A79: C1.5.12 | E79: Additional traffic accommodation facilities ordered by the Engineer:
B80: C1.5.12.1 | E80: Provision of additional traffic accommodation facilities | F80: provisional sum | G80: Prov | H80: Sum | I80: 90000
B81: C1.5.12.2 | E81: Handling cost, profit and all other charges in respect of item C1.5.12.1 | F81: percentage (%) | G81: =I80 -> 90000 | I81: =G81*H81 -> 0
A85: TOTAL CARRIED FORWARD TO SUMMARY | I85: =SUM(I5:I84) -> 90000

Sheet C1.6 (A1)
A1: C1.6 | D1: CLEARING AND GRUBBING
A2: ITEM | C2: DESCRIPTION | D2: UNIT | E2: QTY | F2: RATE | G2: AMT
A5: C1.6.1 | C5: Clearing
B6: C1.6.1.1 | C6: Clearing with machines and some hand labour where necessary | D6: hectare (ha) | E6: 33 | G6: =E6*F6 -> 0
B7: C1.6.1.3 | C7: Clearing for new fence lines (over a width of 2,0m) | D7: kilometre (km) | E7: 31 | G7: =E7*F7 -> 0
A8: C1.6.2 | C8: Grubbing
B9: C1.6.2.1 | C9: Grubbing with machines and some hand labour where necessary | D9: hectare (ha) | E9: 33 | G9: =E9*F9 -> 0
A10: C1.6.3 | C10: Removal and grubbing of large trees and tree stumps:
B11: C1.6.3.1 | C11: Girth equal to or exceeding 1,0m up to and including 2,0m | D11: number (No.) | E11: 10 | G11: =E11*F11 -> 0
B12: C1.6.3.2 | C12: Girth exceeding 2,0m up to and including 3,0m | D12: number (No.) | E12: 5 | G12: =E12*F12 -> 0
B13: C1.6.3.3 | C13: Girth exceeding 3,0m | D13: number (No.) | E13: 2 | G13: =E13*F13 -> 0
A14: C1.6.7 | C14: Re-clearing of previously cleared areas | D14: hectare (ha) | E14: 1 | G14: =E14*F14 -> 0
A15: C1.6.9 | C15: Conservation of topsoil:
B16: C1.6.9.1 | C16: Stockpiling topsoil | D16: cubic metre (m3) | E16: 5000 | G16: =E16*F16 -> 0
B17: C1.6.9.2 | C17: Windrowing topsoil | D17: cubic metre (m3) | E17: 45000 | G17: =E17*F17 -> 0
A21: TOTAL CARRIED FORWARD TO SUMMARY | G21: =SUM(G6:G20) -> 0

Sheet C1.7 (A1)
A1: C1.7 | E1: LOADING AND HAULING
A2: ITEM | D2: DESCRIPTION | E2: UNIT | F2: QTY | G2: RATE | H2: AMT
A5: C1.7.1 | D5: Loading
B6: C1.7.1.1 | D6: Loading from stockpile using machines and some hand labour where necessary | E6: cubic metre (m3) | F6: 125800 | H6: =F6*G6 -> 0
A7: C1.7.2 | D7: Hauling
B8: C1.7.2.1 | D8: Hauling material for use in the Works and off-loading it on the site of the Works:
C9: (a) | D9: Soil, gravel, crushed stone and pavement layer material | E9: cubic metre - kilometre (m3 - km) | F9: 1450000 | H9: =F9*G9 -> 0
C10: (b) | D10: Boulders and hard material | E10: cubic metre - kilometre (m3 - km) | F10: 50000 | H10: =F10*G10 -> 0
B11: C1.7.2.2 | D11: Hauling material to spoil and off-loading it at a designated spoil or stockpile area:
C12: (a) | D12: Cleared and grubbed material | E12: cubic metre - kilometre (m3 - km) | F12: 10000 | H12: =F12*G12 -> 0
C13: (b) | D13: Soil and gravel material | E13: cubic metre - kilometre (m3 - km) | F13: 4000 | H13: =F13*G13 -> 0
C14: (c) | D14: Boulders, hard material and concrete | E14: cubic metre - kilometre (m3 - km) | F14: 600 | H14: =F14*G14 -> 0
A18: TOTAL CARRIED FORWARD TO SUMMARY | H18: =SUM(H6:H17) -> 0

Sheet C2.1 (A1)
A1: C2.1 | E1: GENERAL REQUIREMENTS AND TRENCHING FOR SERVICES
A2: ITEM | D2: DESCRIPTION | E2: UNIT | F2: QTY | G2: RATE | H2: AMT
A5: C2.1.1 | D5: Location, identification, protection and relocation of existing services
B6: C2.1.1.1 | D6: Contractor’s obligations | E6: lump sum | F6: lump | G6: sum
B7: PC2.1.1.2 | D7: Permanent services relocation or protection work by others
C8: (a) | D8: The removal, protection and replacement of CTO, SMD and WIM installations | E8: prime cost (PC) sum | F8: prime | G8: cost | H8: 130000
C9: (b) | D9: The removal, protection and replacement of utility services | E9: prime cost (PC) sum | F9: prime | G9: cost | H9: 2130000
B10: C2.1.1.3 | D10: Handling costs and profit in respect of item C2.1.1.2 above
C11: (a) | D11: Handling costs and profit in respect of item C2.1.1.2(a)(i) above | E11: percentage (%) | F11: =H8 -> 130000 | H11: =G11*F11 -> 0
C12: (b) | D12: Handling costs and profit in respect of item C2.1.1.2(b)(i) above | E12: percentage (%) | F12: =H9 -> 2130000 | H12: =G12*F12 -> 0
A13: C2.1.2 | D13: Existing services location, detection and verification
B14: C2.1.2.5 | D14: Using hand excavation to locate, expose and verify services | E14: cubic metre (m3) | F14: 350 | H14: =F14*G14 -> 0
A15: C2.1.6 | D15: Trench excavation (in soft material)
B16: C2.1.6.1 | D16: Trenches up to 1,0m wide
C17: (a) | D17: Up to 1,0m deep | E17: cubic metre (m3) | F17: 10700 | H17: =F17*G17 -> 0
A18: C2.1.11 | D18: Backfilling of trenches
B19: C2.1.11.1 | D19: Backfill compacted to 93% (100% for sand) of MDD (areas subject to traffic loads) using material:
C20: (a) | D20: From the excavated trench material | E20: cubic metre (m3) | F20: 9300 | H20: =F20*G20 -> 0
C21: (c) | D21: From approved borrow areas | E21: cubic metre (m3) | F21: 370 | H21: =F21*G21 -> 0
A22: C2.1.13 | D22: Extra over item C2.1.11 for backfilling with soil cement or stabilised material
B23: C2.1.13.1 | D23: Backfilling trenches using soil cement using (G7) material | E23: cubic metre (m3) | F23: 500 | H23: =F23*G23 -> 0
A24: C2.1.17 | D24: Removal and disposal of spoil material from trench excavations:
B25: C2.1.17.2 | D25: To spoil sites or dumping areas provided by the Contractor | E25: cubic metre (m3) | F25: 850 | H25: =F25*G25 -> 0
A29: TOTAL CARRIED FORWARD TO SUMMARY | H29: =SUM(H5:H28) -> 2260000

Sheet C2.2 (A1)
A1: C2.2 | E1: DRY SERVICES
A2: ITEM | D2: DESCRIPTION | E2: UNIT | F2: QTY | G2: RATE | H2: AMT
A5: C2.2.1 | D5: Supply, lay and prove ducts
B6: C2.2.1.1 | D6: uPVC pipes, Normal Duty, one end plain and chamfered and the other end socketed with integral socket of the rubber ring type
C7: (a) | D7: 150mm diameter | E7: metre (m) | F7: 3500 | H7: =F7*G7 -> 0
B8: C2.2.1.2 | D8: Precast concrete pipes, Type SC, Class 100D, Spigot and Socket type joints with rolling rubber rings
C9: (a) | D9: 300mm diameter | E9: metre (m) | F9: 40 | H9: =F9*G9 -> 0
A10: C2.2.2 | D10: Extra over item C2.2.1 for the provision of split ducts | T10: =IFERROR(ROUNDUP(IF(OR(G10=0,G10="sum",G10="Cost",G10=10%),"",(1+$S$1)*Q10),0),"") | U10: =IFERROR(ROUNDUP(IF(OR(G10="sum",G10="Cost"),(1+$S$1)*R10,""),0),"") | AA10: Check COLTO BOQ - Add to Tender BOQ
B11: C2.2.2.1 | D11: uPVC pipes, Normal Duty, one end plain and chamfered and the other end socketed with integral socket of the rubber ring type | T11: =IFERROR(ROUNDUP(IF(OR(G11=0,G11="sum",G11="Cost",G11=10%),"",(1+$S$1)*Q11),0),"") | U11: =IFERROR(ROUNDUP(IF(OR(G11="sum",G11="Cost"),(1+$S$1)*R11,""),0),"")
C12: (a) | D12: 150mm diameter | E12: metre (m) | F12: 1600 | H12: =F12*G12 -> 0 | Q12: 70 | R12: =P12*Q12 -> 0 | T12: =IFERROR(ROUNDUP(IF(OR(G12=0,G12="sum",G12="Cost",G12=10%),"",(1+$S$1)*Q12),0),"") | U12: =IFERROR(ROUNDUP(IF(OR(G12="sum",G12="Cost"),(1+$S$1)*R12,""),0),"")
A13: C2.2.4 | D13: Bedding for ducts compacted to 90 % of MDD (100 % for sand) using material:
B14: C2.2.4.1 | D14: Selected from the excavated trench material | E14: cubic metre (m3) | F14: 1300 | H14: =F14*G14 -> 0
A15: C2.2.6 | D15: Duct accessories
B16: C2.2.6.1 | D16: Duct markers (utility maker as per dwg. TD-R-MS-1100-V1) | E16: number (No.) | F16: 192 | H16: =F16*G16 -> 0
B17: C2.2.6.3 | D17: Draw wires (two strands of 2.5mm galvanized steel wire) | E17: metre (m) | F17: 5140 | H17: =F17*G17 -> 0
B18: C2.2.6.4 | D18: End caps or plugs (cement and sand plug) | E18: number (No.) | F18: 192 | H18: =F18*G18 -> 0
A22: TOTAL CARRIED FORWARD TO SUMMARY | H22: =SUM(H5:H21) -> 0

Sheet C2.3
A1: C2.3 | E1: WET SERVICES
A2: ITEM | D2: DESCRIPTION | E2: UNIT | F2: QTY | G2: RATE | H2: AMT | I2: Note to compiler: Items requiring additional information to be provided by compiler is marked in this column by X.
A5: C2.3.1 | D5: Supply, lay, joint and test sewers
B6: C2.3.1.1 | D6: … (State for each sewer the pipe material type, class, joint type and the class of bedding etc.) | I6: X
C7: (a) | D7: … (state diameter) | E7: metre (m) | H7: =F7*G7 -> 0 | I7: X
C8: (b) | D8: … (state diameter) | E8: metre (m) | H8: =F8*G8 -> 0 | I8: X
B9: C2.3.1.2 | D9: … (state for each sewer the pipe material type, class, joint type and the class of bedding etc.) | I9: X
C10: (a) | D10: … (state diameter) | E10: metre (m) | H10: =F10*G10 -> 0 | I10: X
C11: (b) | D11: … (state diameter) | E11: metre (m) | H11: =F11*G11 -> 0 | I11: X
B12: C2.3.1.3 | D12: …etc. (insert additional items as required) | H12: =F12*G12 -> 0 | I12: X
A13: C2.3.2 | D13: Extra over item C2.3.1 for sewer specials
B14: C2.3.2.1 | D14: … (state for each sewer special the type, class, etc.) | I14: X
C15: (a) | D15: … (state diameter) | E15: number (No.) | H15: =F15*G15 -> 0 | I15: X
C16: (b) | D16: … (state diameter) | E16: number (No.) | H16: =F16*G16 -> 0 | I16: X
B17: C2.3.2.2 | D17: … (state for each sewer special the type, class, etc.) | I17: X
C18: (a) | D18: … (state diameter) | E18: number (No.) | H18: =F18*G18 -> 0 | I18: X
C19: (b) | D19: … (state diameter) | E19: number (No.) | H19: =F19*G19 -> 0 | I19: X
B20: C2.3.2.3 | D20: …etc. (insert additional items as required) | H20: =F20*G20 -> 0 | I20: X
A21: C2.3.3 | D21: Bedding for sewers (Class B and C) and fill blanket compacted to 90% of MDD (100% for sand)
B22: C2.3.3.1 | D22: Bedding using selected granular material
C23: (a) | D23: From the excavated trench material | E23: cubic metre (m3) | H23: =F23*G23 -> 0
C24: (b) | D24: From other excavations on site | E24: cubic metre (m3) | H24: =F24*G24 -> 0
C25: (c) | D25: From approved borrow areas | E25: cubic metre (m3) | H25: =F25*G25 -> 0
C26: (d) | D26: From sources provided by the Contractor | E26: cubic metre (m3) | H26: =F26*G26 -> 0
C27: (e) | D27: From commercial sources | E27: cubic metre (m3) | H27: =F27*G27 -> 0
B28: C2.3.3.2 | D28: Selected fill blanket material
C29: (a) | D29: From the excavated trench material | E29: cubic metre (m3) | H29: =F29*G29 -> 0
C30: (b) | D30: From other excavations on Site | E30: cubic metre (m3) | H30: =F30*G30 -> 0
C31: (c) | D31: From approved borrow areas | E31: cubic metre (m3) | H31: =F31*G31 -> 0
C32: (d) | D32: From sources provided by the Contractor | E32: cubic metre (m3) | H32: =F32*G32 -> 0
C33: (e) | D33: From commercial sources | E33: cubic metre (m3) | H33: =F33*G33 -> 0
B34: C2.3.3.3 | D34: Extra over items C2.3.3.1(a) to C2.3.3.1(c) and C2.3.3.2(a) to C2.3.3.2(c) for screening material | E34: cubic metre (m3) | H34: =F34*G34 -> 0
A35: C2.3.4 | D35: Concrete for bedding (Class A) and encasement for sewers
B36: C2.3.4.1 | D36: Concrete (Class A) bedding (state class of concrete) | E36: cubic metre (m3) | H36: =F36*G36 -> 0 | I36: X
B37: C2.3.4.2 | D37: Concrete encasement (state class of concrete) | E37: cubic metre (m3) | H37: =F37*G37 -> 0 | I37: X
A38: C2.3.5 | D38: Manholes, inspection chambers and cleaning eyes for sewers
B39: C2.3.5.1 | D39: Manholes (state type and drawing reference etc.) | I39: X
C40: (a) | D40: … (state pipe size and depth range) | E40: number (No.) | H40: =F40*G40 -> 0 | I40: X
C41: (b) | D41: … (state pipe size and depth range) | E41: number (No.) | H41: =F41*G41 -> 0 | I41: X
B42: C2.3.5.2 | D42: Extra over item C2.3.5.1 for backdrops for manholes (state type and drawing reference etc.) | I42: X
C43: (a) | D43: … (state pipe size and depth range) | E43: number (No.) | H43: =F43*G43 -> 0 | I43: X
C44: (b) | D44: … (state pipe size and depth range) | E44: number (No.) | H44: =F44*G44 -> 0 | I44: X
B45: C2.3.5.3 | D45: Inspection chambers (state type and drawing reference etc.) | I45: X
C46: (a) | D46: … (state pipe size and depth range) | E46: number (No.) | H46: =F46*G46 -> 0 | I46: X
C47: (b) | D47: … (state pipe size and depth range) | E47: number (No.) | H47: =F47*G47 -> 0 | I47: X
B48: C2.3.5.4 | D48: Cleaning eyes (state type and drawing reference etc.) | I48: X
C49: (a) | D49: … (state depth range) | E49: number (No.) | H49: =F49*G49 -> 0 | I49: X
C50: (b) | D50: … (state depth range) | E50: number (No.) | H50: =F50*G50 -> 0 | I50: X
B51: C2.3.5.5 | D51: Other structures (state type and drawing reference etc.) | I51: X
C52: (a) | D52: … (state pipe size and depth range) | E52: number (No.) | H52: =F52*G52 -> 0 | I52: X
C53: (b) | D53: … (state pipe size and depth range) | E53: number (No.) | H53: =F53*G53 -> 0 | I53: X
A54: C2.3.6 | D54: Covers and frames for sewer manholes, inspection chambers and other structures
B55: C2.3.6.1 | D55: … (state type, strength class and size of cover and frame) | E55: number (No.) | H55: =F55*G55 -> 0 | I55: X
B56: C2.3.6.2 | D56: … (state type, strength class and size of cover and frame) | E56: number (No.) | H56: =F56*G56 -> 0 | I56: X
B57: C2.3.6.3 | D57: … (state type, strength class and size of cover and frame) | E57: number (No.) | H57: =F57*G57 -> 0 | I57: X
B58: C2.3.6.4 | D58: … etc. (insert additional items as required) | E58: number (No.) | H58: =F58*G58 -> 0 | I58: X
A59: C2.3.7 | D59: Sewer accessories (anchor blocks, marker posts, plug stoppers etc.)
B60: C2.3.7.1 | D60: Anchor blocks (state type and drawing reference) | E60: number (No.) | H60: =F60*G60 -> 0 | I60: X
B61: C2.3.7.2 | D61: Anchor blocks (state type and drawing reference) | E61: cubic metre (m3) | H61: =F61*G61 -> 0 | I61: X
B62: C2.3.7.3 | D62: Marker posts (state type and drawing reference) | E62: number (No.) | H62: =F62*G62 -> 0 | I62: X
B63: C2.3.7.4 | D63: Plug stoppers (state type) | E63: number (No.) | H63: =F63*G63 -> 0 | I63: X
B64: C2.3.7.5 | D64: Other accessories
C65: (a) | D65: … (state type) | E65: number (No.) | H65: =F65*G65 -> 0 | I65: X
C66: (b) | D66: … (state type) | E66: number (No.) | H66: =F66*G66 -> 0 | I66: X
A67: C2.3.8 | D67: Sewer connections (erf and existing line connections)
B68: C2.3.8.1 | D68: Erf connections (state type, depth range and drawing reference) | I68: X
C69: (a) | D69: Connection length (state length in metres) | E69: number (No.) | H69: =F69*G69 -> 0 | I69: X
C70: (b) | D70: Connection length (state length in metres) | E70: number (No.) | H70: =F70*G70 -> 0 | I70: X
C71: (c) | D71: Etc., (insert additional items as required) | E71: number (No.) | H71: =F71*G71 -> 0 | I71: X
B72: C2.3.8.2 | D72: Erf connections (state type, depth range and drawing reference) | I72: X
C73: (a) | D73: Connection length (state length in metres) | E73: number (No.) | H73: =F73*G73 -> 0 | I73: X
C74: (b) | D74: Connection length (state length in metres) | E74: number (No.) | H74: =F74*G74 -> 0 | I74: X
C75: (c) | D75: … etc. (insert additional items as required) | E75: number (No.) | H75: =F75*G75 -> 0 | I75: X
B76: C2.3.8.3 | D76: Erf connections to sewer manholes
C77: (a) | D77: … (state type, depth range, etc.) | E77: Sum | H77: =F77*G77 -> 0 | I77: X
C78: (b) | D78: … (state type, depth range, etc.) | E78: Sum | H78: =F78*G78 -> 0 | I78: X
B79: C2.3.8.4 | D79: Connecting sewers to existing manholes
C80: (a) | D80: … (state position, specification and drawing reference etc.) | E80: Sum | H80: =F80*G80 -> 0 | I80: X
C81: (b) | D81: … (state position, specification and drawing reference etc.) | E81: Sum | H81: =F81*G81 -> 0 | I81: X
C82: (c) | D82: … etc. (insert additional items as required) | E82: Sum | H82: =F82*G82 -> 0 | I82: X
B83: C2.3.8.5 | D83: Breaking into an existing sewer and building a new manhole
C84: (a) | D84: … (state position, specification and drawing reference etc.) | E84: Sum | H84: =F84*G84 -> 0 | I84: X
C85: (b) | D85: … (state position, specification and drawing reference etc.) | E85: Sum | H85: =F85*G85 -> 0 | I85: X
C86: (c) | D86: … etc. (insert additional items as required) | E86: Sum | H86: =F86*G86 -> 0 | I86: X
A87: C2.3.9 | D87: Raising and lowering existing sewer manholes
B88: C2.3.9.1 | D88: Raising manholes
C89: (a) | D89: … (state manhole type and drawing reference and height raised) | E89: number (No.) | H89: =F89*G89 -> 0 | I89: X
C90: (b) | D90: … (state manhole type and drawing reference and height raised) | E90: number (No.) | H90: =F90*G90 -> 0 | I90: X
B91: C2.3.9.2 | D91: Lowering manholes
C92: (a) | D92: … (state manhole type and drawing reference and height lowered) | E92: number (No.) | H92: =F92*G92 -> 0 | I92: X
C93: (b) | D93: … (state manhole type and drawing reference and height lowered) | E93: number (No.) | H93: =F93*G93 -> 0 | I93: X
A94: C2.3.10 | D94: Testing of sewer manholes | E94: number (No.) | H94: =F94*G94 -> 0
A95: C2.3.11 | D95: CCTV camera inspections
B96: C2.3.11.1 | D96: … (state pipe diameter) | E96: metre (m) | H96: =F96*G96 -> 0 | I96: X
B97: C2.3.11.2 | D97: … (state pipe diameter) | E97: metre (m) | H97: =F97*G97 -> 0 | I97: X
A98: C2.3.12 | D98: … (Pay items C2.3.12 to C2.3.20 have been deliberately left for use for additional contract specific sewer related pay items inserted via the Contract Documentation) | H98: =F98*G98 -> 0 | I98: X
A99: C2.3.13 | H99: =F99*G99 -> 0 | I99: X
A100: C2.3.14 | H100: =F100*G100 -> 0 | I100: X
A101: C2.3.15 | H101: =F101*G101 -> 0 | I101: X
A102: C2.3.16 | H102: =F102*G102 -> 0 | I102: X
...

Sheet C2.4
A1: C2.4 | B1: C2.4 | E1: ENERGY AND OTHER SERVICES
A2: ITEM | D2: DESCRIPTION | E2: UNIT | F2: QTY | G2: RATE | H2: AMT | I2: Note to compiler: Items requiring additional information to be provided by compiler is marked in this column by X.
A5: C2.4.1 | D5: Bedding for electric power cables using material:
B6: C2.4.1.1 | D6: Selected from the excavated trench material | E6: cubic metre (m3) | H6: =F6*G6 -> 0
B7: C2.4.1.2 | D7: Selected from other excavations on site | E7: cubic metre (m3) | H7: =F7*G7 -> 0
B8: C2.4.1.3 | D8: Selected from approved borrow areas | E8: cubic metre (m3) | H8: =F8*G8 -> 0
B9: C2.4.1.4 | D9: Selected from sources provided by the Contractor | E9: cubic metre (m3) | H9: =F9*G9 -> 0
B10: C2.4.1.5 | D10: From commercial sources
C11: (a) | D11: Uncrushed material (state material type) | E11: cubic metre (m3) | H11: =F11*G11 -> 0 | I11: X
C12: (b) | D12: Crushed stone material (state material type) | E12: cubic metre (m3) | H12: =F12*G12 -> 0 | I12: X
A13: C2.4.2 | D13: Concrete for bedding and encasement for electric power cables
B14: C2.4.2.1 | D14: Concrete bedding (Class C16/20-20 concrete) | E14: cubic metre (m3) | H14: =F14*G14 -> 0
B15: C2.4.2.2 | D15: Concrete encasement of cables (Class C16/20-20 concrete) | E15: cubic metre (m3) | H15: =F15*G15 -> 0
A16: C2.4.3 | D16: Cable laying accessories (warning tape, protection slabs, markers etc.)
B17: C2.4.3.1 | D17: Electrical warning tape (state type) | E17: metre (m) | H17: =F17*G17 -> 0 | I17: X
B18: C2.4.3.2 | D18: Concrete slab protection (state type and dimensions etc.) | E18: metre (m) | H18: =F18*G18 -> 0 | I18: X
B19: C2.4.3.3 | D19: Cable markers (state type) | E19: number (No.) | H19: =F19*G19 -> 0 | I19: X
B20: C2.4.3.4 | D20: Other accessories
C21: (a) | D21: … (state type) | E21: metre (m) | H21: =F21*G21 -> 0 | I21: X
C22: (b) | D22: … (state type) | E22: number (No.) | H22: =F22*G22 -> 0 | I22: X
I24: Add items from other Sections as spedified in C1.1.3.7 and identified in Part C3(iii) where applicable
A26: TOTAL CARRIED FORWARD TO SUMMARY | H26: =SUM(H5:H25) -> 0

Sheet C3.1 (A1)
A1: C3.1 | E1: DRAINS
A2: ITEM | D2: DESCRIPTION | E2: UNIT | F2: QTY | G2: RATE | H2: AMT
A5: C3.1.1 | D5: Excavation for open drains:
B6: C3.1.1.1 | D6: Excavating all material situated within the following depth ranges below the surface level using conventional methods:
C7: (a) | D7: 0m to 1,5m | E7: cubic metre (m3) | F7: 2500 | H7: =F7*G7 -> 0
C8: (b) | D8: Exceeding 1,5m and up to 3,0m | E8: cubic metre (m3) | F8: 500 | H8: =F8*G8 -> 0
B9: C3.1.1.2 | D9: Extra over sub-item C3.1.1.1 for excavation in hard and boulder material, irrespective of depth | E9: cubic metre (m3) | F9: 500 | H9: =F9*G9 -> 0
A10: C3.1.2 | D10: Clearing, shaping and disposal of accumulated sediment in existing unlined open drains
B11: C3.1.2.1 | D11: Using conventional methods | E11: cubic metre (m3) | F11: 600 | H11: =F11*G11 -> 0
A12: C3.1.3 | D12: Excavation, clearing and disposal of accumulated sediment in existing lined drains and drainage systems
B13: C3.1.3.1 | D13: Using conventional methods (up to 1,5m):
C14: (b) | D14: Culvert barrels
C15: (i) | D15: Pipes with an internal diameter up to and including 750mm | E15: cubic metre (m3) | F15: 25 | H15: =F15*G15 -> 0
C16: (ii) | D16: Pipes with an internal diameter exceeding 750mm | E16: cubic metre (m3) | F16: 10 | H16: =F16*G16 -> 0
C17: (iii) | D17: Box culverts up to and including 1,5m vertical dimension | E17: cubic metre (m3) | F17: 25 | H17: =F17*G17 -> 0
A18: C3.1.4 | D18: Excavation and disposal of material for subsoil drainage systems:
B19: C3.1.4.1 | D19: Excavating in all material situated within the following depth ranges below the surface:
C20: (a) | D20: 0m to 1,5m | E20: cubic metre (m3) | F20: 900 | H20: =F20*G20 -> 0
C21: (b) | D21: Exceeding 1,5m and up to 3,0m | E21: cubic metre (m3) | F21: 25 | H21: =F21*G21 -> 0
B22: C3.1.4.4 | D22: Extra over sub-item C3.1.4.1 for excavation in hard and boulder material, irrespective of depth | E22: cubic metre (m3) | F22: 50 | H22: =F22*G22 -> 0
B23: C3.1.4.5 | D23: Extra over sub-item C3.1.4.1 for excavation through stabilised existing road layers | E23: cubic metre (m3) | F23: 50 | H23: =F23*G23 -> 0
A24: C3.1.5 | D24: Impermeable backfilling to subsoil drainage systems
B25: C3.1.5.1 | D25: Un-stabilised natural gravel obtained from approved sources on the site | E25: cubic metre (m3) | F25: 60 | H25: =F25*G25 -> 0
B26: C3.1.5.2 | D26: G5 material obtained from commercial sources | E26: cubic metre (m3) | F26: 60 | H26: =F26*G26 -> 0
A27: C3.1.6 | D27: Construction of banks and dykes:
B28: C3.1.6.1 | D28: Banks and dykes using conventional methods | E28: cubic metre (m3) | F28: 50 | H28: =F28*G28 -> 0
A29: C3.1.7 | D29: Natural permeable material in subsoil drainage systems (approved crushed stone):
B30: C3.1.7.1 | D30: Crushed stone obtained from approved sources on the site (Coarse grade, 20mm) | E30: cubic metre (m3) | F30: 20 | H30: =F30*G30 -> 0
B31: C3.1.7.2 | D31: Crushed stone obtained from commercial sources (Coarse grade, 20mm) | E31: cubic metre (m3) | F31: 175 | H31: =F31*G31 -> 0
A32: C3.1.8 | D32: Natural permeable material in subsoil drainage systems (approved natural sand):
B33: C3.1.8.1 | D33: Natural sand obtained from approved sources (Fine graded 0,2mm, borrow pit/quarry) | E33: cubic metre (m3) | F33: 620 | H33: =F33*G33 -> 0
A34: C3.1.9 | D34: Pipes in subsoil drainage systems:
B35: C3.1.9.1 | D35: U-PVC pipes and fittings, normal duty, complete with couplings
C36: (i) | D36: 150mm internal dia. perforated or slotted | E36: metre (m) | F36: 1200 | H36: =F36*G36 -> 0
C37: (ii) | D37: 150mm internal dia. unperforated | E37: metre (m) | F37: 40 | H37: =F37*G37 -> 0
A38: C3.1.11 | D38: Geotextiles, Synthetic-fibre Filter Fabric (Grade 2) | E38: square metre (m2) | F38: 2080 | H38: =F38*G38 -> 0
A39: C3.1.13 | D39: Concrete outlet structures, manhole boxes, junction boxes and cleaning eyes for subsoil drainage systems:
B40: C3.1.13.1 | D40: Outlet structures (Outlet Type B, TD-D-SD-1002-V1) | E40: number (No.) | F40: 6 | H40: =F40*G40 -> 0
B41: C3.1.13.2 | D41: Inspection boxes (Refer to drawing TD-D-SD-1003-V1) | E41: number (No.) | F41: 1 | H41: =F41*G41 -> 0
B42: C3.1.13.3 | D42: Junction boxes (Refer to drawing TD-D-SD-1003-V1) | E42: number (No.) | F42: 2 | H42: =F42*G42 -> 0
B43: C3.1.13.4 | D43: Cleaning eyes (Refer to drawing TD-D-SD-1003-V1) | E43: number (No.) | F43: 12 | H43: =F43*G43 -> 0
A44: C3.1.14 | D44: Caps for subsoil drain pipes:
B45: C3.1.14.3 | D45: Un-plasticised PVC end caps | E45: number (No.) | F45: 6 | H45: =F45*G45 -> 0
A46: C3.1.16 | D46: Loading and hauling of material in excess of 1,0 km | E46: cubic metre - kilometre (m3 - km) | F46: 10000 | H46: =F46*G46 -> 0
A47: C3.1.17 | D47: Backfilling existing eroded side drains | E47: cubic metre (m3) | F47: 100 | H47: =F47*G47 -> 0
A48: C3.1.18 | D48: Backfilling of drains with selected material (G7) compacted to 93% of MDD prior to construction of concrete lining and/or stone pitched lining | E48: cubic metre (m3) | F48: 20 | H48: =F48*G48 -> 0
A49: C3.1.19 | D49: Exposing of existing subsoil drains | E49: cubic metre (m3) | F49: 50 | H49: =F49*G49 -> 0
A50: C3.1.20 | D50: Breaking into existing drainage structures and install subsoil drain pipe | E50: number (No.) | F50: 2 | H50: =F50*G50 -> 0
A51: C3.1.21 | D51: Clearing of existing subsoil drains
B52: C3.1.21.1 | D52: Cleaning rod, brush and flushing | E52: metre (m) | F52: 100 | H52: =F52*G52 -> 0
A53: C3.1.22 | D53: Test flushing of subsoil drain pipe systems | E53: number (No.) | F53: 6 | H53: =F53*G53 -> 0
A54: C3.1.23 | D54: Subsoil drain outlet marker (Refer to drawing TD-D-SD-1002-V1) | E54: number (No.) | F54: 6 | H54: =F54*G54 -> 0
A55: C3.1.24 | D55: Submission of as built drawings by the Contractor | E55: provisional sum | F55: Prov | G55: Sum | H55: 32000
A59: TOTAL CARRIED FORWARD TO SUMMARY | H59: =SUM(H5:H58) -> 32000

Sheet C3.2 (A1)
A1: C3.2 | F1: CULVERTS
A2: ITEM | E2: DESCRIPTION | F2: UNIT | G2: QTY | H2: RATE | I2: AMT
A5: C3.2.1 | E5: Excavation for culvert structures:
B6: C3.2.1.1 | E6: Excavating in all material situated within the following depth ranges below the surface level:
C7: (a) | D7: (i) | E7: 0m to 1,5m | F7: cubic metre (m3) | G7: 5800 | I7: =G7*H7 -> 0
D8: (ii) | E8: Temporay 600mm dia, pipe culverts | F8: cubic metre (m3) | G8: 121 | I8: =G8*H8 -> 0
C9: (b) | D9: (i) | E9: Exceeding 1,5m and up to 3,0m | F9: cubic metre (m3) | G9: 490 | I9: =G9*H9 -> 0
D10: (ii) | E10: Temporay 600mm dia, pipe culverts | F10: cubic metre (m3) | G10: 182 | I10: =G10*H10 -> 0
C11: (c) | E11: Exceeding 3,0m and up to 4,5m | F11: cubic metre (m3) | G11: 20 | I11: =G11*H11 -> 0
B12: C3.2.1.2 | E12: Excavating soft material 0m to 1,5m below the surface level using labour enhanced construction methods, or instructed by hand under Clause A3.2.7.2(d) | F12: cubic metre (m3) | G12: 100 | I12: =G12*H12 -> 0
B13: C3.2.1.4 | E13: Extra over sub-item C3.2.1.1 for excavation in hard or boulder material, irrespective of depth | F13: cubic metre (m3) | G13: 800 | I13: =G13*H13 -> 0
A14: PC3.2.2 | E14: Backfilling
B15: C3.2.2.1 | E15: Using the excavated material | F15: cubic metre (m3) | G15: 640 | I15: =G15*H15 -> 0
B16: C3.2.2.2 | E16: Using imported selected material:
C17: (a) | E17: From commercial sources (G5 material) | F17: cubic metre (m3) | G17: 3900 | I17: =G17*H17 -> 0
C18: (b) | E18: From sources on site (G5 material) | F18: cubic metre (m3) | G18: 1000 | I18: =G18*H18 -> 0
B19: C3.2.2.3 | E19: Extra over sub-items C3.2.2.1 and C3.2.2.2 for soil cement backfilling
C20: (a) | E20: With wet mixture (5% cement content) | F20: cubic metre (m3) | G20: 4900 | I20: =G20*H20 -> 0
C21: (c) | E21: Variation in cement | F21: kilogram (kg) | I21: Rate Only
A22: C3.2.3 | E22: Concrete pipe culverts:
B23: C3.2.3.2 | E23: On Class B bedding
C24: (a) | E24: 600mm dia class 75D (spigot and socket) | F24: metre (m) | G24: 510 | I24: =G24*H24 -> 0
C25: (b) | E25: 900mm dia class 75D (spigot and socket) | F25: metre (m) | G25: 700 | I25: =G25*H25 -> 0
C26: (c) | E26: 600mm dia class 75D (spigot and socket) Temporary culvert | F26: metre (m) | G26: 134 | I26: =G26*H26 -> 0
A27: C3.2.4 | E27: Metal and U-PVC culverts:
B28: C3.2.4.1 | E28: 300mm dia. uPVC pipes | F28: metre (m) | G28: 108 | I28: =G28*H28 -> 0
B29: C3.2.4.3 | E29: Anchor bolts (20mm galvanized) | F29: number (No.) | G29: 104 | I29: =G29*H29 -> 0
A30: C3.2.5 | E30: Rectangular culverts with prefabricated elements:
B31: C3.2.5.1 | E31: Prefabricated portal culverts; wall and roof combination
C32: (a) | E32: 900mm x 450mm (Class 175 S) | F32: metre (m) | G32: 112 | I32: =G32*H32 -> 0
C33: (b) | E33: 900mm x 600mm (Class 175 S) | F33: metre (m) | G33: 212 | I33: =G33*H33 -> 0
C34: (c) | E34: 1200mm x 600mm (Class 100 S) | F34: metre (m) | G34: 175 | I34: =G34*H34 -> 0
C35: (d) | E35: 1500mm x 600mm (Class 100 S) | F35: metre (m) | G35: 166 | I35: =G35*H35 -> 0
A36: C3.2.6 | E36: Extra over items C3.2.3, C3.2.4 and C3.2.5 for constructing inclined culverts | F36: metre (m) | G36: 108 | I36: =G36*H36 -> 0
A37: C3.2.7 | E37: Cast in situ concrete and formwork:
B38: C3.2.7.1 | E38: In Class A bedding, screeds, concrete backfill and the encasing for pipes, including formwork, Class C16/20-20 Concrete | F38: cubic metre (m3) | G38: 116 | I38: =G38*H38 -> 0
B39: C3.2.7.2 | E39: In complete in-situ floor slabs for rectangular culverts, manholes and catchpits including formwork, joints and Class U2 surface finish, Class C25/30-20 Concrete (installed at a standard depth of 1,0m) | F39: cubic metre (m3) | G39: 100 | I39: =G39*H39 -> 0
B40: C3.2.7.5 | E40: In inlet and outlet structures including kerbs, chutes and downpipes, skewed ends, catchpits, manholes, thrust and anchor blocks, excluding formwork but including Class U2 surfacing finish, Class C25/30-20 Concrete | F40: cubic metre (m3) | G40: 460 | I40: =G40*H40 -> 0
B41: C3.2.7.6 | E41: Formwork of concrete under items C3.2.7.3 to 5 above
C42: (a) | E42: Vertical formwork for F1 surface finish | F42: square metre (m2) | G42: 1530 | I42: =G42*H42 -> 0
C43: (b) | E43: Vertical formwork for F2 surface finish | F43: square metre (m2) | G43: 780 | I43: =G43*H43 -> 0
A44: C3.2.8 | E44: Concrete backfill or encasement for culverts (Class C16/20-20) | F44: cubic metre (m3) | G44: 50 | I44: =G44*H44 -> 0
A45: C3.2.10 | E45: Reinforcement:
B46: C3.2.10.1 | E46: Mild steel bars | F46: ton (t) | G46: 0.5 | I46: =G46*H46 -> 0
B47: C3.2.10.2 | E47: High-tensile steel bars | F47: ton (t) | G47: 24 | I47: =G47*H47 -> 0
B48: C3.2.10.3 | E48: Welded steel fabric
C49: (a) | E49: Mesh Ref. 311 | F49: kilogram (kg) | G49: 3125 | I49: =G49*H49 -> 0
C50: (b) | E50: Mesh Ref. 617 | F50: kilogram (kg) | G50: 5615 | I50: =G50*H50 -> 0
A51: C3.2.12 | E51: Demolition of concrete members or elements:
B52: C3.2.12.1 | E52: Full member or element
C53: (a) | E53: Plain concrete | F53: cubic metre (m3) | G53: 60 | I53: =G53*H53 -> 0
C54: (b) | E54: Masonary and stone pitching | F54: cubic metre (m3) | G54: 60 | I54: =G54*H54 -> 0
C55: (c) | E55: Reinforced concrete | F55: cubic metre (m3) | G55: 100 | I55: =G55*H55 -> 0
A56: PC3.2.13 | E56: Removing and re-laying existing culverts:
B57: C3.2.13.1 | E57: Removing and stacking existing culverts for re-use
C58: (a) | E58: Culverts up to 900mm dia. or 900mm x 900mm square | F58: metre (m) | G58: 560 | I58: =G58*H58 -> 0
C59: (b) | E59: Culverts greater than 900mm dia. or 900mm x 900mm square | F59: metre (m) | G59: 185 | I59: =G59*H59 -> 0
C60: (c) | E60: Temporary 600mm dia. 75D concrete pipe culverts | F60: metre (m) | G60: 134.2 | I60: =G60*H60 -> 0
A61: C3.2.16 | E61: Brickwork (Engineering bricks):
B62: C3.2.16.1 | E62: 115mm thick | F62: square metre (m2) | I62: Rate Only
B63: C3.2.16.2 | E63: 230mm thick | F63: square metre (m2) | I63: Rate Only
B64: C3.2.16.3 | E64: 345mm thick | F64: square metre (m2) | I64: Rate Only
A65: C3.2.17 | E65: Plaster | F65: square metre (m2) | I65: Rate Only
A66: C3.2.18 | E66: Benching | F66: cubic metre (m3) | I66: Rate Only
A67: C3.2.19 | E67: Accessories
B68: C3.2.19.1 | E68: Manhole frames (Type 2A, TD-D-MC-1003-V1) | F68: number (No.) | G68: 29 | I68: =G68*H68 -> 0
B69: C3.2.19.2 | E69: Inlet grids or covers
C70: (a) | E70: Type A single grid and frame (drawing TD-D-SG-1001) | F70: number (No.) | G70: 3 | I70: =G70*H70 -> 0
C71: (b) | E71: Type A double grid and frame (drawing TD-D-SG-1001) | F71: number (No.) | G71: 2 | I71: =G71*H71 -> 0
B72: C3.2.19.3 | E72: Manhole frames (Type 2A) DWG No TD-D-MC-1003-V1 | F72: number (No.) | G72: 29 | I72: =IF(F72="%",G199*H72/100,G72*H72) -> 0
B73: C3.2.19.4 | E73: Manhole covers or gratings (Type 2A) Dwg. No. TD-D-MC-1003-V1 | F73: number (No.) | G73: 29 | I73: =IF(F73="%",G200*H73/100,G73*H73) -> 0
A74: C3.2.24 | E74: Compaction of bedding for inlets, outlets, manholes and catchpits:
B75: C3.2.24.1 | E75: Preparation and compaction of in situ bedding material to 90% of MDD (150mm) | F75: cubic metre (m3) | G75: 850 | I75: =G75*H75 -> 0
B76: C3.2.24.2 | E76: Extra-over sub-item C3.2.24.1 for compaction to 93% of MDD (150mm) | F76: cubic metre (m3) | G76: 100 | I76: =G76*H76 -> 0
A77: C3.2 | B77: C13.2.3 | E77: Horizontal formwork to provide class F2 surface finish to cover slab | F77: square metre (m2) | G77: 60 | I77: =G77*H77 -> 0
A80: TOTAL CARRIED FORWARD TO SUMMARY | I80: =SUM(I5:I79) -> 0

Sheet C3.3 (A1)
A1: C3.3 | E1: CONCRETE KERBING AND CHANNELING, ASPHALT BERMS, CHUTES, DOWNPIPES, AS WELL AS CONCRETE, STONE PITCHED AND GABION LININGS FOR OPEN DRAINS
A2: ITEM | D2: DESCRIPTION | E2: UNIT | F2: QTY | G2: RATE | H2: AMT
A5: C3.3.1 | D5: Concrete kerbing:
B6: C3.3.1.1 | D6: Prefabricated kerbing
C7: (a) | D7: Precast rectangular kerb (Figure 11, 150mm x 75mm) as edge restraint to sidewalk | E7: metre (m) | F7: 7750 | H7: =F7*G7 -> 0
B8: C3.3.1.2 | D8: Cast in situ kerbing
C9: (a) | D9: Cast in situ concrete edge beam (300mm x 200mm with 25mm x 25mm chamfered edge on gravel side), class C25/30-20 concrete and U2 surface finish | E9: metre (m) | F9: 7100 | H9: =F9*G9 -> 0
C10: (b) | D10: Cast in situ concrete mountable kerb (class C25/30-20 concrete), shown as Type C kerbing on the drawings | E10: metre (m) | F10: 550 | H10: =F10*G10 -> 0
A11: C3.3.2 | D11: Concrete kerbing-channeling combination:
B12: C3.3.2.1 | D12: Prefabricated kerbing-channeling
C13: (a) | D13: Precast barrier kerb (Figure 3), with 300mm wide cast in situ concrete channel (C25/30-20) (TD-D-RD-1001-V1) | E13: metre (m) | F13: 1200 | H13: =F13*G13 -> 0
C14: (b) | D14: Precast mountable kerb (Figure 8d), with 200mm wide cast in situ concrete channel (C25/30-20) | E14: metre (m) | F14: 100 | H14: =F14*G14 -> 0
C15: (c) | D15: Continuous precast side kerb/channel combination, detail as shown on dwg 251020-PP0-047-TP | E15: metre (m) | F15: 6000 | H15: =F15*G15 -> 0
A16: C3.3.3 | D16: Extra over items C3.3.1 and C3.3.2 for concrete kerbing or concrete kerbing and channeling on curves
B17: C3.3.3.1 | D17: On curves of radii more than or equal to 5,0m but less than 20m | E17: metre (m) | F17: 970 | H17: =F17*G17 -> 0
B18: C3.3.3.2 | D18: On curves with radii more than or equal to 1,0m but less than 5,0m | E18: metre (m) | F18: 100 | H18: =F18*G18 -> 0
B19: C3.3.3.3 | D19: On curves with radii less than 1,0m | E19: metre (m) | H19: Rate Only
A20: C3.3.4 | D20: Extra over item C3.3.2 for drop kerbs at pedestrian crossings and driveways | E20: metre (m) | F20: 22 | H20: =F20*G20 -> 0
A21: C3.3.7 | D21: Cast in situ concrete chutes (measured by components):
B22: C3.3.7.1 | D22: Concrete (Class C25/30-20)
C23: (a) | D23: Inlet structures on high fills, complete as shown on drawings (TD-D-IS-1001-V1) | E23: cubic metre (m3) | F23: 25 | H23: =F23*G23 -> 0
C24: (b) | D24: Outlet structures for pipe chutes on high fills, complete as shown on drawings (TD-D-IS-1002-V1) | E24: cubic metre (m3) | F24: 20 | H24: =F24*G24 -> 0
B25: C3.3.7.2 | D25: Formwork
C26: (a) | D26: Inlet structures on high fills, complete as shown on drawings (TD-D-IS-1001-V1) (F1 surface finish) | E26: square metre (m2) | F26: 64 | H26: =F26*G26 -> 0
C27: (b) | D27: Outlet structures for pipe chutes on high fills, complete as shown on drawings (TD-D-IS-1002-V1) (F1 surface finish) | E27: square metre (m2) | F27: 75 | H27: =F27*G27 -> 0
C28: (c) | D28: Inlet structures on high fills, complete as shown on drawings (Dwg. TD-D-IS-1001-V1) (F2 surface finish) | E28: square metre (m2) | F28: 58 | H28: =F28*G28 -> 0
C29: (d) | D29: Outlet structures for pipe chutes on high fills, complete as shown on drawings (Dwg. TD-D-IS-1002-V1) (F2 surface finish) | E29: square metre (m2) | F29: 75 | H29: =F29*G29 -> 0
A30: C3.3.8 | D30: Linings for open drains:
B31: C3.3.8.1 | D31: Cast-in-situ concrete lining, Type A (1000mm wide) at guardrails, class C25/30-20 concrete | E31: cubic metre (m3) | F31: 10 | H31: =F31*G31 -> 0
B32: C3.3.8.2 | D32: Class U2 surface finish to cast-in-situ concrete, Type A (1000mm wide) at guardrails, class C25/30-20 concrete | E32: square metre (m2) | F32: 140 | H32: =F32*G32 -> 0
A33: C3.3.9 | D33: Formwork to cast-in-situ concrete lining for Type A (1000mm wide) at guardrails (Class F2 surface finish):
B34: C3.3.9.3 | D34: To ends of slabs | E34: square metre (m2) | F34: 315 | H34: =F34*G34 -> 0
A35: C3.3.10 | D35: Sealed joints in concrete and stone pitched linings of open drains (Dwg. TD-D-RD-1001-V1)
C36: (a) | D36: Polysulphide sealant | E36: metre (m) | F36: 72.5 | H36: =F36*G36 -> 0
C37: (b) | D37: Silicone-based sealant | E37: metre (m) | F37: 72.5 | H37: =F37*G37 -> 0
A38: C3.3.12 | D38: Reinforcement:
B39: C3.3.12.3 | D39: Welded steel fabric | E39: kilogram (kg) | F39: 348 | H39: =F39*G39 -> 0
A40: C3.3.13 | D40: Polymer film sheeting 0,15mm thick for concrete-lined open drains | E40: square metre (m2) | F40: 90 | H40: =F40*G40 -> 0
A41: C3.3.14 | D41: Cutting bituminous surfacing and pavement layers for concrete kerbing, channeling or concrete-lined drains
C42: (a) | D42: Asphalt to average depth not exceeding 50mm | E42: metre (m) | F42: 100 | H42: =F42*G42 -> 0
C43: (b) | D43: Asphalt to average depth exceeding 50mm but not 100mm | E43: metre (m) | F43: 10 | H43: =F43*G43 -> 0
C44: (c) | D44: Cemented layers to average depth not exceeding 200mm | E44: metre (m) | H44: Rate Only
A45: C3.3.15 | D45: Energy dissipaters in outlet structures
B46: C3.3.15.1 | D46: Precast concrete blocks in outlet structures Dwg. TD-D-IS-1002-V1 | E46: number (No.) | F46: 40 | H46: =IF(E46="%",F46*G46/100,F46*G46) -> 0
A47: C3.3 | B47: C8.1.1 | D47: Prime coat:
B48: C8.1.1.3 | D48: Invert bitumen emulsion (as an alternative for polyethylene sheeting for concrete-lined open drains) | E48: litre (ℓ) | F48: 20 | H48: =IF(E48="%",F48*G48/100,F48*G48) -> 0
A49: C3.3 | B49: C13.4.9 | D49: Manufacturing precast concrete members
D50: Continuous precast side kerb/channel combination, detail as shown on Dwg. 251020-PP0-047-TP | E50: metre (m) | F50: 6000 | H50: =IF(E50="%",F50*G50/100,F50*G50) -> 0
A56: TOTAL CARRIED FORWARD TO SUMMARY | H56: =SUM(H5:H55) -> 0

Sheet C4.1 (A1)
A1: C4.1 | E1: BORROW MATERIALS
A2: ITEM | D2: DESCRIPTION | E2: UNIT | F2: QTY | G2: RATE | H2: AMT
A5: C4.1.1 | D5: Compiling and implementing M&U plans
B6: C4.1.1.1 | D6: For borrow pits:
D7: Borrow Pit 4 | E7: number (No.) | F7: 1 | H7: =F7*G7 -> 0
D8: Borrow Pit 5 | E8: number (No.) | F8: 1 | H8: =F8*G8 -> 0
B9: C4.1.1.2 | D9: For quarries:
D10: Hard Rock Quarry | E10: number (No.) | F10: 1 | H10: =F10*G10 -> 0
A11: C4.1.3 | D11: Construction and maintenance of temporary haul and access roads
B12: C4.1.3.1 | D12: Temporary unsealed roads | E12: kilometre (km) | F12: 0.5 | H12: =F12*G12 -> 0
A13: C4.1.4 | D13: Removing of the overburden
B14: C4.1.4.1 | D14: In borrow pits | E14: cubic metre (m3) | F14: 50000 | H14: =F14*G14 -> 0
B15: C4.1.4.2 | D15: In quarries:
C16: (a) | D16: Soft material | E16: cubic metre (m3) | F16: 9400 | H16: =F16*G16 -> 0
C17: (b) | D17: Hard material (by blasting) | E17: cubic metre (m3) | F17: 3100 | H17: =F17*G17 -> 0
A18: C4.1.5 | D18: Excavating of materials in the borrow pits and quarries, material obtained from
B19: C4.1.5.1 | D19: Soft excavation | E19: cubic metre (m3) | F19: 95000 | H19: =F19*G19 -> 0
B20: C4.1.5.2 | D20: Boulder excavation class A | E20: cubic metre (m3) | F20: 500 | H20: =F20*G20 -> 0
B21: C4.1.5.5 | D21: Hard excavation (by blasting) | E21: cubic metre (m3) | F21: 80300 | H21: =F21*G21 -> 0
A22: C4.1.6 | D22: Providing crushing, screening and related plants
B23: C4.1.6.3 | D23: Multiple-stage crushing and screening plant | E23: number (No.) | F23: 1 | H23: =F23*G23 -> 0
A24: C4.1.7 | D24: Producing the material by
B25: C4.1.7.3 | D25: Multiple-stage crushing including screening
B26: C4.1.7.3(a) | D26: G1 crushed stone | E26: cubic metre (m3) | F26: =SUM('C5.3 (A1)'!F17,'C5.3 (A1)'!F21)*1.15 -> 40480 | H26: =F26*G26 -> 0
B27: C4.1.7.3(b) | D27: G5A crushed stone | E27: cubic metre (m3) | F27: =SUM('C5.3 (A1)'!F15,'C5.3 (A1)'!F16,'C5.3 (A1)'!F20)*1.15 -> 66125 | H27: =F27*G27 -> 0
B28: C4.1.7.3(c) | D28: G6 natural gravel | E28: cubic metre (m3) | F28: =SUM('C5.3 (A1)'!F9,'C5.3 (A1)'!F11,'C5.3 (A1)'!F12,'C5.3 (A1)'!F13)*1.15 -> 73485 | H28: =F28*G28 -> 0
A29: C4.1.8 | D29: Moving and re-erecting the crushing, screening and related plants on the site
B30: C4.1.8.3 | D30: Multiple-stage crushing and screening plant | E30: number (No.) | F30: 1 | H30: =F30*G30 -> 0
A31: C4.1.9 | D31: Breaking down oversize material | E31: cubic metre (m3) | F31: 4000 | H31: =F31*G31 -> 0
A32: C4.1.10 | D32: Compacting the floor of the stockpile sites | E32: cubic metre (m3) | F32: 6700 | H32: =F32*G32 -> 0
A33: C4.1.12 | D33: Stockpiling the material
B34: C4.1.12.1 | D34: Material from a producing plant
B35: C4.1.12.1(a) | D35: G1 crushed stone | E35: cubic metre (m3) | F35: =F26 -> 40480 | H35: =F35*G35 -> 0
B36: C4.1.12.1(b) | D36: G5A crushed stone | E36: cubic metre (m3) | F36: =F27 -> 66125 | H36: =F36*G36 -> 0
B37: C4.1.12.1(c) | D37: G6 natural gravel | E37: cubic metre (m3) | F37: =F28 -> 73485 | H37: =F37*G37 -> 0
A38: C4.1.15 | D38: Shaping and finishing the borrow pit and quarry areas, and the stockpile sites
B39: C4.1.15.1 | D39: Shaping and finishing the borrow pit and quarry areas, and the stockpile sites:
C40: (a) | D40: Borrow pits:
D41: Borrow Pit 4 | E41: hectare (ha) | F41: 4.9 | H41: =F41*G41 -> 0
D42: Borrow Pit 5 | E42: hectare (ha) | F42: 5.2 | H42: =F42*G42 -> 0
C43: (b) | D43: Quarries:
D44: Hard Rock Quarry | E44: hectare (ha) | F44: 3.6 | H44: =F44*G44 -> 0
A45: C4.1.16 | D45: Personnel
B46: C4.1.16.1 | D46: Materials manager | E46: month | F46: 18 | H46: =F46*G46 -> 0
B47: C4.1.16.2 | D47: Excavation controller | E47: month | F47: 20 | H47: =F47*G47 -> 0
B48: C4.1.16.3 | D48: Stockpile controller | E48: month | F48: 20 | H48: =F48*G48 -> 0
A49: C4.1 | B49: C12.10.1 | D49: Excavation in hard rock using controlled blasting techniques | E49: cubic metre (m3) | F49: 80300 | H49: =F49*G49 -> 0
A53: TOTAL CARRIED FORWARD TO SUMMARY | H53: =SUM(H5:H52) -> 0

Sheet C4.2 (A1)
A1: C4.2 | E1: CUT MATERIALS
A2: ITEM | D2: DESCRIPTION | E2: UNIT | F2: QTY | G2: RATE | H2: AMT
A5: C4.2.3 | D5: Excavating of materials in cuttings, material obtained from
B6: C4.2.3.1 | D6: Soft excavation | E6: cubic metre (m3) | F6: 4740 | H6: =F6*G6 -> 0
A7: C4.2.6 | D7: Widening of existing cuttings
B8: C4.2.6.1 | D8: Soft excavation | E8: cubic metre (m3) | F8: 2000 | H8: =F8*G8 -> 0
B9: C4.2.6.2 | D9: Boulder excavation class A | E9: cubic metre (m3) | F9: 125 | H9: =F9*G9 -> 0
B10: C4.2.6.3 | D10: Boulder excavation class B | E10: cubic metre (m3) | F10: 125 | H10: =F10*G10 -> 0
B11: C4.2.6.5 | D11: Hard excavation (by blasting) | E11: cubic metre (m3) | F11: 1000 | H11: =F11*G11 -> 0
A12: C4.2.8 | D12: Excavate material to spoil in sites designated by the Employer, material obtained from
B13: C4.2.8.1 | D13: Soft excavation, overburden and unsuitable material | E13: cubic metre (m3) | F13: 250 | H13: =F13*G13 -> 0
B14: C4.2.8.2 | D14: Boulder excavation class A | E14: cubic metre (m3) | F14: 50 | H14: =F14*G14 -> 0
A15: C4.2.9 | D15: Excavate material to spoil in sites designated by the Contractor, material obtained from
B16: C4.2.9.1 | D16: Soft excavation, overburden and unsuitable material | E16: cubic metre (m3) | F16: 250 | H16: =F16*G16 -> 0
B17: C4.2.9.2 | D17: Boulder excavation class A | E17: cubic metre (m3) | F17: 50 | H17: =F17*G17 -> 0
A18: C4.2.10 | D18: Backfilling of the unavoidable overbreak in hard and boulder excavation
B19: C4.2.10.1 | D19: Compliant gravel material | E19: cubic metre (m3) | F19: 200 | H19: =F19*G19 -> 0
A20: C4.2.11 | D20: Breaking down oversize material | E20: cubic metre (m3) | F20: 2000 | H20: =F20*G20 -> 0
A21: C4.2.12 | D21: Finishing the side slopes
B22: C4.2.12.1 | D22: Cuttings:
C23: (a) | D23: In soft material | E23: square metre (m2) | F23: 4500 | H23: =F23*G23 -> 0
A27: TOTAL CARRIED FORWARD TO SUMMARY | H27: =SUM(H5:H26) -> 0

Sheet C4.3 (A1)
A1: C4.3 | F1: EXISTING ROAD MATERIALS
A2: ITEM | E2: DESCRIPTION | F2: UNIT | G2: QTY | H2: RATE | I2: AMT
A5: C4.3.3 | E5: Removal of bituminous seal surfacing (thickness not exceeding 30mm) | F5: square metre (m2) | G5: 21500 | I5: =G5*H5 -> 0
A6: C4.3.4 | E6: Saw-cutting existing materials within the following average depth ranges
B7: C4.3.4.1 | E7: Asphalt material:
C8: (a) | E8: Up to 50mm | F8: metre (m) | G8: 100 | I8: =G8*H8 -> 0
C9: (b) | E9: Exceeding 50mm and up to 100mm | F9: metre (m) | G9: 45 | I9: =G9*H9 -> 0
A10: C4.3.5 | E10: Providing the milling machine on the site
B11: C4.3.5.1 | E11: Small milling machine with a cutting width of 1,2m or smaller | F11: number (No.) | G11: 1 | I11: =G11*H11 -> 0
B12: C4.3.5.2 | E12: Large milling machine with a cutting width exceeding 1,2m | F12: number (No.) | G12: 1 | I12: =G12*H12 -> 0
A13: C4.3.6 | E13: Milling and removal of existing asphalt layers with an average milling depth (Contractor takes ownership)
B14: C4.3.6.1 | E14: Not exceeding 50mm | F14: cubic metre (m3) | G14: 1300 | I14: =G14*H14 -> 0
B15: C4.3.6.2 | E15: Exceeding 50mm but not exceeding 100mm | F15: cubic metre (m3) | G15: 800 | I15: =G15*H15 -> 0
B16: C4.3.6.3 | E16: Exceeding 100mm | F16: cubic metre (m3) | G16: 100 | I16: =G16*H16 -> 0
A17: C4.3.8 | E17: Excavating material by milling
B18: C4.3.8.2 | E18: Cemented material | F18: cubic metre (m3) | G18: 1900 | I18: =G18*H18 -> 0
B19: C4.3.8.3 | E19: Natural gravel material | F19: cubic metre (m3) | G19: 4100 | I19: =G19*H19 -> 0
A20: C4.3.9 | E20: Excavating material by using conventional road construction equipment
B21: C4.3.9.3 | E21: Cemented material | F21: cubic metre (m3) | G21: 5000 | I21: =G21*H21 -> 0
B22: C4.3.9.4 | E22: Natural gravel and sand materials | F22: cubic metre (m3) | G22: 5000 | I22: =G22*H22 -> 0
B23: C4.3.9.5 | E23: Coarse fill and rock fill | F23: cubic metre (m3) | G23: 10000 | I23: =G23*H23 -> 0
A24: C4.3.14 | E24: Removing of existing road edging and services structures
B25: C4.3.14.1 | E25: Removing of existing road edging using construction equipment:
C26: (a) | E26: Kerbing and edge beams:
D27: (i) | E27: In situ concrete kerbing and edge beams | F27: cubic metre (m3) | G27: 60 | I27: =G27*H27 -> 0
A28: C4.3.15 | E28: Stockpiling of road layer materials
B29: C4.3.15.3 | E29: Cemented material | F29: cubic metre (m3) | G29: 2000 | I29: =G29*H29 -> 0
B30: C4.3.15.4 | E30: Natural gravel material | F30: cubic metre (m3) | G30: 8000 | I30: =G30*H30 -> 0
A31: C4.3.18 | E31: Excavate non-compliant or excess pavement layer material to spoil in sites designated by the Contractor, material consisting of
B32: C4.3.18.1 | E32: Asphalt material | F32: cubic metre (m3) | G32: 11400 | I32: =G32*H32 -> 0
A33: C4.3.20 | E33: Spoiling of paving blocks and road edging in spoil sites designated by the Contractor
B34: C4.3.20.2 | E34: Precast and in situ concrete kerbing, edge beams and channels at precast kerbing | F34: cubic metre (m3) | G34: 60 | I34: =G34*H34 -> 0
A38: TOTAL CARRIED FORWARD TO SUMMARY | I38: =SUM(I5:I37) -> 0

Sheet C4.4 (A1)
A1: C4.4 | E1: COMMERCIAL MATERIALS
A2: ITEM | D2: DESCRIPTION | E2: UNIT | F2: QTY | G2: RATE | H2: AMT
A5: C4.4.2 | D5: Commercial materials identified by the Contractor from commercial, private or other non-commercial suppliers
B6: C4.4.2.1 | D6: Pavement layer material:
C7: (a) | D7: Type G1 material | E7: cubic metre (m3) | F7: =34000*0.5 -> 17000 | H7: =F7*G7 -> 0
C8: (b) | D8: Type G5A material | E8: cubic metre (m3) | F8: =56300*0.5 -> 28150 | H8: =F8*G8 -> 0
A9: C4.4.4 | D9: Cementitious stabilising agents
B10: C4.4.4.1 | D10: Cement (CEM II (A-L) 32,5N) | E10: ton (t) | F10: 4500 | H10: =F10*G10 -> 0
B11: C4.4.4.2 | D11: Road lime | E11: ton (t) | H11: Rate Only
A14: TOTAL CARRIED FORWARD TO SUMMARY | H14: =SUM(H5:H13) -> 0

Sheet C5.1 (A1)
A1: C5.1 | F1: ROADBED
A2: ITEM | E2: DESCRIPTION | F2: UNIT | G2: QTY | H2: RATE | I2: AMT
A5: C5.1.1 | E5: Roadbed construction and compaction:
B6: C5.1.1.2 | E6: Compaction of in-situ material to 93% of MDD | F6: cubic metre (m3) | G6: 18300 | I6: =G6*H6 -> 0
A7: C5.1.4 | E7: Removal of unsuitable material to spoil:
B8: C5.1.4.1 | E8: In layer thicknesses of 200mm and less
C9: (a) | E9: Stable material | F9: cubic metre (m3) | G9: 3000 | I9: =G9*H9 -> 0
C10: (b) | E10: Unstable material | F10: cubic metre (m3) | G10: 2000 | I10: =G10*H10 -> 0
B11: C5.1.4.2 | E11: In layer thicknesses exceeding 200mm
C12: (a) | E12: Stable material | F12: cubic metre (m3) | G12: 3000 | I12: =G12*H12 -> 0
C13: (b) | E13: Unstable material | F13: cubic metre (m3) | G13: 2000 | I13: =G13*H13 -> 0
A14: C5.1.5 | E14: In-situ treatment of roadbed in hard material:
B15: C5.1.5.1 | E15: In-situ treatment by ripping | F15: cubic metre (m3) | G15: 10600 | I15: =G15*H15 -> 0
B16: C5.1.5.2 | E16: In-situ treatment by drilling and blasting | F16: cubic metre (m3) | G16: 5300 | I16: =G16*H16 -> 0
A17: C5.1.6 | E17: Roller-pass compaction:
B18: C5.1.6.1 | E18: Grid rollers | F18: square metre (m2) | I18: Rate Only
B19: C5.1.6.2 | E19: Pad foot vibratory rollers | F19: square metre (m2) | I19: Rate Only
B20: C5.1.6.3 | E20: Smooth drum vibratory rollers | F20: square metre (m2) | I20: Rate Only
B21: C5.1.6.5 | E21: Impact rollers | F21: square metre (m2) | I21: Rate Only
B22: C5.1.6.6 | E22: Pneumatic rollers | F22: square metre (m2) | I22: Rate Only
A23: C5.1.11 | E23: Construction of roadbed comprising a pioneer layer | F23: cubic metre (m3) | G23: 5000 | I23: =G23*H23 -> 0
A27: TOTAL CARRIED FORWARD TO SUMMARY | I27: =SUM(I5:I26) -> 0

Sheet C5.2 (A1)
A1: C5.2 | E1: FILL
A2: ITEM | D2: DESCRIPTION | E2: UNIT | F2: QTY | G2: RATE | H2: AMT
A5: C5.2.2 | D5: Fill construction:
B6: C5.2.2.1 | D6: Normal fill material in compacted layer thicknesses of 200mm and less:
C7: (b) | D7: Compacted to 93% of MDD | E7: cubic metre (m3) | F7: 62200 | H7: =F7*G7 -> 0
B8: C5.2.2.4 | D8: Rock fill material all as per Clause A5.2.7.6 | E8: cubic metre (m3) | F8: 5000 | H8: =F8*G8 -> 0
A9: C5.2.11 | D9: Finishing-off fill slopes, medians and interchange areas:
B10: C5.2.11.1 | D10: Fill slopes | E10: square metre (m2) | F10: 26900 | H10: =F10*G10 -> 0
A14: TOTAL CARRIED FORWARD TO SUMMARY | H14: =SUM(H5:H13) -> 0

Sheet C5.3 (A1)
A1: C5.3 | E1: ROAD PAVEMENT LAYERS
A2: ITEM | D2: DESCRIPTION | E2: UNIT | F2: QTY | G2: RATE | H2: AMT
A5: C5.3.1 | D5: Compiling and implementing M&U plans for the construction of all the pavement layers. | E5: number (No.) | F5: 4 | H5: =F5*G5 -> 0
A6: C5.3.2 | D6: Construction of pavement layers
B7: C5.3.2.1 | D7: Construction of layers using conventional construction methods:
C8: (b) | D8: Lower selected subgrade layer, compacted to 95% of MDD
D9: 150mm layer thickness at school parking | E9: cubic metre (m3) | F9: 2000 | H9: =F9*G9 -> 0 | J9: G6
C10: (c) | D10: Upper selected subgrade layer, compacted to 95% of MDD
D11: 150mm layer thickness | E11: cubic metre (m3) | F11: 53000 | H11: =F11*G11 -> 0 | J11: G6
D12: Correction layer thickness between 150mm to 300mm | E12: cubic metre (m3) | F12: 5400 | H12: =F12*G12 -> 0 | J12: G6
C13: (h) | D13: Gravel shoulder layer (150mm layer thickness) compacted to 95% of MDD | E13: cubic metre (m3) | F13: 3500 | H13: =F13*G13 -> 0 | J13: G6
C14: (q) | D14: G5A crushed rock/boulder subbase layer compacted to 97% of MDD
D15: 150mm layer thickness | E15: cubic metre (m3) | F15: 3800 | H15: =F15*G15 -> 0 | J15: G5A
D16: 300mm layer thickness | E16: cubic metre (m3) | F16: 52500 | H16: =F16*G16 -> 0 | J16: G5A
C17: (aa) | D17: G1 crushed stone base layer (150mm layer thickness) compacted to 88 % of AD | E17: cubic metre (m3) | F17: 34000 | H17: =F17*G17 -> 0 | J17: G1
A18: C5.3.9 | D18: Construction of a trial section:
B19: C5.3.9.1 | D19: Construction of a trial section using conventional methods of construction
C20: (b) | D20: Crushed stone subbase layer trial section | E20: cubic metre (m3) | F20: 1200 | H20: =F20*G20 -> 0 | J20: G5A
C21: (c) | D21: Crushed stone base layer trial section | E21: cubic metre (m3) | F21: 1200 | H21: =F21*G21 -> 0 | J21: G1
A22: C5.3.10 | D22: Removal of a completed trial section
B23: C5.1.10.1 | D23: Stabilised layer | E23: cubic metre (m3) | F23: =F20 -> 1200 | H23: =F23*G23 -> 0
B24: C5.3.10.3 | D24: Crushed stone layer | E24: cubic metre (m3) | F24: =F21 -> 1200 | H24: =F24*G24 -> 0
A25: C5.3.11 | D25: Riding quality measurements:
B26: C5.3.11.3 | D26: Using an inertial profilometer | E26: kilometre (km) | F26: 31.8 | H26: =F26*G26 -> 0
A27: C5.3.12 | D27: Surface regularity payment adjustments | E27: provisional sum | F27: Prov | G27: Sum | H27: 110000
A31: TOTAL CARRIED FORWARD TO SUMMARY | H31: =SUM(H5:H30) -> 110000

Sheet C5.4 (A1)
A1: C5.4 | E1: STABILISATION
A2: ITEM | D2: DESCRIPTION | E2: UNIT | F2: QTY | G2: RATE | H2: AMT
A5: C5.4.2 | D5: Chemical stabilisation:
B6: C5.4.2.1 | D6: Chemical stabilisation of pavement layers
C7: (1) | D7: 150mm thick subbase layers | E7: cubic metre (m3) | F7: 8800 | H7: =F7*G7 -> 0
C8: (2) | D8: 300mm thick subbase layers | E8: cubic metre (m3) | F8: 61000 | H8: =F8*G8 -> 0
A9: C5.4.5 | D9: Cementitious stabilisation agents for pavement layers:
B10: C5.4.5.1 | D10: Addition of cementitious stabilisation agents for pavement layers
C11: (a) | D11: Cement | E11: ton (t) | F11: 900 | H11: =F11*G11 -> 0
B12: C5.4.5.2 | D12: Addition of cementitious stabilisation agents for pavement layers and spreading the agent using bags and labour enhancement methods.
C13: (a) | D13: Cement | E13: ton (t) | F13: 3600 | H13: =F13*G13 -> 0
A14: C5.4.10 | D14: Provision and application of water for curing | E14: kilolitre (kℓ) | F14: 5100 | H14: =F14*G14 -> 0
A15: C5.4.11 | D15: Curing by covering with the subsequent layer | E15: square metre (m2) | F15: 16700 | H15: =F15*G15 -> 0
A19: TOTAL CARRIED FORWARD TO SUMMARY | H19: =SUM(H5:H18) -> 0

Sheet C5.5 (A1)
A1: C5.5 | F1: RECONSTRUCTION OF PAVEMENT LAYERS
A2: ITEM | E2: DESCRIPTION | F2: UNIT | G2: QTY | H2: RATE | I2: AMT
A5: C5.5.1 | E5: Compiling and implementing M&U plans for the reconstruction of an existing road pavement | F5: number (No.) | G5: 1 | I5: =G5*H5 -> 0
A6: C5.5.3 | E6: Construction equipment for sampling of in-situ material for mix design procedure | F6: number (No.) | G6: 2 | I6: =G6*H6 -> 0
A7: C5.5.4 | E7: Sampling of in-situ material for mix design procedure | F7: number (No.) | G7: 20 | I7: =G7*H7 -> 0
A8: C5.5.5 | E8: Construction of a trial section using a recycler | F8: cubic metre (m3) | G8: 1000 | I8: =G8*H8 -> 0
B9: C5.5.7.1 | E9: Pre-milling an asphalt wearing course (depth of pre-milling varies between 10mm and 40mm maximum) | F9: square metre (m2) | G9: 43200 | I9: =G9*H9 -> 0
A10: C5.5.8 | E10: Pre-pulverising material in the existing pavement
B11: C5.5.8.1 | E11: Asphalt wearing course (50mm) | F11: cubic metre (m3) | G11: 6000 | I11: =G11*H11 -> 0
B12: C5.5.8.2 | E12: Crushed stone base (150mm) | F12: cubic metre (m3) | G12: 26550 | I12: =G12*H12 -> 0
B13: C5.5.8.4 | E13: Stabilised gravel layer (150mm) | F13: cubic metre (m3) | G13: 7080 | I13: =G13*H13 -> 0
A14: C5.5.9 | E14: Temporarily blading layer material to windrow | F14: cubic metre (m3) | G14: 1350 | I14: =G14*H14 -> 0
A15: C5.5.10 | E15: Roller-pass compaction of an exposed pavement layer
B16: C5.5.10.1 | E16: Smooth drum vibratory rollers | F16: square metre (m2) | G16: 61800 | I16: =G16*H16 -> 0
A17: C5.5.11 | E17: Watering the exposed pavement layer | F17: kilolitre (kℓ) | G17: 120 | I17: =G17*H17 -> 0
A18: C5.5.12 | E18: Removal of surplus material from site | F18: cubic metre (m3) | G18: 1100 | I18: =G18*H18 -> 0
A19: C5.5.15 | E19: In-situ reconstruction of a pavement layer using a recycler to construct a stabilised subbase layer
B20: C5.5.15.1 | E20: Chemically stabilised subbase layer compacted to 97% of MDD:
C21: (d) | E21: Using pre-pulverised material (as per item C5.5.8) compacted to 95% MDD
D22: (1) | E22: 150mm compacted layer thickness | F22: cubic metre (m3) | G22: 5000 | I22: =G22*H22 -> 0
D23: (2) | E23: 300mm compacted layer thickness | F23: cubic metre (m3) | G23: 8500 | I23: =G23*H23 -> 0
A24: C5.5.20 | B24: C5.5.20 | E24: Material shortfall or make-up material
B25: C5.5.20.2 | E25: For subbase layer | F25: cubic metre (m3) | G25: 100 | I25: =G25*H25 -> 0
A29: TOTAL CARRIED FORWARD TO SUMMARY | I29: =SUM(I5:I28) -> 0

Sheet C6.1
A1: C6.1 | E1: PAVER LAID CONCRETE LAYERS
A2: ITEM | D2: DESCRIPTION | E2: UNIT | F2: QTY | G2: RATE | H2: AMT | I2: Note to compiler: Items requiring additional information to be provided by compiler is marked in this column by X.
A5: C6.1.1 | D5: Construction of trial section (Complete: including texturing and curing)
B6: C6.1.1.1 | D6: Mechanical construction (state pavement type and nominal thickness) | E6: square metre (m2) | H6: =F6*G6 -> 0 | I6: X
B7: C6.1.1.2 | D7: Labour enhanced construction (state pavement type and nominal thickness) | E7: square metre (m2) | H7: =F7*G7 -> 0 | I7: X
A8: C6.1.2 | D8: Construction of jointed concrete pavement (JCP) (Excluding texturing and curing)
B9: C6.1.2.1 | D9: JCP without dowels:
C10: (a) | D10: Paver laid construction (state nominal thickness) | E10: square metre (m2) | H10: =F10*G10 -> 0 | I10: X
C11: (b) | D11: Labour enhanced construction (state nominal thickness) | E11: square metre (m2) | H11: =F11*G11 -> 0 | I11: X
B12: C6.1.2.2 | D12: JCP with dowels:
C13: (a) | D13: Paver laid construction (state nominal thickness) | E13: square metre (m2) | H13: =F13*G13 -> 0 | I13: X
C14: (b) | D14: Labour enhanced construction (state nominal thickness) | E14: square metre (m2) | H14: =F14*G14 -> 0 | I14: X
B15: C6.1.2.3 | D15: Additional concrete placed to thicken up the slab at joints as specified in the Contract Documentation | E15: cubic metre (m3) | H15: =F15*G15 -> 0
A16: C6.1.3 | D16: Construction of continuously reinforced concrete pavement (Excluding texturing and curing)
B17: C6.1.3.1 | D17: Continuously reinforced concrete pavement (CRCP):
C18: (a) | D18: Paver laid construction (state nominal thickness) | E18: square metre (m2) | H18: =F18*G18 -> 0 | I18: X
C19: (b) | D19: Labour enhanced construction (state nominal thickness) | E19: square metre (m2) | H19: =F19*G19 -> 0 | I19: X
A20: C6.1.4 | D20: Texturing and curing the concrete pavement
B21: C6.1.4.1 | D21: Burlap-dragged and grooved texture:
C22: (a) | D22: Paving train constructed | E22: square metre (m2) | H22: =F22*G22 -> 0
C23: (b) | D23: Labour enhanced construction | E23: square metre (m2) | H23: =F23*G23 -> 0
B24: C6.1.4.2 | D24: Burlap-dragged and broom finish only | E24: square metre (m2) | H24: =F24*G24 -> 0
B25: C6.1.4.3 | D25: Curing:
C26: (a) | D26: Paving train constructed | E26: square metre (m2) | H26: =F26*G26 -> 0
C27: (b) | D27: Labour enhanced construction | E27: square metre (m2) | H27: =F27*G27 -> 0
A28: C6.1.5 | D28: Variation in the rate of application of the curing compound | E28: litre (ℓ) | H28: =F28*G28 -> 0
A29: C6.1.6 | D29: Joints
B30: C6.1.6.1 | D30: Expansion joints complete (excluding dowels) | E30: metre (m) | H30: =F30*G30 -> 0
B31: C6.1.6.2 | D31: Longitudinal hinge joints:
C32: (a) | D32: Sealed hinge joints (indicate type and reference to drawings) | E32: metre (m) | H32: =F32*G32 -> 0 | I32: X
C33: (b) | D33: Unsealed hinge joints (indicate type and reference to drawings) | E33: metre (m) | H33: =F33*G33 -> 0 | I33: X
B34: C6.1.6.3 | D34: Sealed transverse contraction joints sawn in two separate operations (widths as shown on the drawings) | E34: metre (m) | H34: =F34*G34 -> 0 | I34: X
B35: C6.1.6.4 | D35: Dowel bars: mild steel inserted in new concrete (indicate diameter, length and position on drawings): | I35: X
C36: (a) | D36: Inserted by mechanical dowel bar inserter | E36: number (No.) | H36: =F36*G36 -> 0
C37: (b) | D37: Pre-installed on approved frame | E37: number (No.) | H37: =F37*G37 -> 0
B38: C6.1.6.5 | D38: Tie-bars: installed in new concrete (indicate, diameter and length): | I38: X
C39: (a) | D39: Mild steel | E39: number (No.) | H39: =F39*G39 -> 0
C40: (b) | D40: High tensile steel | E40: number (No.) | H40: =F40*G40 -> 0
B41: C6.1.6.6 | D41: Forming and sealing joints between asphalt and concrete pavements | E41: metre (m) | H41: =F41*G41 -> 0
A42: C6.1.7 | D42: Steel reinforcement in concrete pavements
B43: C6.1.7.1 | D43: Mild steel bars | E43: ton (t) | H43: =F43*G43 -> 0
B44: C6.1.7.2 | D44: High tensile steel bars | E44: ton (t) | H44: =F44*G44 -> 0
B45: C6.1.7.3 | D45: Welded steel fabric | E45: kilogram (kg) | H45: =F45*G45 -> 0
A46: C6.1.8 | D46: Drilling of testing of cores
B47: C6.1.8.1 | D47: 100mm cores drilled from pavement for testing of compressive strength | E47: number (No.) | H47: =F47*G47 -> 0
B48: C6.1.8.2 | D48: 150mm cores drilled from pavement for testing of compressive strength | E48: number (No.) | H48: =F48*G48 -> 0
I50: Add items from other Sections as spedified in C1.1.3.7 and identified in Part C3(iii) where applicable
A52: TOTAL CARRIED FORWARD TO SUMMARY | H52: =SUM(H5:H51) -> 0

Sheet C6.2 (A1)
A1: C6.2 | D1: SEGMENTAL BLOCK PAVING LAYERS
A2: ITEM | C2: DESCRIPTION | D2: UNIT | E2: QTY | F2: RATE | G2: AMT
A5: C6.2.1 | C5: Segmental block paving
B6: C6.2.1.1. | C6: Concrete block paving (60mm interlocking paving blocks (Type S-A, 25 MPa) laid on 20mm layer of bedding sand, on sidewalks) | D6: square metre (m2) | E6: 12760 | G6: =E6*F6 -> 0
A10: TOTAL CARRIED FORWARD TO SUMMARY | G10: =SUM(G5:G9) -> 0

Sheet C7.1
A1: C7.1 | D1: REPLACEMENT OF EXISTING JOINT SEALANT
A2: ITEM | C2: DESCRIPTION | D2: UNIT | E2: QTY | F2: RATE | G2: AMT | H2: Note to compiler: Items requiring additional information to be provided by compiler is marked in this column by X.
A5: C7.1.1 | C5: Replacing of joint sealant in existing concrete pavement as follows:
B6: C7.1.1.1 | C6: Removal of existing seal and backing material | D6: metre (m) | G6: =E6*F6 -> 0
B7: C7.1.1.2 | C7: Reaming of existing joints (indicate width and depth) | D7: metre (m) | G7: =E7*F7 -> 0 | H7: X
B8: C7.1.1.3 | C8: Bevelling of one side of the joint to a dimension of 10mm X 10mm | D8: metre (m) | G8: =E8*F8 -> 0
B9: C7.1.1.4 | C9: Bevelling of both sides of the joint to a dimension of 10mm X 10mm | D9: metre (m) | G9: =E9*F9 -> 0
B10: C7.1.1.5 | C10: Installation of backing material in saw cut joints (to fit saw cut dimensions) | D10: metre (m) | G10: =E10*F10 -> 0
B11: C7.1.1.6 | C11: Installation of cold pour sealant | D11: litre (ℓ) | G11: =E11*F11 -> 0
A12: C7.1.2 | C12: Costs incurred due to repair and monitoring in terms of Product Performance Guarantee System (PPGS) | D12: lump sum | G12: =E12*F12 -> 0
H14: Add items from other Sections as spedified in C1.1.3.7 and identified in Part C3(iii) where applicable
A16: TOTAL CARRIED FORWARD TO SUMMARY | G16: =SUM(G5:G15) -> 0

Sheet C7.2
A1: C7.2 | E1: REPAIR TO EXISTING JOINTS AND UNCONTROLLED CRACKS IN CONCRETE PAVEMENTS
A2: ITEM | D2: DESCRIPTION | E2: UNIT | F2: QTY | G2: RATE | H2: AMT | I2: Note to compiler: Items requiring additional information to be provided by compiler is marked in this column by X.
A4: C7.2.1 | D4: Transverse and longitudinal crack and joint repairs incorporating the following treatments
B5: C7.2.1.1 | D5: Routing of active cracks (indicate width and depth) | E5: metre (m) | H5: =F5*G5 -> 0 | I5: X
B6: C7.2.1.2 | D6: Routing of non-active cracks (indicate width and depth) | E6: metre (m) | H6: =F6*G6 -> 0 | I6: X
B7: C7.2.1.3 | D7: Bevelling of one side of the crack (indicate dimension) | E7: metre (m) | H7: =F7*G7 -> 0 | I7: X
B8: C7.2.1.4 | D8: Bevelling of both sides of the crack (indicate dimension) | E8: metre (m) | H8: =F8*G8 -> 0 | I8: X
B9: C7.2.1.5 | D9: Saw cutting of cracks and joints in one operation (indicate depth and width) | E9: metre (m) | H9: =F9*G9 -> 0 | I9: X
B10: C7.2.1.6 | D10: Filling joint reservoir with cementitious non-shrink grout | E10: kilogram (kg) | H10: =F10*G10 -> 0
B11: C7.2.1.7 | D11: Installation of backing material in saw cut joints (to fit saw cut dimensions) | E11: metre (m) | H11: =F11*G11 -> 0
B12: C7.2.1.8 | D12: Installation of cold pour sealant | E12: litre (ℓ) | H12: =F12*G12 -> 0
A13: C7.2.2 | D13: Grouting of cracks | E13: metre (m) | H13: =F13*G13 -> 0
A14: C7.2.3 | D14: Cross-stitching of longitudinal and transverse joints and cracks
B15: C7.2.3.1 | D15: Saw cutting of slots in concrete pavement (indicate dimensions) | E15: number (No.) | H15: =F15*G15 -> 0 | I15: X
B16: C7.2.3.2 | D16: Application of wet-to-dry epoxy to vertical faces and top of existing concrete | E16: litre (ℓ) | H16: =F16*G16 -> 0
B17: C7.2.3.3 | D17: Installation of 16mm diameter deformed tie-bar (indicate length) including application of self-levelling pourable epoxy grout and 7,1mm aggregate. | E17: number (No.) | H17: =F17*G17 -> 0 | I17: X
B18: C7.2.3.4 | D18: Filling of slot with high strength concrete Class 50/7,1mm | E18: cubic metre (m3) | H18: =F18*G18 -> 0
A19: C7.2.4 | D19: Restoration of load transfer at transverse contraction joints
B20: C7.2.4.1 | D20: Saw cutting and preparation of slots in concrete pavement (indicate dimensions) | E20: number (No.) | H20: =F20*G20 -> 0 | I20: X
B21: C7.2.4.2 | D21: Installation of new dowel bars as specified (indicate length and diameter) including application of bond breaker on free end, end caps | E21: number (No.) | H21: =F21*G21 -> 0 | I21: X
B22: C7.2.4.3 | D22: Filling of slot with high strength concrete Class 50/7,1mm | E22: number (No.) | H22: =F22*G22 -> 0
A23: C7.2.5 | D23: Pre-treating existing dowels
B24: C7.2.5.1 | D24: Free ends in existing concrete | E24: number (No.) | H24: =F24*G24 -> 0
B25: C7.2.5.2 | D25: Free ends in new concrete | E25: number (No.) | H25: =F25*G25 -> 0
A26: C7.2.6 | D26: Texturing and curing the concrete pavement
B27: C7.2.6.1 | D27: Burlap-dragged and grooved texture | E27: square metre (m2) | H27: =F27*G27 -> 0
B28: C7.2.6.2 | D28: Curing
C29: (a) | D29: Paving train constructed | E29: square metre (m2) | H29: =F29*G29 -> 0
A30: C7.2.7 | D30: Variation in the rate of application of the curing compound | E30: litre (ℓ) | H30: =F30*G30 -> 0
A31: C7.2.8 | D31: Steel reinforcement in concrete pavements
B32: C7.2.8.1 | D32: Mild steel bars | E32: ton (t) | H32: =F32*G32 -> 0
B33: C7.2.8.2 | D33: High tensile steel bars | E33: ton (t) | H33: =F33*G33 -> 0
B34: C7.2.8.3 | D34: Welded steel fabric | E34: kilogram (kg) | H34: =F34*G34 -> 0
I36: Add items from other Sections as spedified in C1.1.3.7 and identified in Part C3(iii) where applicable
A38: TOTAL CARRIED FORWARD TO SUMMARY | H38: =SUM(H23:H37) -> 0

Sheet C7.3
A1: C7.3 | D1: REMOVAL AND REINSTATEMENT OF EXISTING CONCRETE LAYERS
A2: ITEM | C2: DESCRIPTION | D2: UNIT | E2: QTY | F2: RATE | G2: AMT | H2: Note to compiler: Items requiring additional information to be provided by compiler is marked in this column by X.
A5: C7.3.1 | C5: Removal of concrete in rehabilitation work
B6: C7.3.1.1 | C6: Concrete without reinforcing | D6: cubic metre (m3) | G6: =E6*F6 -> 0
B7: C7.3.1.2 | C7: Reinforced concrete | D7: cubic metre (m3) | G7: =E7*F7 -> 0
B8: C7.3.1.3 | C8: Underlying layers | D8: cubic metre (m3) | G8: =E8*F8 -> 0
A9: C7.3.2 | C9: Full depth repairs using hand placed concrete with CEM I 52,5 | D9: cubic metre (m3) | G9: =E9*F9 -> 0
A10: C7.3.3 | C10: Partial Depth Repairs using hand placed fine concrete | D10: cubic metre (m3) | G10: =E10*F10 -> 0
A11: C7.3.4 | C11: Tie-bars and dowels for full depth repairs
B12: C7.3.4.1 | C12: Tie bars (indicate diameter and length) | D12: number (No.) | G12: =E12*F12 -> 0 | H12: X
B13: C7.3.4.2 | C13: Dowel bars (indicate diameter and length) | D13: number (No.) | G13: =E13*F13 -> 0 | H13: X
A14: C7.3.5 | C14: Partial Depth Repairs using hand placed acrylic resin grout | D14: square metre (m2) | G14: =E14*F14 -> 0
A15: C7.3.6 | C15: Reinstating the subbase with lean mix concrete | D15: cubic metre (m3) | G15: =E15*F15 -> 0
A16: C7.3.7 | C16: Removal of exposed stitches in concrete pavement | D16: number (No.) | G16: =E16*F16 -> 0
A17: C7.3.8 | C17: Sawing of concrete in rehabilitation works to different depths
B18: C7.3.8.1 | C18: … (state depth in mm) | D18: metre (m) | G18: =E18*F18 -> 0 | H18: X
A19: C7.3.9 | C19: Removal of existing supporting layers in rehabilitation work
B20: C7.3.9.1 | C20: Granular material | D20: cubic metre (m3) | G20: =E20*F20 -> 0
B21: C7.3.9.2 | C21: Cemented material | D21: cubic metre (m3) | G21: =E21*F21 -> 0
B22: C3.3.9.3 | C22: Asphalt material | D22: cubic metre (m3) | G22: =E22*F22 -> 0
A23: C7.3.10 | C23: Preparing the underlying layers after the concrete has been removed
B24: C7.3.10.1 | C24: Re-compaction of remaining underlying layers | D24: square metre (m2) | G24: =E24*F24 -> 0
B25: C7.3.10.2 | C25: Replacement of granular layers (material class and thickness indicated) | D25: square metre (m2) | G25: =E25*F25 -> 0 | H25: X
B26: C7.3.10.3 | C26: Replacement of stabilised layers (material class and thickness indicated) | D26: square metre (m2) | G26: =E26*F26 -> 0 | H26: X
B27: C7.3.10.4 | C27: Replacement of supporting layers with 10 MPa lean mix concrete (material class and thickness indicated) | D27: square metre (m2) | G27: =E27*F27 -> 0 | H27: X
B28: C7.3.10.5 | C28: Replacement of subbase with hot mix asphalt (thickness indicated) | D28: ton (t) | G28: =E28*F28 -> 0 | H28: X
B29: C7.3.10.6 | C29: Levelling the surface with coarse slurry (micro surfacing) | D29: cubic metre (m3) | G29: =E29*F29 -> 0
A30: C7.3.11 | C30: Reinstatement of concrete layers (Excluding texturing and curing)
B31: C7.3.11.1 | C31: Replacement of concrete in JCP pavements (thickness indicated) | D31: square metre (m2) | G31: =E31*F31 -> 0 | H31: X
B32: C7.3.11.2 | C32: Replacement concrete in CRCP pavements (thickness indicated) | D32: square metre (m2) | G32: =E32*F32 -> 0 | H32: X
A33: C7.3.12 | C33: Pre-treating existing dowels
B34: C7.3.12.1 | C34: Free ends in existing concrete | D34: number (No.) | G34: =E34*F34 -> 0
B35: C7.3.12.2 | C35: Free ends in new concrete | D35: number (No.) | G35: =E35*F35 -> 0
A36: C7.3.13 | C36: Texturing and curing the concrete pavement
B37: C7.3.13.1 | C37: Burlap-dragged and texture (indicate groove or broom finish) | D37: square metre (m2) | G37: =E37*F37 -> 0 | H37: X
B38: C7.3.13.2 | C38: Curing | D38: square metre (m2) | G38: =E38*F38 -> 0
A39: C7.3.14 | C39: Variation in the rate of application of the curing compound | D39: litre (ℓ) | G39: =E39*F39 -> 0
A40: C7.3.15 | C40: Steel reinforcement in concrete pavements
B41: C7.3.15.1 | C41: Mild steel bars | D41: ton (t) | G41: =E41*F41 -> 0
B42: C7.3.15.2 | C42: High tensile steel bars | D42: ton (t) | G42: =E42*F42 -> 0
B43: C7.3.15.3 | C43: Welded steel fabric | D43: kilogram (kg) | G43: =E43*F43 -> 0
A44: C7.3.16 | C44: Temporary Partial Depth Repairs using Asphalt Materials | D44: square metre (m2) | G44: =E44*F44 -> 0
H46: Add items from other Sections as spedified in C1.1.3.7 and identified in Part C3(iii) where applicable
A48: TOTAL CARRIED FORWARD TO SUMMARY | G48: =SUM(G5:G47) -> 0

Sheet C7.4
A1: C7.4 | D1: REINSTATEMENT OF SLAB SUPPORT BY GROUT INJECTION
A2: ITEM | C2: DESCRIPTION | D2: UNIT | E2: QTY | F2: RATE | G2: AMT | H2: Note to compiler: Items requiring additional information to be provided by compiler is marked in this column by X.
A5: C7.4.1 | C5: Sub-sealing of the concrete pavement | D5: number of 50 kg cement pockets | G5: =E5*F5 -> 0
H6: Add items from other Sections as spedified in C1.1.3.7 and identified in Part C3(iii) where applicable
A8: TOTAL CARRIED FORWARD TO SUMMARY | G8: =SUM(G5:G7) -> 0

Sheet C7.5
A1: C7.5 | D1: REINSTATEMENT OF RIDING QUALITY
A2: ITEM | C2: DESCRIPTION | D2: UNIT | E2: QTY | F2: RATE | G2: AMT | H2: Note to compiler: Items requiring additional information to be provided by compiler is marked in this column by X.
A5: C7.5.1 | C5: Grindingof existing concrete pavement surfaces | D5: square metre (m2) | G5: =E5*F5 -> 0
H7: Add items from other Sections as spedified in C1.1.3.7 and identified in Part C3(iii) where applicable
A9: TOTAL CARRIED FORWARD TO SUMMARY | G9: =SUM(G5:G8) -> 0

Sheet C7.6
A1: C7.6 | D1: REINSTATEMENT OF SURFACE TEXTURE
A2: ITEM | C2: DESCRIPTION | D2: UNIT | E2: QTY | F2: RATE | G2: AMT | H2: Note to compiler: Items requiring additional information to be provided by compiler is marked in this column by X.
A5: C7.6.1 | C5: Retexturing of concrete surfaces (transverse or longitudinal) | D5: square metre (m2) | G5: =E5*F5 -> 0
H7: Add items from other Sections as spedified in C1.1.3.7 and identified in Part C3(iii) where applicable
A9: TOTAL CARRIED FORWARD TO SUMMARY | G9: =SUM(G5:G8) -> 0

Sheet C8.1 (A1)
A1: C8.1 | D1: PRIME COAT
A2: ITEM | C2: DESCRIPTION | D2: UNIT | E2: QTY | F2: RATE | G2: AMT
A5: C8.1.1 | C5: Prime coat:
B6: C8.1.1.2 | C6: MC -30 cut-back bitumen | D6: litre (ℓ) | E6: 75500 | G6: =E6*F6 -> 0
B7: C8.1.1.3 | C7: Inverted bitumen emulsion | D7: litre (ℓ) | E7: 75500 | G7: =E7*F7 -> 0
A8: C8.1.2 | C8: Aggregate for blinding:
B9: C8.1.2.1 | C9: Natural sand | D9: cubic metre (m3) | E9: 80 | G9: =E9*F9 -> 0
B10: C8.1.2.2 | C10: Crusher sand | D10: cubic metre (m3) | E10: 80 | G10: =E10*F10 -> 0
A11: C8.1.3 | C11: Extra over item C8.1.1 for applying the prime coat accessible only to hand-held or light equipment | D11: litre (ℓ) | E11: 1300 | G11: =E11*F11 -> 0
A14: TOTAL CARRIED FORWARD TO SUMMARY | G14: =SUM(G5:G13) -> 0

Sheet C8.2
A1: C8.2 | E1: COVER SPRAYS, FOG SPRAYS AND REJUVENATION SPRAYS
A2: ITEM | D2: DESCRIPTION | E2: UNIT | F2: QTY | G2: RATE | H2: AMT | I2: Note to compiler: Items requiring additional information to be provided by compiler is marked in this column by X.
A5: C8.2.1 | D5: Cover sprays, fog sprays and rejuvenation sprays
B6: C8.2.1.1 | D6: 65% Cationic spray grade emulsion
C7: (a) | D7: Indicate dilution (Diluted ...% Emulsion/…% Water) (specify) | E7: litre (ℓ) | H7: =F7*G7 -> 0 | I7: X
B8: C8.2.1.2 | D8: 60% Anionic stable grade emulsion
C9: (a) | D9: Indicate dilution (Diluted ...% Emulsion/…% Water) (specify) | E9: litre (ℓ) | H9: =F9*G9 -> 0 | I9: X
B10: C8.2.1.3 | D10: Cutback Inverted bitumen emulsion | E10: litre (ℓ) | H10: =F10*G10 -> 0
B11: C8.2.1.4 | D11: Certified rejuvenator (state type and certification) | E11: litre (ℓ) | H11: =F11*G11 -> 0 | I11: X
A12: C8.2.2 | D12: Extra over item C8.2.1 for labour enhanced application
B13: C8.2.2.1 | D13: 65% Cationic spray grade emulsion
C14: (a) | D14: Indicate dilution (Diluted ...% Emulsion/…% Water) (specify) | E14: litre (ℓ) | H14: =F14*G14 -> 0 | I14: X
B15: C8.2.2.2 | D15: 60% Anionic stable grade emulsion
C16: (a) | D16: Indicate dilution (Diluted ...% Emulsion/…% Water) (specify) | E16: litre (ℓ) | H16: =F16*G16 -> 0 | I16: X
B17: C8.2.2.3 | D17: Cutback inverted bitumen emulsion | E17: litre (ℓ) | H17: =F17*G17 -> 0
B18: C8.2.2.4 | D18: Certified rejuvenator (state type and certification) | E18: litre (ℓ) | H18: =F18*G18 -> 0 | I18: X
I20: Add items from other Sections as spedified in C1.1.3.7 and identified in Part C3(iii) where applicable
A22: TOTAL CARRIED FORWARD TO SUMMARY | H22: =SUM(H5:H21) -> 0

Sheet C8.3
A1: C8.3 | D1: TEXTURE TREATMENT
A2: ITEM | C2: DESCRIPTION | D2: UNIT | E2: QTY | F2: RATE | G2: AMT | H2: Note to compiler: Items requiring additional information to be provided by compiler is marked in this column by X.
A5: C8.3.1 | C5: Texture treatment
B6: C8.3.1.1 | C6: Application of slurry for texture improvement, applied by hand (indicate slurry grade, type of emulsion, filler type) | D6: cubic metre (m3) | G6: =E6*F6 -> 0 | H6: X | I6: To indicate slurry grade - Fine slurry- fine grade or Fine slurry- medium grade. The slurry grade specified is dependent on existing surface texture.
B7: C8.3.1.2 | C7: Application of slurry for texture improvement, applied by spreader box (indicate slurry grade, type of emulsion, filler type) | D7: cubic metre (m3) | G7: =E7*F7 -> 0 | H7: X | I7: To indicate slurry grade - Fine slurry- fine grade or Fine slurry- medium grade. The slurry grade specified is dependent on existing surface texture.
B8: C8.3.1.3 | C8: Application of microsurfacing for texture improvement, applied by spreader box (indicate slurry grade, type of emulsion, filler type) | D8: cubic metre (m3) | G8: =E8*F8 -> 0 | H8: X | I8: To indicate slurry grade - Coarse slurry- Type 2
H10: Add items from other Sections as spedified in C1.1.3.7 and identified in Part C3(iii) where applicable
A12: TOTAL CARRIED FORWARD TO SUMMARY | G12: =SUM(G5:G11) -> 0

Sheet C8.4
A1: C8.4 | E1: RUT AND/OR DEPRESSION CORRECTION
A2: ITEM | D2: DESCRIPTION | E2: UNIT | F2: QTY | G2: RATE | H2: AMT | I2: Note to compiler: Items requiring additional information to be provided by compiler is marked in this column by X.
A5: C8.4.1 | D5: Rut and/or Depression correction (screeding)
B6: C8.4.1.1 | D6: Bond coat using 50% diluted stable grade bitumen emulsion | E6: litre (ℓ) | H6: =F6*G6 -> 0
B7: C8.4.1.2 | D7: Correction material
C8: (a) | D8: Continuously-graded asphalt (state Nominal maximum aggregate size and binder type) | E8: ton (t) | H8: =F8*G8 -> 0 | I8: X
C9: (b) | D9: Semi-gap graded asphalt (state Nominal maximum aggregate size and binder type) | E9: ton (t) | H9: =F9*G9 -> 0 | I9: X
C10: (c) | D10: Cold applied asphalt (Agrèment SA certified for specific class as specified) | E10: ton (t) | H10: =F10*G10 -> 0 | I10: X
C11: (d) | D11: Coarse slurry (state aggregate grade and emulsion type) | E11: cubic metre (m3) | H11: =F11*G11 -> 0 | I11: X
C12: (e) | D12: Microsurfacing (state aggregate grade and binder type) | E12: cubic metre (m3) | H12: =F12*G12 -> 0 | I12: X
I14: Add items from other Sections as spedified in C1.1.3.7 and identified in Part C3(iii) where applicable
A16: TOTAL CARRIED FORWARD TO SUMMARY | H16: =SUM(H5:H15) -> 0

Sheet C8.5
A1: C8.5 | E1: STANDARD CRACK SEALING
A2: ITEM | D2: DESCRIPTION | E2: UNIT | F2: QTY | G2: RATE | H2: AMT | I2: Note to compiler: Items requiring additional information to be provided by compiler is marked in this column by X.
A5: C8.5.1 | D5: Standard crack sealing
B6: C8.5.1.1 | D6: Cleaning cracks
C7: (a) | D7: Cleaning crack with cold compressed air | E7: metre (m) | H7: =F7*G7 -> 0
C8: (b) | D8: Cleaning crack with hot compressed air | E8: metre (m) | H8: =F8*G8 -> 0
B9: C8.5.1.2 | D9: Applying herbicides for sealing cracks | E9: litre (ℓ) | H9: =F9*G9 -> 0
B10: C8.5.1.3 | D10: Priming (indicate primer) | E10: litre (ℓ) | H10: =F10*G10 -> 0 | I10: X
B11: C8.5.1.4 | D11: Sealing the cracks
C12: (a) | D12: Sealing using (state crack sealant) | E12: litre (ℓ) | H12: =F12*G12 -> 0 | I12: X
B13: C8.5.1.5 | D13: Heating of surface before rolling | E13: metre (m) | H13: =F13*G13 -> 0
B14: C8.5.1.6 | D14: Rolling the cracks | E14: metre (m) | H14: =F14*G14 -> 0
I16: Add items from other Sections as spedified in C1.1.3.7 and identified in Part C3(iii) where applicable
A18: TOTAL CARRIED FORWARD TO SUMMARY | H18: =SUM(H5:H17) -> 0

Sheet C8.6
A1: C8.6 | D1: GEOSYNTHETIC CRACK SEALING
A2: ITEM | C2: DESCRIPTION | D2: UNIT | E2: QTY | F2: RATE | G2: AMT | H2: Note to compiler: Items requiring additional information to be provided by compiler is marked in this column by X.
A5: C8.6.1 | C5: Geosynthetic crack sealing
B6: C8.6.1.1 | C6: Sealing cracks with 200mm wide geosynthetic (specify type of emulsion) | D6: metre (m) | G6: =E6*F6 -> 0 | H6: X
B7: C8.6.1.2 | C7: Sealing cracks with geosynthetic over areas (specify type of emulsion) | D7: square metre (m2) | G7: =E7*F7 -> 0 | H7: X
A8: PC8.6.2 | C8: Bituminous binder variation
B9: C8.6.2.1 | C9: Bitumen emulsion (specify type and binder content) | D9: litre (ℓ) | G9: =E9*F9 -> 0 | H9: X
H10: Add items from other Sections as spedified in C1.1.3.7 and identified in Part C3(iii) where applicable
A11: TOTAL CARRIED FORWARD TO SUMMARY | G11: =SUM(G5:G10) -> 0

Sheet C8.7
A1: C8.7 | D1: PLANING
A2: ITEM | C2: DESCRIPTION | D2: UNIT | E2: QTY | F2: RATE | G2: AMT | H2: Note to compiler: Items requiring additional information to be provided by compiler is marked in this column by X.
A5: C8.7.1 | C5: Planing
B6: C8.7.1.1 | C6: Planing of road surface (indicate thickness in mm) | D6: square metre (m2) | G6: =E6*F6 -> 0 | H6: X
B7: C8.7.1.2 | C7: Fog spraying on planed surfaces | D7: litre (ℓ) | G7: =E7*F7 -> 0
B8: C8.7.1.3 | C8: Hand spraying | D8: litre (ℓ) | G8: =E8*F8 -> 0
B9: C8.7.1.4 | C9: Spraying with mechanical equipment | D9: litre (ℓ) | G9: =E9*F9 -> 0
B10: C8.7.1.5 | C10: Rolling the planed surface | D10: roller passes (m²-pass) | G10: =E10*F10 -> 0
H12: Add items from other Sections as spedified in C1.1.3.7 and identified in Part C3(iii) where applicable
A14: TOTAL CARRIED FORWARD TO SUMMARY | G14: =SUM(G5:G13) -> 0

Sheet C8.8
A1: C8.8 | E1: PATCHING AND EDGE BREAK REPAIR
A2: ITEM | D2: DESCRIPTION | E2: UNIT | F2: QTY | G2: RATE | H2: AMT | I2: Note to compiler: Items requiring additional information to be provided by compiler is marked in this column by X.
A5: C8.8.1 | D5: Saw cutting pavement layers for patching
B6: C8.8.1.1 | D6: Asphalt or bituminous surfacing to an average depth
C7: (a) | D7: Not exceeding 50mm | E7: metre (m) | H7: =F7*G7 -> 0
C8: (b) | D8: Exceeding 50mm but not exceeding 100mm | E8: metre (m) | H8: =F8*G8 -> 0
C9: (c) | D9: Exceeding 100mm | E9: metre (m) | H9: =F9*G9 -> 0
B10: C8.8.1.2 | D10: Cemented pavement layers to an average depth
C11: (a) | D11: Not exceeding 100mm | E11: metre (m) | H11: =F11*G11 -> 0
C12: (b) | D12: Exceeding 100mm but not exceeding 200mm | E12: metre (m) | H12: =F12*G12 -> 0
C13: (c) | D13: Exceeding 200mm | E13: metre (m) | H13: =F13*G13 -> 0
B14: C8.8.1.3 | D14: Granular layers to an average depth
C15: (a) | D15: Not exceeding 100mm | E15: metre (m) | H15: =F15*G15 -> 0
C16: (b) | D16: Not exceeding 200mm | E16: metre (m) | H16: =F16*G16 -> 0
C17: (c) | D17: Exceeding 200mm | E17: metre (m) | H17: =F17*G17 -> 0
A18: C8.8.2 | D18: Excavation in existing pavements for patching (non-milling) | I18: For milling add items C8.8/C4.3.6 or C8.8/C4.3.7
B19: C8.8.2.1 | D19: Asphalt layers
C20: (a) | D20: Not exceeding 10 m² including for edge repairs wider than 250mm | E20: cubic metre (m3) | H20: =F20*G20 -> 0
C21: (b) | D21: Exceeding 10 m² but not exceeding 50 m² including for edge repairs wider than 250mm | E21: cubic metre (m3) | H21: =F21*G21 -> 0
C22: (c) | D22: Exceeding 50 m² up to 100 m² including for edge repairs wider than 250mm | E22: cubic metre (m3) | H22: =F22*G22 -> 0
C23: (d) | D23: Exceeding 100 m² | E23: cubic metre (m3) | H23: =F23*G23 -> 0
B24: C8.8.2.2 | D24: Cemented layers
C25: (a) | D25: Not exceeding 10 m² including for edge repairs wider than 250mm | E25: cubic metre (m3) | H25: =F25*G25 -> 0
C26: (b) | D26: Exceeding 10 m² but not exceeding 50 m² including for edge repairs wider than 250mm | E26: cubic metre (m3) | H26: =F26*G26 -> 0
C27: (c) | D27: Exceeding 50 m² up to 100 m² including for edge repairs wider than 250mm | E27: cubic metre (m3) | H27: =F27*G27 -> 0
C28: (d) | D28: Exceeding 100 m² | E28: cubic metre (m3) | H28: =F28*G28 -> 0
B29: C8.8.2.3 | D29: Other layers (specify type) | I29: X
C30: (a) | D30: Not exceeding 10 m² including for edge repairs wider than 250mm | E30: cubic metre (m3) | H30: =F30*G30 -> 0
C31: (b) | D31: Exceeding 10 m² but not exceeding 50 m² including for edge repairs wider than 250mm | E31: cubic metre (m3) | H31: =F31*G31 -> 0
C32: (c) | D32: Exceeding 50 m² up to 100 m² including for edge repairs wider than 250mm | E32: cubic metre (m3) | H32: =F32*G32 -> 0
C33: (d) | D33: Exceeding 100 m² | E33: cubic metre (m3) | H33: =F33*G33 -> 0
A34: C8.8.3 | D34: Compacting the floor of excavations for patching (specify density) | E34: square metre (m2) | H34: =F34*G34 -> 0 | I34: X
A35: C8.8.4 | D35: Backfilling of excavations for patching with:
B36: C8.8.4.1 | D36: Chemically stabilized pavement material (state the pavement material and the stabilising agent) for a patch with a surface area: | I36: X
C37: (a) | D37: Not exceeding 10 m² including for edge repairs wider than 250mm | E37: cubic metre (m3) | H37: =F37*G37 -> 0
C38: (b) | D38: Exceeding 10 m² but not exceeding 50 m² including for edge repairs wider than 250mm | E38: cubic metre (m3) | H38: =F38*G38 -> 0
C39: (c) | D39: Exceeding 50 m² up to 100 m² including for edge repairs wider than 250mm | E39: cubic metre (m3) | H39: =F39*G39 -> 0
C40: (d) | D40: Exceeding 100 m² | E40: cubic metre (m3) | H40: =F40*G40 -> 0
B41: C8.8.4.2 | D41: Bitumen Stabilised Material (specify type and level of compaction) for a patch with a surface area: | I41: X
C42: (a) | D42: Not exceeding 10 m² including for edge repairs wider than 250mm | E42: cubic metre (m3) | H42: =F42*G42 -> 0
C43: (b) | D43: Exceeding 10 m² but not exceeding 50 m² including for edge repairs wider than 250mm | E43: cubic metre (m3) | H43: =F43*G43 -> 0
C44: (c) | D44: Exceeding 50 m² up to 100 m² including for edge repairs wider than 250mm | E44: cubic metre (m3) | H44: =F44*G44 -> 0
C45: (d) | D45: Exceeding 100 m² | E45: cubic metre (m3) | H45: =F45*G45 -> 0
B46: C8.8.4.3 | D46: Asphalt for a patch with a surface area (state type and density) | I46: X
C47: (a) | D47: Not exceeding 10 m² including for edge repairs wider than 250mm | E47: ton (t) | H47: =F47*G47 -> 0
C48: (b) | D48: Exceeding 10 m² but not exceeding 50 m² including for edge repairs wider than 250mm | E48: ton (t) | H48: =F48*G48 -> 0
C49: (c) | D49: Exceeding 50 m² up to 100 m² including for edge repairs wider than 250mm | E49: ton (t) | H49: =F49*G49 -> 0
C50: (d) | D50: Exceeding 100 m² | E50: ton (t) | H50: =F50*G50 -> 0
B51: C8.8.4.4 | D51: Granular base material (state type and density) for a patch with a surface area | I51: X
C52: (a) | D52: Not exceeding 10 m² including for edge repairs wider than 250mm | E52: ton (t) | H52: =F52*G52 -> 0
C53: (b) | D53: Exceeding 10 m² but not exceeding 50 m² including for edge repairs wider than 250mm | E53: ton (t) | H53: =F53*G53 -> 0
C54: (c) | D54: Exceeding 50 m² up to 100 m² including for edge repairs wider than 250mm | E54: ton (t) | H54: =F54*G54 -> 0
C55: (d) | D55: Exceeding 100 m² | E55: ton (t) | H55: =F55*G55 -> 0
A56: C8.8.5 | D56: Geosynthetic patching
B57: C8.8.5.1 | D57: Sealing joints with geosynthetic strips (specify width and type of emulsion) | E57: metre (m) | H57: =F57*G57 -> 0 | I57: X
A58: C8.8.6 | D58: Repairing edge breaks in surfacing
B59: C8.8.6.1 | D59: Cutting back the edges of the existing surfacing for the repairing of edge breaks | E59: metre (m) | H59: =F59*G59 -> 0
B60: C8.8.6.2 | D60: Prime coat (state type and rate of application) | E60: litre (ℓ) | H60: =F60*G60 -> 0 | I60: X
B61: C8.8.6.3 | D61: Reconstructing edges using:
C62: (a) | D62: Continuously-graded hot asphalt (state type and density) | E62: ton (t) | H62: =F62*G62 -> 0 | I62: X
C63: (b) | D63: Continuously-graded cold asphalt (Agrèment SA certified - state class and density) | E63: ton (t) | H63: =F63*G63 -> 0 | I63: X
C64: (c) | D64: Bitumen Stabilised Material (state type and level of compaction) | E64: cubic metre (m3) | H64: =F64*G64 -> 0 | I64: X
I66: Add items from other Sections as spedified in C1.1.3.7 and identified in Part C3(iii) where applicable
A68: TOTAL CARRIED FORWARD TO SUMMARY | H68: =SUM(H5:H67) -> 0

Sheet C8.9
A1: C8.9 | D1: REPAIR OF SURFACE DEFECTS
A2: ITEM | C2: DESCRIPTION | D2: UNIT | E2: QTY | F2: RATE | G2: AMT | H2: Note to compiler: Items requiring additional information to be provided by compiler is marked in this column by X.
A5: C8.9.1 | C5: Heating of the road surface
B6: C8.9.1.1 | C6: Establishing of heating apparatus on site for softening of the road surface | D6: lump sum | G6: =E6*F6 -> 0
B7: C8.9.1.2 | C7: Heating of road surface | D7: square metre (m2) | G7: =E7*F7 -> 0
A8: C8.9.2 | C8: Aggregate for treatment of bleeding sections
B9: C8.9.2.1 | C9: Heated aggregate (state size) | D9: cubic metre (m3) | G9: =E9*F9 -> 0 | H9: X
B10: C8.9.2.2 | C10: Precoating of aggregate (state type and application litre/m3) | D10: cubic metre (m3) | G10: =E10*F10 -> 0 | H10: X
A11: C8.9.3 | C11: Application and rolling in of heated aggregate | D11: square metre (m2) | G11: =E11*F11 -> 0
A12: C8.9.4 | C12: Trial sections for heating, application and rolling in of heated aggregate | D12: square metre (m2) | G12: =E12*F12 -> 0
A13: C8.9.5 | C13: Water cutting
B14: C8.9.5.1 | C14: Establishing of water cutting equipment on site | D14: lump sum | G14: =E14*F14 -> 0
B15: C8.9.5.2 | C15: Water cutting of the road surface | D15: square metre (m2) | G15: =E15*F15 -> 0
A16: C8.9.6 | C16: Trial sections for water cutting | D16: square metre (m2) | G16: =E16*F16 -> 0
H18: Add items from other Sections as spedified in C1.1.3.7 and identified in Part C3(iii) where applicable
A20: TOTAL CARRIED FORWARD TO SUMMARY | G20: =SUM(G5:G19) -> 0

Sheet C9.1 (A1)
A1: C9.1 | E1: ASPHALT LAYERS
A2: ITEM | D2: DESCRIPTION | E2: UNIT | F2: QTY | G2: RATE | H2: AMT
A5: C9.1.1 | D5: Asphalt mix designs
B6: C9.1.1.2 | D6: Sand skeletal mixes:
C7: (a) | D7: Continuously graded base or surfacing
D8: Base (PG64H-16, Level IB) | E8: lump sum | F8: lump | G8: sum
D9: Surfacing (PG64H-16, Level IB) | E9: lump sum | F9: lump | G9: sum
C10: (c) | D10: Gap graded mixes
D11: Surfacing (PG64E-16 (EMB), Level II) | E11: lump sum | F11: lump | G11: sum
A12: C9.1.2 | D12: Construction of trial sections
B13: C9.1.2.1 | D13: Asphalt layers sand skeletal Gap graded, PG64E-16 (EMB) asphalt, for 45mm minimum thickness by paver | E13: square metre (m2) | F13: 800 | H13: =F13*G13 -> 0
B14: C9.1.2.2 | D14: Removal of trial section where so instructed by the Engineer | E14: square metre (m2) | F14: 800 | H14: =F14*G14 -> 0
A15: C9.1.3 | D15: Application of bond coat
B16: C9.1.3.1 | D16: Stable–grade 30% net bitumen emulsion as specified. Applied with a calibrated distributer | E16: litre (ℓ) | F16: 11480 | H16: =F16*G16 -> 0
B17: C9.1.3.2 | D17: Applied in restricted areas using a portable pressure sprayer | E17: litre (ℓ) | F17: 1300 | H17: =F17*G17 -> 0
B18: C9.1.3.3 | D18: Applied by hand using brushes on all exposed transverse and longitudinal construction joints | E18: litre (ℓ) | F18: 250 | H18: =F18*G18 -> 0
A19: C9.1.5 | D19: Asphalt surfacing
B20: C9.1.5.1 | D20: New construction
C21: (g) | D21: Sand skeletal - gap-graded mix, PG64E-16 (EMB), Design Level II, minimum 45mm thickness at intersections with N11-13 | E21: square metre (m2) | F21: 16400 | H21: =F21*G21 -> 0
A22: C9.1.7 | D22: Placing and compacting asphalt in restricted areas
B23: C9.1.7.1 | D23: Extra over payment items C9.1.4.1 and C9.1.5.1 (45mm thick, Sand skeletal - gap-graded mix, PG64E-16 (EMB), 10mm NMPS, by hand/paver) | E23: square metre (m2) | F23: 1625 | H23: =F23*G23 -> 0
A24: PC9.1.9 | D24: Application of rolled in chippings (10mm) | I24: X
B25: C9.1.9.1 | D25: By means of chip spreader | E25: square metre (m2) | F25: =SUM(F21,F13) -> 17200 | H25: =F25*G25 -> 0
A26: C9.1.10 | D26: Variation rates
B27: C9.1.10.1 | D27: Bitumen PG64E-16 | E27: ton (t) | F27: 5 | H27: =F27*G27 -> 0
B28: C9.1.10.2 | D28: Aggregate | E28: ton (t) | F28: 80 | H28: =F28*G28 -> 0
B29: C9.1.10.3 | D29: Active filler (lime) | E29: ton (t) | F29: 1 | H29: =F29*G29 -> 0
B30: C9.1.10.6 | D30: Bituminous bond coat – net bitumen (Stable grade bituminous emulsion) | E30: ton (t) | F30: 1 | H30: =F30*G30 -> 0
A31: C9.1.13 | D31: Coring of asphalt layers
B32: C9.1.13.1 | D32: 100mm diameter | E32: number (No.) | F32: 72 | H32: =F32*G32 -> 0
A36: TOTAL CARRIED FORWARD TO SUMMARY | H36: =SUM(H5:H35) -> 0

Sheet C10.1 (A1)
A1: C10.1 | E1: GENERAL REQUIREMENTS FOR SURFACE TREATMENTS
A2: ITEM | D2: DESCRIPTION | E2: UNIT | F2: QTY | G2: RATE | H2: AMT
A5: C10.1.9 | D5: Bituminous binder variations:
B6: C10.1.9.5 | D6: Homogeneous modified binder (SC-E2 (70-73)(t)) cold applied | E6: litre (ℓ) | F6: 8000 | H6: =F6*G6 -> 0
B7: C10.1.9.7 | D7: Homogeneous modified binder (Class S-E1) hot applied | E7: litre (ℓ) | F7: 9500 | H7: =F7*G7 -> 0
A8: C10.1.10 | D8: Aggregate variation (Grade A):
B9: C10.1.10.5 | D9: 20mm aggregate | E9: cubic metre (m3) | F9: 140 | H9: =F9*G9 -> 0
A10: C10.1.13 | D10: Precoating of aggregate using a dedicated plant
B11: C10.1.13.1 | D11: Product containing low flashpoint solvent | E11: litre (ℓ) | F11: 14300 | H11: =F11*G11 -> 0
A12: C10.1.22 | D12: Bituminous single seal and slurry, including a cover spray if specified:
B13: C10.1.22.1 | D13: Bituminous single seal with 20mm aggregate and first slurry:
C14: 1 | D14: Class SC-E2 (70-73)(t), Grade A aggregate | E14: square metre (m2) | F14: 100000 | H14: =F14*G14 -> 0
C15: 2 | D15: Hot applied polymer modified bitumen binder of Class S-E1, Grade A aggregate | E15: square metre (m2) | F15: 100000 | H15: =F15*G15 -> 0
B16: C10.1.22.4 | D16: Extra over C10.1.21.1 for application of second slurry (Fine Slurry/Fine Grade) | E16: square metre (m2) | F16: 200000 | H16: =F16*G16 -> 0
A17: C10.1.24 | D17: Variation in the rate of application of the fine slurry:
B18: C10.1.24.1 | D18: Fine grade | E18: cubic metre (m3) | F18: 17.5 | H18: =F18*G18 -> 0
B19: C10.1.24.2 | D19: Medium grade | E19: cubic metre (m3) | F19: 17.5 | H19: =F19*G19 -> 0
A20: C10.1.25 | D20: Variation in active filler content (Hydrated lime) | E20: ton (t) | F20: =4%*2*F18 -> 1.4 | H20: =F20*G20 -> 0
A21: C10.1.26 | D21: Trial sections for all seal types specified (Cape Seal) | E21: lump sum | F21: lump | G21: sum
A28: TOTAL CARRIED FORWARD TO SUMMARY | H28: =SUM(H5:H27) -> 0

Sheet C11.1 (A1)
A1: C11.1 | E1: PITCHING, STONEWORK, CAST IN SITU CONCRETE FOR PROTECTION AGAINST EROSION
A2: ITEM | D2: DESCRIPTION | E2: UNIT | F2: QTY | G2: RATE | H2: AMT
A5: C11.1.2 | D5: Stone pitching
B6: C11.1.2.1 | D6: Plain stone pitching
C7: (a) | D7: Method 1 | E7: square metre (m2) | F7: 100 | H7: =F7*G7 -> 0
B8: C11.1.2.2 | D8: Grouted stone pitching with mortar | E8: square metre (m2) | F8: 335 | H8: =F8*G8 -> 0
A9: C11.1.3 | D9: Riprap
B10: C11.1.3.1 | D10: Packed riprap (50kg rock) | E10: cubic metre (m3) | F10: 50 | H10: =F10*G10 -> 0
B11: C11.1.3.3 | D11: Dumped riprap (50kg rock) | E11: cubic metre (m3) | F11: 50 | H11: =F11*G11 -> 0
B12: C11.1.3.4 | D12: Filter layer consisting of:
C13: (b) | D13: Filter sand (protective layer on geotextile) | E13: cubic metre (m3) | F13: 35 | H13: =F13*G13 -> 0
C14: (c) | D14: Geotextile (Grade 1A) | E14: square metre (m2) | F14: 350 | H14: =F14*G14 -> 0
A15: C11.1.7 | D15: Provision of approved herbicide and ant poison:
B16: C11.1.7.1 | D16: Provision of materials | E16: prime cost (PC) sum | F16: Prime | G16: Cost | H16: 11000
B17: C11.1.7.2 | D17: Contractor’s charges and profit added to the prime cost sum | E17: percentage (%) | F17: =H16 -> 11000 | H17: =F17*G17 -> 0
A21: TOTAL CARRIED FORWARD TO SUMMARY | H21: =SUM(H5:H20) -> 11000

Sheet C11.2 (A1)
A1: C11.2 | E1: NON-STRUCTURAL GABIONS
A2: ITEM | D2: DESCRIPTION | E2: UNIT | F2: QTY | G2: RATE | H2: AMT
A5: C11.2.1 | D5: Foundation trench excavation:
B6: C11.2.1.1 | D6: Excavating all material situated within the following depth ranges below the surface level
C7: (a) | D7: 0m to 1,5m | E7: cubic metre (m3) | F7: 1200 | H7: =F7*G7 -> 0
B8: C11.2.1.2 | D8: Extra over sub-item C11.2.1.1 for excavation in hard material, irrespective of depth | E8: cubic metre (m3) | F8: 40 | H8: =F8*G8 -> 0
A9: C11.2.2 | D9: Surface preparation for bedding the gabion boxes and mattresses | E9: square metre (m2) | F9: 3200 | H9: =F9*G9 -> 0
A10: C11.2.3 | D10: Gabion boxes and mattresses:
B11: C11.2.3.2 | D11: PVC coated gabion boxes
C12: (a) | D12: 1m x 0.5m x 0,5m gabion box | E12: cubic metre (m3) | F12: 250 | H12: =F12*G12 -> 0
C13: (b) | D13: 3m x 1m x 0,5m gabion box | E13: cubic metre (m3) | F13: 25 | H13: =F13*G13 -> 0
C14: (c) | D14: 2m x 1m x 1m gabion box | E14: cubic metre (m3) | F14: 25 | H14: =F14*G14 -> 0
C15: (d) | D15: 3m x 1m x 1m gabion box | E15: cubic metre (m3) | F15: 20 | H15: =F15*G15 -> 0
C16: (e) | D16: 4m x 1m x 1m gabion box | E16: cubic metre (m3) | F16: 20 | H16: =F16*G16 -> 0
B17: C11.2.3.4 | D17: PVC-coated gabion mattresses
C18: (a) | D18: 2m x 1m x 0,3m gabion mattress | E18: cubic metre (m3) | F18: 600 | H18: =F18*G18 -> 0
C19: (b) | D19: 3m x 1m x 0,3m gabion mattress | E19: cubic metre (m3) | F19: 340 | H19: =F19*G19 -> 0
C20: (c) | D20: 6m x 2m x 0,3m gabion mattress | E20: cubic metre (m3) | H20: Rate Only
A21: C11.2.4 | D21: Geotextile (Grade 1A) | E21: square metre (m2) | F21: 4825 | H21: =F21*G21 -> 0
A22: PC11.2.5 | D22: Montar grouting of gabion mattresses | E22: cubic metre (m3) | F22: 145 | H22: =F22*G22 -> 0
A23: C11.2 | B23: C3.2.10.2 | D23: High-tensile steel bars (Tie-bars, Y20-500 1500mm long) | E23: t | F23: 5 | H23: =F23*G23 -> 0
A25: TOTAL CARRIED FORWARD TO SUMMARY | H25: =SUM(H5:H24) -> 0

Sheet C11.3
A1: C11.3 | C1: GUIDE BLOCKS AND KILOMETRE MARKERS
A2: ITEM | B2: DESCRIPTION | C2: UNIT | D2: QTY | E2: RATE | F2: AMT
A5: C11.3.1 | B5: Guide blocks | C5: number (No.) | F5: =D5*E5 -> 0
A6: C11.3.2 | B6: Kilometre markers | C6: number (No.) | F6: =D6*E6 -> 0
A7: C11.3.3 | B7: Kilometre markers mounted on concrete reinforced pipes (diameter to be specified) | C7: number (No.) | F7: =D7*E7 -> 0
A11: TOTAL CARRIED FORWARD TO SUMMARY | F11: =SUM(F5:F10) -> 0

Sheet C11.4 (A1)
A1: C11.4 | E1: ROAD RESTRAINT SYSTEMS
A2: ITEM | D2: DESCRIPTION | E2: UNIT | F2: QTY | G2: RATE | H2: AMT
A5: C11.4.1 | D5: Erecting of guardrails at 3,81m spacing
B6: C11.4.1.1 | D6: Complete galvanized system compliant to SANS 1350:
C7: (a) | D7: On timber posts (Dwg. TD-R-GR-1002-V1) | E7: metre (m) | F7: 920 | H7: =F7*G7 -> 0
C8: (b) | D8: On steel posts used at specific locations (TD-R-GR-1002-V1) | E8: metre (m) | F8: 45 | H8: =F8*G8 -> 0
C9: (d) | D9: Extra over C11.4.1.1(a) and C11.4.1.1(b) for excavating holes of posts using labour enhanced methods (soft and intermediate) | E9: metre (m) | F9: 920 | H9: =F9*G9 -> 0
B10: C11.4.1.2 | D10: Terminal sections for 3,81 guardrails comprising of:
C11: (a) | D11: End wings to SANS 1350 | E11: number (No.) | H11: Rate Only
C12: (b) | D12: Bullnoses to SANS 1350 | E12: number (No.) | H12: Rate Only
C13: (e) | D13: End treatments where double guardrail sections are specified (Dwg. D-R-GR-1100-V1) | E13: number (No.) | F13: 28 | H13: =F13*G13 -> 0
C14: (f) | D14: Bridge adaptors (including extra rails and posts) (Dwg. TD-R-GR-1200-V2) | E14: number (No.) | F14: 8 | H14: =F14*G14 -> 0
A15: C11.4.6 | D15: Reflective plates
B16: C11.4.6.1 | D16: Steel plates | E16: number (No.) | F16: 420 | H16: =F16*G16 -> 0
A17: C11.4.7 | D17: Removing existing guardrails: | E17: metre (m) | F17: 360 | H17: =F17*G17 -> 0
A18: C11.4.12 | D18: Extra over items C11.4.1 and C11.4.2 for drilling and blasting holes for guardrail posts | E18: number (No.) | F18: 10 | H18: =F18*G18 -> 0
A19: C11.4.14 | D19: Nailing of gang nail plates on top of timber guardrail posts | E19: number (No.) | F19: 1010 | H19: =F19*G19 -> 0
A23: TOTAL CARRIED FORWARD TO SUMMARY | H23: =SUM(H5:H22) -> 0

Sheet C11.5 (A1)
A1: C11.5 | F1: FENCING
A2: ITEM | E2: DESCRIPTION | F2: UNIT | G2: QTY | H2: RATE | I2: AMT
A5: C11.5.1 | E5: Supply and erect new fencing material for new fences and for supplementing material in existing fences which are being repaired or removed:
B6: C11.5.1.1 | E6: Zinc-coated barbed wire
D7: (i) | E7: High tensile grade steel, single strand 3,2mm x 2,5mm oval-shaped wire (SANS 675) | F7: kilometre (km) | G7: 192 | I7: =G7*H7 -> 0
B8: C11.5.1.2 | E8: Zinc-coated smooth wire
D9: (i) | E9: High tensile grade steel, single strand 3,2mm x 2,5mm oval-shaped wire (SANS 675) | F9: kilometre (km) | G9: 12 | I9: =G9*H9 -> 0
B10: C11.5.1.4 | E10: Wire netting | F10: square metre (m2) | G10: 3260 | I10: =G10*H10 -> 0
B11: C11.5.1.7 | E11: Standards (2.5 kg/m "Y" section steel, complete with holes at 50mm centres, protective bitumen coating)
D12: (i) | E12: 1,85m long | F12: number (No.) | G12: 995 | I12: =G12*H12 -> 0
D13: (ii) | E13: 3,00m long | F13: number (No.) | G13: 100 | I13: =G13*H13 -> 0
D14: (iii) | E14: 2,60m long | F14: number (No.) | G14: =(90/3-1)*G22 -> 4350 | I14: =G14*H14 -> 0
B15: C11.5.1.8 | E15: Droppers (0,56 kg/m steel, ridgeback pattern, protective bitumen coating)
D16: (i) | E16: 1,20m long | F16: number (No.) | G16: 5000 | I16: =G16*H16 -> 0
D17: (ii) | E17: 2,25m long | F17: number (No.) | G17: 600 | I17: =G17*H17 -> 0
B18: C11.5.1.9 | E18: Straining posts, stays and anchors:
C19: (a) | E19: Vertical
D20: (i) | E20: Steel straining posts, 100mm dia. x 3mm wall with steel caps and base plate, fully galvanized, 2,13m long | F20: number (No.) | G20: 180 | I20: =G20*H20 -> 0
D21: (ii) | E21: Steel straining posts, 100mm dia. x 3mm wall with steel caps and base plate, fully galvanized, 3,0m long | F21: number (No.) | G21: 6 | I21: =G21*H21 -> 0
D22: (iii) | E22: Steel straining posts, 100mm dia. x 3mm wall with steel caps and base plate, fully galvanized, 2,8m long | F22: number (No.) | G22: 150 | I22: =G22*H22 -> 0
C23: (b) | E23: Inclined
D24: (i) | E24: Steel stays and anchors (60mm dia. x 3mm wall with base plate, fully galvanized, 2,13m long) | F24: number (No.) | G24: 318 | I24: =G24*H24 -> 0
D25: (ii) | E25: Steel stays and anchors (60mm dia. x 3mm wall with base plate, fully galvanized, 3,35m long) | F25: number (No.) | G25: 38 | I25: =G25*H25 -> 0
D26: (iii) | E26: Steel stays and anchors (75mm dia. x 3mm wall with base plate, fully galvanized, 3,05m long) | F26: number (No.) | G26: 300 | I26: =G26*H26 -> 0
D27: (iv) | E27: Wire stays and anchors (4mm dia. mild steel, fully galvanized (4 strands, doubled and twisted to take strain)) | F27: number (No.) | G27: 39 | I27: =G27*H27 -> 0
C28: (c) | E28: Horizontal
D29: (i) | E29: Steel stays and anchors (60mm dia. x 3mm wall bent and flattened as specified, fully galvanized, 2,4m long) | F29: number (No.) | G29: 10 | I29: =G29*H29 -> 0
B30: PC11.5.1.12 | E30: Welded steel mesh 100mm x 50mm x 2,5mm dia. (1800mm height), fully galvanized (TD-R-FG-1007-V1) | F30: square metre (m2) | G30: 23000 | I30: =G30*H30 -> 0
A31: C11.5.2 | E31: New gates
E32: Single leaf, 4,2m x 1,4m goverment pattern farm gate, complete as specified and fully galvanized | F32: number (No.) | G32: 10 | I32: =G32*H32 -> 0
E33: Double leaf, 5,0m x 2,25m gate, complete as specified for game proof fencing and fully galvanized | F33: number (No.) | G33: 2 | I33: =G33*H33 -> 0
A34: C11.5.3 | E34: Moving existing fences and gates:
B35: C11.5.3.1 | E35: Fences:
C36: (a) | E36: Stock-proof fences | F36: kilometre (km) | G36: 1 | I36: =G36*H36 -> 0
C37: (c) | E37: Pedestrian fences | F37: kilometre (km) | G37: 1 | I37: =G37*H37 -> 0
C38: (d) | E38: Security fences | F38: kilometre (km) | G38: 1 | I38: =G38*H38 -> 0
C39: (e) | E39: Game fences | F39: kilometre (km) | G39: 1 | I39: =G39*H39 -> 0
B40: C11.5.3.2 | E40: Gates, Single leaf, 4,2m x 1,4m goverment pattern farm gate | F40: number (No.) | G40: 3 | I40: =G40*H40 -> 0
A41: C11.5.4 | E41: Dismantling existing fences and gates:
B42: C11.5.4.1 | E42: Fences:
C43: (a) | E43: Stock-proof fences | F43: kilometre (km) | G43: 11 | I43: =G43*H43 -> 0
C44: (c) | E44: Pedestrian fences | F44: kilometre (km) | G44: 1 | I44: =G44*H44 -> 0
C45: (d) | E45: Security fences | F45: kilometre (km) | G45: 1 | I45: =G45*H45 -> 0
C46: (e) | E46: Game fences | F46: kilometre (km) | G46: 3 | I46: =G46*H46 -> 0
B47: C11.5.4.2 | E47: Gates, Single leaf, 4,2m x 1,4m goverment pattern farm gate | F47: number (No.) | G47: 60 | I47: =G47*H47 -> 0
A48: C11.5.6 | E48: Ringbolts for anchoring fencing to structures | F48: number (No.) | G48: 50 | I48: =G48*H48 -> 0
A49: C11.5.7 | E49: Drilling and blasting holes for posts and anchors | F49: number (No.) | G49: 25 | I49: =G49*H49 -> 0
A50: C11.5.8 | E50: Posts fixed horizontally to the bottom of wire mesh for the closing of openings under fences:
B51: C11.5.8.2 | E51: Mild steel pipes (75mm diameter and 2,5mm wall thickness) | F51: metre (m) | G51: 500 | I51: =G51*H51 -> 0
A52: C11.5.9 | E52: Repairing existing fences | F52: kilometre (km) | I52: =G52*H52 -> 0
C53: (a) | E53: Stock-proof fences | F53: kilometre (km) | G53: 1.5 | I53: =G53*H53 -> 0
C54: (c) | E54: Pedestrian fences | F54: kilometre (km) | G54: 0.5 | I54: =G54*H54 -> 0
C55: (d) | E55: Security fences | F55: kilometre (km) | G55: 0.5 | I55: =G55*H55 -> 0
A59: TOTAL CARRIED FORWARD TO SUMMARY | I59: =SUM(I5:I58) -> 0

Sheet C11.6 (A1)
A1: C11.6 | E1: ROAD SIGNS
A2: ITEM | D2: DESCRIPTION | E2: UNIT | F2: QTY | G2: RATE | H2: AMT
A5: PC11.6.1 | D5: Road signboards with painted or coloured semi-matt background. Symbols, lettering and borders in semi- matt black or in Class I retro-reflective material, where the sign board is constructed from:
B6: C11.6.1.4 | D6: Prepainted galvanized steel profiles (200mm high panels):
C7: (b) | D7: Area exceeding 0,5 m2 but not 2,0 m2 | E7: square metre (m2) | F7: 190 | H7: =F7*G7 -> 0
C8: (c) | D8: Area exceeding 2,0 m2 but not 10 m2 | E8: square metre (m2) | F8: 40 | H8: =F8*G8 -> 0
B9: C11.6.1.7 | D9: Regulatory signs, permanent
C10: (a) | D10: 600mm diameter (prepainted galvanized steel, background and symbol retro-reflective class iii) | E10: number (No.) | F10: 20 | H10: =F10*G10 -> 0
C11: (c) | D11: 1200mm diameter (prepainted galvanized steel, background and symbol retro-reflective class iii) | E11: number (No.) | F11: 39 | H11: =F11*G11 -> 0
B12: C11.6.1.9 | D12: Warning signs, permanent
C13: (c) | D13: 1200mm size (prepainted galvanized steel, background and symbol retro-reflective class iii) | E13: number (No.) | F13: 65 | H13: =F13*G13 -> 0
A14: C11.6.2 | D14: Extra over on item C11.6.1 for using:
B15: C11.6.2.1 | D15: Background of retro-reflective material:
C16: (a) | D16: Class I | E16: square metre (m2) | F16: 330 | H16: =F16*G16 -> 0
B17: C11.6.2.2 | D17: Lettering, symbols, numbers, arrows, emblems and borders of retro-reflective material:
C18: (a) | D18: Class III | E18: square metre (m2) | F18: 330 | H18: =F18*G18 -> 0
A19: C11.6.3 | D19: Road sign supports (overhead road sign structures excluded):
B20: C11.6.3.2 | D20: Timber:
D21: 125mm diameter | E21: metre (m) | F21: 80 | H21: =F21*G21 -> 0
D22: 150mm diameter | E22: metre (m) | F22: 158 | H22: =F22*G22 -> 0
D23: 175mm diameter | E23: metre (m) | F23: 190 | H23: =F23*G23 -> 0
D24: 200mm diameter | E24: metre (m) | F24: 212 | H24: =F24*G24 -> 0
A25: C11.6.4 | D25: Kilometre Markers
B26: C11.6.4.1 | D26: Kilometre markers on posts (Refer to Dwg. No. TD-R-RS-1400-V1) | E26: number (No.) | F26: 60 | H26: =F26*G26 -> 0
B27: C11.6.4.2 | D27: Replace marker boards on existing kilometre posts | E27: square metre (m2) | F27: 3 | H27: =F27*G27 -> 0
A28: C11.6.5 | D28: Excavation and backfilling for road sign supports (not applicable to kilometre posts)
B29: C11.6.5.1 | D29: Excavating soft material and backfilling | E29: cubic metre (m3) | F29: 100 | H29: =F29*G29 -> 0
B30: C11.6.5.3 | D30: Extra over item C11.6.5.1 and C11.6.5.2 for cement-treated soil backfill | E30: cubic metre (m3) | F30: 100 | H30: =F30*G30 -> 0
B31: C11.6.5.4 | D31: Extra over item C11.6.5.1 for hard material excavation | E31: cubic metre (m3) | F31: 5 | H31: =F31*G31 -> 0
A32: C11.6.6 | D32: Dismantling, storing and re-erecting road signs with a surface area of:
B33: C11.6.6.2 | D33: Area exceeding 0,5 m2 but not 2,0 m2 | E33: square metre (m2) | F33: 50 | H33: =F33*G33 -> 0
B34: C11.6.6.3 | D34: Exceeding 2,0 m2 but not 10 m2 | E34: square metre (m2) | F34: 30 | H34: =F34*G34 -> 0
B35: C11.6.6.4 | D35: Exceeding 10 m2 | E35: square metre (m2) | F35: 20 | H35: =F35*G35 -> 0
A36: C11.6.7 | D36: Dismantling and storing of road signs and overhead signs
B37: C11.6.7.1 | D37: Dismantling and storing of road signs with a surface area of:
C38: (b) | D38: Area exceeding 0,5 m2 but not 2,0 m2 | E38: square metre (m2) | F38: 25 | H38: =F38*G38 -> 0
C39: (c) | D39: Exceeding 2,0 m2 but not 10 m2 | E39: square metre (m2) | F39: 30 | H39: =F39*G39 -> 0
C40: (d) | D40: Exceeding 10 m2 | E40: square metre (m2) | F40: 25 | H40: =F40*G40 -> 0
A41: PC11.6.8 | D41: Danger plates at culverts / structures / chevrons at sharp curves:
B42: C11.6.8.1 | D42: Size 150 x 600mm (steel post and retro-reflective material, Class III) (W401 & W402) | E42: number (No.) | F42: 25 | H42: =F42*G42 -> 0
B43: C11.6.8.2 | D43: Size 200 x 800mm (steel post and retro-reflective material, Class III) (W401 & W402) | E43: number (No.) | F43: 134 | H43: =F43*G43 -> 0
B44: PC11.6.8.4 | D44: Size 600 x 600mm (steel post and retro-reflective material, Class III) (W405 & W406) | E44: number (No.) | F44: 10 | H44: =IF(E44="%",F44*G44/100,F44*G44) -> 0
B45: PC11.6.8.5 | D45: Size 450 x 450mm (steel post and retro-reflective material, Class III) (W405 & W406) | E45: number (No.) | F45: 10 | H45: =IF(E45="%",F45*G45/100,F45*G45) -> 0
A47: TOTAL CARRIED FORWARD TO SUMMARY | H47: =SUM(H5:H46) -> 0

Sheet C11.7 (A1)
A1: C11.7 | D1: ROAD MARKINGS AND ROAD STUDS
A2: ITEM | C2: DESCRIPTION | D2: UNIT | E2: QTY | F2: RATE | G2: AMT
A5: C11.7.2 | C5: Retro-reflective road marking:
B6: C11.7.2.1 | C6: White lines broken or unbroken (solvent borne road marking paint)
C7: 100mm wide | D7: kilometre (km) | E7: 45 | G7: =E7*F7 -> 0
C8: 150mm wide | D8: kilometre (km) | E8: 13 | G8: =E8*F8 -> 0
C9: 200mm wide | D9: kilometre (km) | E9: 8 | G9: =E9*F9 -> 0
C10: 300mm wide | D10: kilometre (km) | E10: 0.1 | G10: =E10*F10 -> 0
C11: 500mm wide | D11: kilometre (km) | E11: 0.2 | G11: =E11*F11 -> 0
B12: C11.7.2.2 | C12: Yellow lines broken or unbroken (solvent borne road marking paint)
C13: 150mm wide | D13: kilometre (km) | E13: 78 | G13: =E13*F13 -> 0
C14: 200mm wide | D14: kilometre (km) | E14: 1 | G14: =E14*F14 -> 0
B15: C11.7.2.4 | C15: White lettering and symbols (solvent borne road marking paint) | D15: square metre (m2) | E15: 860 | G15: =E15*F15 -> 0
B16: C11.7.2.5 | C16: Yellow lettering and symbols (solvent borne road marking paint) | D16: square metre (m2) | E16: 110 | G16: =E16*F16 -> 0
B17: C11.7.2.7 | C17: Transverse lines, painted island and arrestor bed markings (any colour) (solvent borne road marking paint) | D17: square metre (m2) | E17: 9000 | G17: =E17*F17 -> 0
A18: PC11.7.3 | C18: Thermoplastic road marking
B19: C11.7.3.1 | C19: Thermoplastic road marking, broken or unbroken | D19: kilometre (km) | G19: =E19*F19 -> 0
C20: White lines broken or unbroken
C21: 100mm wide | D21: kilometre (km) | E21: 18 | G21: =E21*F21 -> 0
C22: 150mm wide | D22: kilometre (km) | E22: 5 | G22: =E22*F22 -> 0
C23: 200mm wide | D23: kilometre (km) | E23: 3 | G23: =E23*F23 -> 0
C24: 300mm wide | D24: kilometre (km) | E24: 0.04 | G24: =E24*F24 -> 0
C25: 500mm wide | D25: kilometre (km) | E25: 0.08 | G25: =E25*F25 -> 0
C26: Yellow lines broken or unbroken
C27: 150mm wide | D27: kilometre (km) | E27: 31 | G27: =E27*F27 -> 0
C28: 200mm wide | D28: kilometre (km) | E28: 0.4 | G28: =E28*F28 -> 0
C29: White lettering and symbols | D29: square metre (m2) | E29: 340 | G29: =E29*F29 -> 0
C30: Yellow lettering and symbols | D30: square metre (m2) | E30: 40 | G30: =E30*F30 -> 0
C31: Transverse lines, painted island and arrestor bed markings (any colour) | D31: square metre (m2) | E31: 3600 | G31: =E31*F31 -> 0
A32: C11.7.5 | C32: Variations in rate of application:
B33: C11.7.5.1 | C33: White paint | D33: litre (ℓ) | E33: 110 | G33: =E33*F33 -> 0
B34: C11.7.5.2 | C34: Yellow paint | D34: litre (ℓ) | E34: 725 | G34: =E34*F34 -> 0
B35: C11.7.5.4 | C35: Retro-reflective beads | D35: kilogram (kg) | E35: 1625 | G35: =E35*F35 -> 0
A36: C11.7.7 | C36: Road studs
B37: C11.7.7.1 | C37: Permanent road studs compliant to SANS 1442 (RSA-2)
C38: Double sided red/red | D38: number (No.) | E38: 35 | G38: =E38*F38 -> 0
C39: Double sided yellow/red | D39: number (No.) | E39: 3720 | G39: =E39*F39 -> 0
C40: Double sided white/red | D40: number (No.) | E40: 200 | G40: =E40*F40 -> 0
C41: Double sided white/white | D41: number (No.) | E41: 1450 | G41: =E41*F41 -> 0
A42: C11.7.8 | C42: Setting out and premarking the lines (excluding traffic island markings, lettering and symbols) | D42: kilometre (km) | E42: 58 | G42: =E42*F42 -> 0
A43: C11.7.9 | C43: Re-establishing the painting unit during the defects notification period and at other instances on instruction of the Engineer | D43: number (No.) | E43: 1 | G43: =E43*F43 -> 0
A44: C11.7.10 | C44: Removal of existing, temporary or final road markings by:
B45: C11.7.10.1 | C45: Sandblasting | D45: square metre (m2) | E45: 250 | G45: =E45*F45 -> 0
A49: TOTAL CARRIED FORWARD TO SUMMARY | G49: =SUM(G5:G48) -> 0

Sheet C11.8 (A1)
A1: C11.8 | E1: LANDSCAPING AND PLANTING PLANTS
A2: ITEM | D2: DESCRIPTION | E2: UNIT | F2: QTY | G2: RATE | H2: AMT
A5: C11.8.1 | D5: Trimming:
B6: C11.8.1.1 | D6: Machine trimming | E6: square metre (m2) | F6: 97000 | H6: =F6*G6 -> 0
B7: C11.8.1.2 | D7: Hand trimming | E7: square metre (m2) | F7: 24000 | H7: =F7*G7 -> 0
A8: C11.8.2 | D8: Trimming using machines for trimming or shaping (alternative to subitem C11.8.1.1):
B9: C11.8.2.1 | D9: Bulldozer | E9: hour (h) | F9: 25 | H9: =F9*G9 -> 0
B10: C11.8.2.2 | D10: Motor grader | E10: hour (h) | F10: 25 | H10: =F10*G10 -> 0
A11: C11.8.3 | D11: Preparing the areas for grassing:
B12: C11.8.3.1 | D12: Ripping | E12: hectare (ha) | F12: 2 | H12: =F12*G12 -> 0
B13: C11.8.3.2 | D13: Scarifying for loosening topsoil | E13: hectare (ha) | F13: 4 | H13: =F13*G13 -> 0
B14: C11.8.3.3 | D14: Topsoiling within the road reserve where the following materials are used:
C15: (a) | D15: Topsoil obtained from within the road reserve or borrow areas | E15: cubic metre (m3) | F15: 97000 | H15: =F15*G15 -> 0
C16: (b) | D16: Topsoil obtained from commercial sources by the Contractor | E16: cubic metre (m3) | F16: 24000 | H16: =F16*G16 -> 0
B17: C11.8.3.4 | D17: Topsoiling of borrowpits by using topsoil obtained from borrow areas or from the road reserve | E17: cubic metre (m3) | F17: 52000 | H17: =F17*G17 -> 0
B18: C11.8.3.5 | D18: Providing and applying chemical fertilisers and/or soil-improvement material:
C19: (c) | D19: Limestone ammonium nitrate | E19: ton (t) | F19: 2 | H19: =F19*G19 -> 0
C20: (d) | D20: 2:3:2 (22) | E20: ton (t) | F20: 2 | H20: =F20*G20 -> 0
C21: (e) | D21: 3:2:1 (25) | E21: ton (t) | F21: 2 | H21: =F21*G21 -> 0
A22: C11.8.4 | D22: Grassing
B23: C11.8.4.1 | D23: The planting of grass cuttings
D24: Kweek grass | E24: hectare (ha) | F24: 1 | H24: =F24*G24 -> 0
D25: Buffalo grass | E25: hectare (ha) | F25: 0.4 | H25: =F25*G25 -> 0
B26: C11.8.4.2 | D26: Sodding by using the following types of sods:
C27: (a) | D27: Nursery sods
D28: Cynodon Dactylon | E28: square metre (m2) | F28: 4000 | H28: =F28*G28 -> 0
D29: Mixture of Kweek and Buffalo grass | E29: square metre (m2) | F29: 2000 | H29: =F29*G29 -> 0
C30: (b) | D30: Veld sods | E30: square metre (m2) | H30: Rate Only
B31: C11.8.4.3 | D31: Hydroseeding:
C32: (a) | D32: Providing an approved seed mixture for hydroseeding
D33: Summer mix | E33: kilogram (kg) | F33: 600 | H33: =F33*G33 -> 0
D34: Winter mix | E34: kilogram (kg) | F34: 760 | H34: =F34*G34 -> 0
C35: (b) | D35: Providing an approved mulch | E35: kilogram (kg) | F35: 4750 | H35: =F35*G35 -> 0
C36: (c) | D36: Hydroseeding | E36: hectare (ha) | F36: 19 | H36: =F36*G36 -> 0
B37: C11.8.4.4 | D37: Planting grass seed with an approved grass-planting machine | E37: hectare (ha) | F37: 1 | H37: =F37*G37 -> 0
B38: C11.8.4.5 | D38: Hand sowing | E38: square metre (m2) | F38: 6000 | H38: =F38*G38 -> 0
A39: C11.8.5 | D39: Watering the grass when established by topsoiling only | E39: kilolitre (kℓ) | F39: 100 | H39: =F39*G39 -> 0
A40: C11.8.6 | D40: Watering the already planted grass, trees and shrubs during the growing season | E40: kilolitre (kℓ) | F40: 900 | H40: =F40*G40 -> 0
A41: C11.8.7 | D41: Mowing the grass | E41: hectare (ha) | F41: 12 | H41: =F41*G41 -> 0
A42: C11.8.8 | D42: Anti-erosion compound or hydraulic mulches (Cellulose pulp and Surfasol) | E42: kilogram (kg) | F42: 1900 | H42: =F42*G42 -> 0
A43: C11.8.10 | D43: Unspecified work for landscaping | E43: provisional sum | F43: Prov | G43: Sum | H43: 55000
A44: C11.8.11 | D44: Weeding all grass-seeded areas and the grass when established by topsoiling only | E44: hectare (ha) | F44: 0.4 | H44: =F44*G44 -> 0
A45: C11.8.12 | D45: Removal of undesirable vegetation | E45: square metre (m2) | F45: 160000 | H45: =F45*G45 -> 0
A49: TOTAL CARRIED FORWARD TO SUMMARY | H49: =SUM(H5:H48) -> 55000

Sheet C11.9 (A1)
A1: C11.9 | D1: FINISHING THE ROAD AND ROAD RESERVE AND TREATING OLD ROADS
A2: ITEM | C2: DESCRIPTION | D2: UNIT | E2: QTY | F2: RATE | G2: AMT
A5: C11.9.1 | C5: Finishing the road and road reserve:
B6: C11.9.1.2 | C6: Single carriageway road | D6: kilometre (km) | E6: 15.9 | G6: =E6*F6 -> 0
A10: TOTAL CARRIED FORWARD TO SUMMARY | G10: =SUM(G5:G9) -> 0

Sheet C12.1
A1: C12.1 | E1: PILING
A2: ITEM | D2: DESCRIPTION | E2: UNIT | F2: QTY | G2: RATE | H2: AMT | I2: Note to compiler: Items requiring additional information to be provided by compiler is marked in this column by X.
A5: C12.1.1 | D5: Additional foundation investigations | E5: provisional sum | F5: Prov | G5: Sum
A6: C12.1.2 | D6: Access and drainage:
B7: C12.1.2.1 | D7: Access | E7: lump sum | F7: lump | G7: sum
B8: C12.1.2.2 | D8: Drainage by pumping or other means | E8: lump sum | F8: lump | G8: sum
A9: C12.1.3 | D9: Establishment on site for piling (piling locations indicated (type indicated) | E9: lump sum | F9: lump | G9: sum | I9: X
A10: C12.1.4 | D10: Moving to, and setting up equipment at each position for installing piles (pile type indicated) | E10: number (No.) | H10: =F10*G10 -> 0 | I10: X
A11: C12.1.5 | D11: Augered or bored holes (type specified) for piles with a diameter of (diameter indicated) through material situated within the following successive depth ranges | I11: X
B12: C12.1.5.1 | D12: Augered holes
C13: (a) | D13: 0m up to 10m provided for in pay item C12.1.6 | E13: metre (m) | H13: =F13*G13 -> 0
C14: (b) | D14: Exceeding 10m and up to 15m | E14: metre (m) | H14: =F14*G14 -> 0
C15: (c) | D15: Etc in increments of 5,0m depths | E15: metre (m) | H15: =F15*G15 -> 0
B16: C12.1.5.2 | D16: Bored piles
C17: (a) | D17: 0m up to 10m | E17: metre (m) | H17: =F17*G17 -> 0
C18: (b) | D18: Exceeding 10m and up to 15m | E18: metre (m) | H18: =F18*G18 -> 0
C19: (c) | D19: Etc. in increments of 5,0m depths | E19: metre (m) | H19: =F19*G19 -> 0
A20: C12.1.6 | D20: Extra over item C12.1.5 irrespective of the depth, to form augered and bored pile holes through identified materials consisting of:
B21: C12.1.6.1 | D21: Coarse gravel with a matrix content of less than (max. percentage indicated) | E21: metre (m) | H21: =F21*G21 -> 0 | I21: X
B22: C12.1.6.2 | D22: Boulders (description of and maximum size indicated) | E22: metre (m) | H22: =F22*G22 -> 0 | I22: X
B23: C12.1.6.3 | D23: Rock formation (description and class of rock indicated) | E23: metre (m) | H23: =F23*G23 -> 0 | I23: X
A24: C12.1.7 | D24: Driving temporary casing for driven displacement piling systems (system indicated) for forming holes for piles with a diameter of (diameter indicated) through material situated within the following successive depth ranges: | I24: X
B25: C12.1.7.1 | D25: 0m up to 10m | E25: metre (m) | H25: =F25*G25 -> 0
B26: C12.1.7.2 | D26: Exceeding 10m and up to 15m | E26: metre (m) | H26: =F26*G26 -> 0
B27: C12.1.7.3 | D27: Etc. in increments of 5,0m depths | E27: metre (m) | H27: =F27*G27 -> 0
A28: C12.1.8 | D28: Forming augered or bored pile holes through unidentified materials | E28: provisional sum | F28: Prov | G28: Sum
A29: C12.1.9 | D29: Forming augered or bored pile holes through obstructions | E29: provisional sum | F29: Prov | G29: Sum
A30: C12.1.10 | D30: Provision for and maintenance of bentonite head for underslurry piles | E30: lump sum | F30: lump | G30: sum
A31: C12.1.11 | D31: Installing and removing temporary casings in augered holes for piles of (diameter indicated) | E31: metre (m) | H31: =F31*G31 -> 0 | I31: X
A32: C12.1.12 | D32: Installing permanent pile casing for piles of (diameter and pile type indicated) | E32: metre (m) | H32: =F32*G32 -> 0 | I32: X
A33: C12.1.13 | D33: Extra over items C12.1.5 and C12.1.7 for raking of piles:
B34: C12.1.13.1 | D34: Holes for piles of (diameter and rake indicated) | E34: metre (m) | H34: =F34*G34 -> 0 | I34: X
B35: C12.1.13.2 | D35: Temporary casing for driven displacement pile systems (diameter and rake indicated) | E35: metre (m) | H35: =F35*G35 -> 0 | I35: X
A36: C12.1.14 | D36: Forming bulbous bases for piles of (diameter indicated) | E36: number (No.) | H36: =F36*G36 -> 0 | I36: X
A37: C12.1.15 | D37: Steel reinforcement in cast in situ piles:
B38: C12.1.15.1 | D38: Mild-steel bars (type indicated) | E38: ton (t) | H38: =F38*G38 -> 0 | I38: X
B39: C12.1.15.2 | D39: High-yield-stress-steel bars (type indicated) | E39: ton (t) | H39: =F39*G39 -> 0 | I39: X
A40: C12.1.16 | D40: Cast in situ concrete in piles, underreams, bulbous bases and sockets (class of concrete indicated) | E40: cubic metre (m3) | H40: =F40*G40 -> 0
A41: C12.1.17 | D41: Extra over item C12.1.16 for concrete cast underwater | E41: cubic metre (m3) | H41: =F41*G41 -> 0
A42: C12.1.18 | D42: Manufacturing, supplying and delivering prefabricated piles (type and size indicated) | E42: metre (m) | H42: =F42*G42 -> 0 | I42: X
A43: C12.1.19 | D43: Installation of prefabricated piles (type and size indicated) through material situated within the following successive depth ranges:
B44: C12.1.19.1 | D44: 0m up to 10m | E44: metre (m) | H44: =F44*G44 -> 0
B45: C12.1.19.2 | D45: Exceeding 10m and up to 15m | E45: metre (m) | H45: =F45*G45 -> 0
B46: C12.1.19.3 | D46: Etc. in increments of 5,0m depths | E46: metre (m) | H46: =F46*G46 -> 0
A47: C12.1.20 | D47: Installation of self-drilling micropiles (size indicated) through material situated within the following successive depth ranges: | I47: X
B48: C12.1.20.1 | D48: 0m up to 9,0m | E48: metre (m) | H48: =F48*G48 -> 0
B49: C12.1.20.2 | D49: Exceeding 9,0m and up to 15m | E49: metre (m) | H49: =F49*G49 -> 0
B50: C12.1.20.3 | D50: Etc. in increments of 3,0m depths | E50: metre (m) | H50: =F50*G50 -> 0
A51: C12.1.21 | D51: Driving temporary casings for driven displacement in piling systems or install prefabricated piles through identified or unidentified materials | E51: provisional sum | F51: Prov | G51: Sum
A52: C12.1.22 | D52: Extra over item C12.1.19 for raking of prefabricated piles (type, size and rake indicated) | E52: metre (m) | H52: =F52*G52 -> 0 | I52: X
A53: C12.1.23 | D53: Splicing/coupling prefabricated piles for lengthening (size of pile indicated) | E53: number (No.) | H53: =F53*G53 -> 0 | I53: X
A54: C12.1.24 | D54: Stripping/cutting the pile heads (type and diameter/size of pile indicated) | E54: number (No.) | H54: =F54*G54 -> 0 | I54: X
A55: C12.1.25 | D55: Establishment on site for the load testing of piles | E55: lump sum | F55: lump | G55: Sum
A56: C12.1.26 | D56: Load tests on piles (compression/tension test, diameter/ size, specified, working load and pile type indicated) | E56: number (No.) | H56: =F56*G56 -> 0 | I56: X
A57: C12.1.27 | D57: Establishment on site for core drilling | E57: lump sum | F57: lump | G57: sum
A58: C12.1.28 | D58: Moving equipment to and assembling at each location where cores are to be drilled | E58: number (No.) | H58: =F58*G58 -> 0
A59: C12.1.29 | D59: Drilling the cores (diameter indicated) in: | I59: X
B60: C12.1.29.1 | D60: Concrete | E60: metre (m) | H60: =F60*G60 -> 0
B61: C12.1.29.2 | D61: Founding formation:
C62: (a) | D62: Irrespective of hardness | E62: metre (m) | H62: =F62*G62 -> 0
A63: C12.1.30 | D63: Standing time for pile-installation frame | E63: hour (h) | H63: =F63*G63 -> 0
A64: C12.1.31 | D64: Pile Integrity Testing on augered/bored piles
B65: C12.1.31.1 | D65: Providing and installing (diameter indicated) mild steel tubes for “Cross Hole Sonic Logging” in all designated piles | E65: metre (m) | H65: =F65*G65 -> 0 | I65: X
B66: C12.1.31.2 | D66: Carrying out of Impact Frequency Response (IFR) measurements or Sonic Tapping tests and interpretation of results (per pile diameter) | E66: number (No.) | H66: =F66*G66 -> 0 | I66: X
B67: C12.1.31.3 | D67: Cross-Hole Sonic Logging tests and interpreted results (per pile diameter) | E67: metre (m) | H67: =F67*G67 -> 0 | I67: X
B68: C12.1.31.4 | D68: Base integrity tests (per designated pile) | E68: number (No.) | H68: =F68*G68 -> 0 | I68: X
A69: C12.1.32 | D69: Lateral support to excavations
B70: C12.1.32.1 | D70: At location (to be indicated): | I70: X
C71: (a) | D71: 0 to 3,0m depth | E71: square metre (m2) | H71: =F71*G71 -> 0
C72: (b) | D72: 3,0 to 6,0m depth | E72: square metre (m2) | H72: =F72*G72 -> 0
B73: C12.1.32.2 | D73: At other locations (as indicated) | E73: square metre (m2) | H73: =F73*G73 -> 0 | I73: X
I75: Add items from other Sections as spedified in C1.1.3.7 and identified in Part C3(iii) where applicable
A77: TOTAL CARRIED FORWARD TO SUMMARY | H77: =SUM(H5:H76) -> 0

Sheet C12.2
A1: C12.2 | B1: C12.2 | D1: GROUND ANCHORS
A2: ITEM | C2: DESCRIPTION | D2: UNIT | E2: QTY | F2: RATE | G2: AMT | H2: Note to compiler: Items requiring additional information to be provided by compiler is marked in this column by X.
A5: C12.2.1 | C5: Establishment on site for anchoring | D5: lump sum | E5: lump | F5: sum
A6: C12.2.2 | C6: Re-establishment on site for additional work (type indicated) | D6: lump sum | E6: lump | F6: sum | H6: X
A7: C12.2.3 | C7: Provision of access to anchor positions | D7: lump sum | E7: lump | F7: sum
A8: C12.2.4 | C8: Moving to, and setting up the equipment for drilling the holes at each position | D8: number (No.) | G8: =E8*F8 -> 0
A9: C12.2.5 | C9: Drill holes with a diameter of (diameter indicated) to the specified depths and inclinations | D9: metre (m) | G9: =E9*F9 -> 0 | H9: X
A10: C12.2.6 | C10: Installation of permanent casing (size and length indicated) | D10: metre (m) | G10: =E10*F10 -> 0 | H10: X
A11: C12.2.7 | C11: Water tests | D11: number (No.) | G11: =E11*F11 -> 0
A12: C12.2.8 | C12: Grouting and re-drilling the holes | D12: metre (m) | G12: =E12*F12 -> 0
A13: C12.2.9 | C13: Cable anchor tendons:
B14: C12.2.9.1 | C14: Free anchor length | D14: meganewton-metre (MN-m) | G14: =E14*F14 -> 0
B15: C12.2.9.2 | C15: Fixed anchor length | D15: meganewton-metre (MN-m) | G15: =E15*F15 -> 0
A16: C12.2.10 | C16: Anchorages and couplers:
B17: C12.2.10.1 | C17: Anchorage at jacking end | D17: meganewton (MN) | G17: =E17*F17 -> 0
B18: C12.2.10.2 | C18: Coupler at jacking end | D18: meganewton (MN) | G18: =E18*F18 -> 0
A19: C12.2.11 | C19: Encasing the anchorages at the jacking end in concrete | D19: number (No.) | G19: =E19*F19 -> 0
A20: C12.2.12 | C20: Performance monitoring of anchors
B21: C12.2.12.1 | C21: Establishment of lift-off testing team and equipment | D21: lump sum | E21: lump | F21: sum
B22: C12.2.12.2 | C22: Lift-off tests | D22: number (No.) | G22: =E22*F22 -> 0
A23: C12.2.13 | C23: Establishment on the site for drilling of rockbolts, dowels, soil nails or mechanical anchors (type indicated) | D23: lump sum | E23: lump | F23: sum | H23: X
A24: C12.2.14 | C24: Move to and set up at each rockbolt, dowel, soil nail or mechanical anchor position | D24: number (No.) | G24: =E24*F24 -> 0
A25: C12.2.15 | C25: Install, grout and protect soil nails or rock bolts (lengths indicated) | D25: number (No.) | G25: =E25*F25 -> 0 | H25: X
A26: C12.2.16 | C26: Extra over for tensioning soil nails or rockbolts | D26: number (No.) | G26: =E26*F26 -> 0
A27: C12.2.17 | C27: Apply rock bolt protection and camouflage | D27: number (No.) | G27: =E27*F27 -> 0
A28: C12.2.18 | C28: Move to and set up at each mechanical driven tipping anchor/ mechanical screw anchor position (type indicated) | D28: number (No.) | G28: =E28*F28 -> 0 | H28: X
A29: C12.2.19 | C29: Install mechanically driven tipping anchors / mechanical screw anchors (type and lengths indicated) | D29: number (No.) | G29: =E29*F29 -> 0 | H29: X
H31: Add items from other Sections as spedified in C1.1.3.7 and identified in Part C3(iii) where applicable
A33: TOTAL CARRIED FORWARD TO SUMMARY | G33: =SUM(G5:G32) -> 0

Sheet C12.3
A1: C12.3 | D1: GROUND IMPROVEMENT
A2: ITEM | C2: DESCRIPTION | D2: UNIT | E2: QTY | F2: RATE | G2: AMT | H2: Note to compiler: Items requiring additional information to be provided by compiler is marked in this column by X.
A5: C12.3.1 | C5: Site Establishment
B6: C12.3.1.1 | C6: Geotechnical Grouting | D6: lump sum | E6: lump | F6: sum
B7: C12.3.1.2 | C7: Jet Grouting | D7: lump sum | E7: lump | F7: sum
B8: C12.3.1.3 | C8: Compaction Grouting | D8: lump sum | E8: lump | F8: sum
B9: C12.3.1.4 | C9: Dynamic compaction | D9: lump sum | E9: lump | F9: sum
B10: C12.3.1.5 | C10: Rapid impact compaction | D10: lump sum | E10: lump | F10: sum
B11: C12.3.1.6 | C11: Vibration compaction | D11: lump sum | E11: lump | F11: sum
B12: C12.3.1.7 | C12: Underpinning | D12: lump sum | E12: lump | F12: sum
B13: C12.3.1.8 | C13: Preloading | D13: lump sum | E13: lump | F13: sum
B14: C12.3.1.9 | C14: Basal reinforcement | D14: lump sum | E14: lump | F14: sum
A15: C12.3.2 | C15: Moving to and setting up equipment at each position for:
B16: C12.3.2.1 | C16: Geotechnical Grouting | D16: number (No.) | G16: =E16*F16 -> 0
B17: C12.3.2.2 | C17: Jet Grouting | D17: number (No.) | G17: =E17*F17 -> 0
B18: C12.3.2.3 | C18: Compaction Grouting | D18: number (No.) | G18: =E18*F18 -> 0
B19: C12.3.2.4 | C19: Dynamic compaction | D19: number (No.) | G19: =E19*F19 -> 0
B20: C12.3.2.5 | C20: Rapid impact compaction | D20: number (No.) | G20: =E20*F20 -> 0
B21: C12.3.2.6 | C21: Vibration compaction | D21: number (No.) | G21: =E21*F21 -> 0
B22: C12.3.2.7 | C22: Underpinning | D22: number (No.) | G22: =E22*F22 -> 0
B23: C12.3.2.8 | C23: Preloading | D23: number (No.) | G23: =E23*F23 -> 0
B24: C12.3.2.9 | C24: Basal treatment | D24: number (No.) | G24: =E24*F24 -> 0
A25: C12.3.3 | C25: Setting out of works at treatment positions | D25: number (No.) | G25: =E25*F25 -> 0
A26: C12.3.4 | C26: Grouting (Cement)
B27: C12.3.4.1 | C27: Geotechnical grouting | D27: kilogram (kg) | G27: =E27*F27 -> 0
B28: C12.3.4.2 | C28: Jet grouting | D28: kilogram (kg) | G28: =E28*F28 -> 0
B29: C12.3.4.3 | C29: Compaction grouting | D29: kilogram (kg) | G29: =E29*F29 -> 0
A30: C12.3.5 | C30: Grouting (Fillers and Additives)
B31: C12.3.5.1 | C31: Sand | D31: kilogram (kg) | G31: =E31*F31 -> 0
B32: C12.3.5.2 | C32: Bentonite | D32: kilogram (kg) | G32: =E32*F32 -> 0
B33: C12.3.5.3 | C33: Other fillers (specify) | D33: kilogram (kg) | G33: =E33*F33 -> 0 | H33: X
A34: C12.3.6 | C34: Drilling of holes for geotechnical /compaction grouting (diameter and inclination indicated) | D34: metre (m) | G34: =E34*F34 -> 0 | H34: X
A35: C12.3.7 | C35: Extra over for drilling through reinforced concrete | D35: metre (m) | G35: =E35*F35 -> 0
A36: C12.3.8 | C36: Drilling holes for jet grouting to specified depths (depth ranges and inclinations to be specified) | D36: metre (m) | G36: =E36*F36 -> 0 | H36: X
A37: C12.3.9 | C37: Installation of casing (diameter and inclination indicated) | D37: metre (m) | G37: =E37*F37 -> 0 | H37: X
A38: C12.3.10 | C38: Installation of standpipes for geotechnical grouting | D38: number (No.) | G38: =E38*F38 -> 0
A39: C12.3.11 | C39: Injection Grouting (type indicated) | D39: cubic metre (m3) | G39: =E39*F39 -> 0 | H39: X
A40: C12.3.12 | C40: Extra-over items 12.3.4 and 12.3.5 for stage grouting (specify up-or downstage) | D40: number (No.) | G40: =E40*F40 -> 0 | H40: X
A41: C12.3.13 | C41: Extra-over items 12.3.4 and 12.3.5 for jet grouting of widened sections or mushroom heads (position and width to be specified) | D41: number (No.) | G41: =E41*F41 -> 0 | H41: X
A42: C12.3.14 | C42: Exposing test jet grouted columns | D42: number (No.) | G42: =E42*F42 -> 0
A43: C12.3.15 | C43: Coring of jet grouted columns
B44: C12.3.15.1 | C44: Setting up over completed jet grouted columns | D44: number (No.) | G44: =E44*F44 -> 0
B45: C12.3.15.2 | C45: Drilling and core recovery (size indicated) | D45: metre (m) | G45: =E45*F45 -> 0 | H45: X
B46: C12.3.15.3 | C46: Provision of core boxes | D46: number (No.) | G46: =E46*F46 -> 0
A47: C12.3.16 | C47: Removal of jetting and drilling spoil | D47: cubic metre-kilometre (m3-km) | G47: =E47*F47 -> 0
A48: C12.3.17 | C48: Performing dynamic compaction over (specify distance) utilising a (indicate mass) tonne pounder | H48: X
B49: C12.3.17.1 | C49: Primary prints | D49: blows | G49: =E49*F49 -> 0
B50: C12.3.17.2 | C50: Secondary prints | D50: blows | G50: =E50*F50 -> 0
B51: C12.3.17.3 | C51: Ironing prints | D51: blows | G51: =E51*F51 -> 0
A52: C12.3.18 | C52: Variation in number of blows
B53: C12.3.18.1 | C53: Primary prints | D53: blows | G53: =E53*F53 -> 0
B54: C12.3.18.2 | C54: Secondary prints | D54: blows | G54: =E54*F54 -> 0
B55: C12.3.18.3 | C55: Ironing prints | D55: blows | G55: =E55*F55 -> 0
A56: C12.3.19 | C56: Importing G7 quality material from approved sources | D56: cubic metre (m3) | G56: =E56*F56 -> 0
A57: C12.3.20 | C57: Importing dump rock for forming stone columns by dynamic compaction from approved sources | D57: cubic metre (m3) | G57: =E57*F57 -> 0
A58: C12.3.21 | C58: Importing crushed rock for vibratory replacement from approved sources | D58: cubic metre (m3) | G58: =E58*F58 -> 0
A59: C12.3.22 | C59: Water acceptance testing (permeability tests as specified) | D59: number (No.) | G59: =E59*F59 -> 0 | H59: X
A60: C12.3.23 | C60: Plate load tests | D60: number (No.) | G60: =E60*F60 -> 0
A61: C12.3.24 | C61: Establishment on site for
B62: C12.3.24.1 | C62: DCP testing (depth indicated) | D62: lump sum | E62: lump | F62: sum | H62: X
B63: C12.3.24.2 | C63: CPT testing (depth indicated) | D63: lump sum | E63: lump | F63: sum | H63: X
B64: C12.3.24.3 | C64: DPSH testing (depth indicated) | D64: lump sum | E64: lump | F64: sum | H64: X
A65: C12.3.25 | C65: DCP, CPT and DPSH testing
B66: C12.3.25.1 | C66: DCP testing (depth indicated) | D66: number (No.) | G66: =E66*F66 -> 0 | H66: X
B67: C12.3.25.2 | C67: CPT testing (depth indicated) | D67: number (No.) | G67: =E67*F67 -> 0 | H67: X
B68: C12.3.25.3 | C68: DPSH testing (depth indicated) | D68: number (No.) | G68: =E68*F68 -> 0 | H68: X
A69: C12.3.26 | C69: Continuous surface wave testing (CSW) | D69: number (No.) | G69: =E69*F69 -> 0
A70: C12.3.27 | C70: Monitoring of instruments and earthworks by survey | D70: month | G70: =E70*F70 -> 0
A71: C12.3.28 | C71: Supply and install rod settlement gauges | D71: number (No.) | G71: =E71*F71 -> 0
A72: C12.3.29 | C72: Supply and install standpipe piezometers | D72: number (No.) | G72: =E72*F72 -> 0
A73: C12.3.30 | C73: Supply and install pneumatic piezometers (lengths indicated) | D73: number (No.) | G73: =E73*F73 -> 0 | H73: X
A74: C12.3.31 | C74: Supply and install inclinometer monitoring systems (lengths indicated) | D74: metre (m) | G74: =E74*F74 -> 0 | H74: X
A75: C12.3.32 | C75: Supply and install pressure measuring loadcells (type and make specified) | D75: number (No.) | G75: =E75*F75 -> 0 | H75: X
A76: C12.3.33 | C76: Supply and install geosynthetic for basal reinforcements | D76: square metre (m2) | G76: =E76*F76 -> 0
A77: C12.3.34 | C77: Supply and placement of 125 mm protection layer | D77: cubic metre (m3) | G77: =E77*F77 -> 0
H79: Add items from other Sections as spedified in C1.1.3.7 and identified in Part C3(iii) where applicable
A81: TOTAL CARRIED FORWARD TO SUMMARY | G81: =SUM(G5:G80) -> 0

Sheet C12.4
A1: C12.4 | D1: LATERAL SUPPORT
A2: ITEM | C2: DESCRIPTION | D2: UNIT | E2: QTY | F2: RATE | G2: AMT | H2: Note to compiler: Items requiring additional information to be provided by compiler is marked in this column by X.
A5: C12.4.1 | C5: Site Establishment
B6: C12.4.1.1 | C6: Sheet Piling | D6: lump sum | E6: lump | F6: sum
B7: C12.4.1.2 | C7: Diaphragm Walls | D7: lump sum | E7: lump | F7: sum
A8: C12.4.2 | C8: Moving to and setting up equipment at sections or sites to be defined
B9: C12.4.2.1 | C9: Sheet Piling | D9: number (No.) | G9: =E9*F9 -> 0
B10: C12.4.2.2 | C10: Diaphragm Walls | D10: number (No.) | G10: =E10*F10 -> 0
A11: C12.4.3 | C11: Setting out of works at sheet piling or diaphragm panel positions | D11: metre (m) | G11: =E11*F11 -> 0
A12: C12.4.4 | C12: Sheet pile driving (individual sheet pile type or sheet panel extent specified) | D12: square metre (m2) | G12: =E12*F12 -> 0 | H12: X
A13: C12.4.5 | C13: Sheet pile extraction | D13: square metre (m2) | G13: =E13*F13 -> 0
A14: C12.4.6 | C14: Sheet pile and diaphragm wall supports (as specified) | H14: X
B15: C12.4.6.1 | C15: Props | D15: number (No.) | G15: =E15*F15 -> 0
B16: C12.4.6.2 | C16: Anchors | D16: number (No.) | G16: =E16*F16 -> 0
B17: C12.4.6.3 | C17: Tie-bars | D17: number (No.) | G17: =E17*F17 -> 0
A18: C12.4.7 | C18: Sheet pile grouting
B19: C12.4.7.1 | C19: Chemical grouting | D19: kilogram (kg) | G19: =E19*F19 -> 0
B20: C12.4.7.2 | C20: Jet grouting | D20: kilogram (kg) | G20: =E20*F20 -> 0
B21: C12.4.7.3 | C21: Compaction grouting | D21: kilogram (kg) | G21: =E21*F21 -> 0
A22: C12.4.8 | C22: Concrete placed by tremie under slurry in diaphragm walls (class of concrete indicated) | D22: cubic metre (m3) | G22: =E22*F22 -> 0 | H22: X
A23: C12.4.9 | C23: Partial Excavation of Panels | D23: cubic metre (m3) | G23: =E23*F23 -> 0
A24: C12.4.10 | C24: Cement, additives, bentonite, aggregate and fillers
B25: C12.4.10.1 | C25: Cement | D25: kilogram (kg) | G25: =E25*F25 -> 0
B26: C12.4.10.2 | C26: Bentonite | D26: kilogram (kg) | G26: =E26*F26 -> 0
B27: C12.4.10.3 | C27: Fine/coarse aggregate (specify) | D27: kilogram (kg) | G27: =E27*F27 -> 0 | H27: X
B28: C12.4.10.4 | C28: Other fillers (specify) | D28: kilogram (kg) | G28: =E28*F28 -> 0 | H28: X
A29: C12.4.11 | C29: Bentonite slurry re-use | D29: cubic metre (m3) | G29: =E29*F29 -> 0
A30: C12.4.12 | C30: Steel reinforcement | D30: ton (t) | G30: =E30*F30 -> 0
A31: C12.4.13 | C31: Exposing tops of selected concrete panels | D31: number (No.) | G31: =E31*F31 -> 0
A32: C12.4.14 | C32: Coring of concrete panels
B33: C12.4.14.1 | C33: Setting up at completed panels | D33: number (No.) | G33: =E33*F33 -> 0
B34: C12.4.14.2 | C34: Drilling and core recovery (size indicated) | D34: metre (m) | G34: =E34*F34 -> 0 | H34: X
B35: C12.4.14.3 | C35: Provision of core boxes | D35: number (No.) | G35: =E35*F35 -> 0
B36: C12.4.14.4 | C36: Extra-over for inclined drilling | D36: metre (m) | G36: =E36*F36 -> 0
H38: Add items from other Sections as spedified in C1.1.3.7 and identified in Part C3(iii) where applicable
A40: TOTAL CARRIED FORWARD TO SUMMARY | G40: =SUM(G5:G39) -> 0

Sheet C12.5
A1: C12.5 | D1: SHOTCRETE
A2: ITEM | C2: DESCRIPTION | D2: UNIT | E2: QTY | F2: RATE | G2: AMT | H2: Note to compiler: Items requiring additional information to be provided by compiler is marked in this column by X.
A5: C12.5.1 | C5: Establishment on site | D5: lump sum | E5: lump | F5: sum
A6: C12.5.2 | C6: Surface preparation for shotcreting | D6: square metre (m2) | G6: =E6*F6 -> 0
A7: C12.5.3 | C7: Supply and installation of reinforcement:
B8: C12.5.3.1 | C8: Welded steel mesh fabric (Ref. 395) | D8: square metre (m2) | G8: =E8*F8 -> 0 | H8: X | I8: Note to compiler: 395 is generally used but if different size mesh is required it should be amended.
B9: C12.5.3.2 | C9: Fibre (type indicated) | D9: kilogram (kg) | G9: =E9*F9 -> 0 | H9: X
B10: C12.5.3.3 | C10: Other special reinforcement systems as specified | D10: square metre (m2) | G10: =E10*F10 -> 0 | H10: X
A11: PC12.5.4 | C11: Shotcrete (of specified thickness or volume):
B12: C12.5.4.1 | C12: Flash/base coat (unreinforced) (specify thickness) | D12: square metre (m2) | G12: =E12*F12 -> 0 | H12: X
B13: C12.5.4.2 | C13: Intermediate coat/s (specify thickness and number of layers) | D13: square metre (m2) | G13: =E13*F13 -> 0 | H13: X
B14: C12.5.4.3 | C14: Final coat (specify thickness, pigmentation and finish) | D14: square metre (m2) | G14: =E14*F14 -> 0 | H14: X
B15: C12.5.4.4 | C15: Dental shotcrete | D15: cubic metre (m3) | G15: =E15*F15 -> 0 | I15: Note to compiler: Unit corrected to m3
A16: C12.5.5 | C16: Removal to spoil of material trimmed from slope | D16: cubic metre-kilometre (m3-km) | G16: =E16*F16 -> 0
A17: C12.5.6 | C17: Edge finishing of shotcrete | D17: metre (m) | G17: =E17*F17 -> 0
A18: C12.5.7 | C18: Geopipe collectors and weepholes:
B19: C12.5.7.1 | C19: 50mm diameter U-PVC weephole piping (specify length and class) | D19: number (No.) | G19: =E19*F19 -> 0 | H19: X
B20: C12.5.7.2 | C20: Geopipe collectors (specify type, diameter and class) | D20: metre (m) | G20: =E20*F20 -> 0 | H20: X
B21: C12.5.7.3 | C21: Other piping (specify type, diameter and class) | D21: metre (m) | G21: =E21*F21 -> 0 | H21: X
A22: C12.5.8 | C22: Geocomposite/geosynthetic drain as specified | D22: metre (m) | G22: =E22*F22 -> 0 | H22: X
H24: Add items from other Sections as spedified in C1.1.3.7 and identified in Part C3(iii) where applicable
A26: TOTAL CARRIED FORWARD TO SUMMARY | G26: =SUM(G5:G25) -> 0

Sheet C12.6
A1: C12.6 | E1: MECHANICALLY STABILISED EARTH AND GABIONS
A2: ITEM | D2: DESCRIPTION | E2: UNIT | F2: QTY | G2: RATE | H2: AMT | I2: Note to compiler: Items requiring additional information to be provided by compiler is marked in this column by X.
A5: C12.6.1 | D5: Establishment on site for MSE
B6: C12.6.1.1 | D6: For reinforced concrete facing | E6: lump sum | F6: lump | G6: sum
B7: C12.6.1.2 | D7: For concrete block wall facing | E7: lump sum | F7: lump | G7: sum
B8: C12.6.1.3 | D8: For metallic facing | E8: lump sum | F8: lump | G8: sum
A9: C12.6.2 | D9: Excavation for wall base foundation | E9: cubic metre (m3) | H9: =F9*G9 -> 0
A10: C12.6.3 | D10: Concrete for wall base foundation | E10: cubic metre (m3) | H10: =F10*G10 -> 0
A11: C12.6.4 | D11: Reinforcing steel in wall base foundation
B12: C12.6.4.1 | D12: Mild steel | E12: ton (t) | H12: =F12*G12 -> 0
B13: C12.6.4.2 | D13: High tensile steel | E13: ton (t) | H13: =F13*G13 -> 0
A14: C12.6.5 | D14: Preparation of surface for laying metallic strips or geosynthetic | E14: square metre (m2) | H14: =F14*G14 -> 0
A15: C12.6.6 | D15: Metallic reinforcing strips (section dimension indicated) | E15: metre (m) | H15: =F15*G15 -> 0 | I15: X
A16: C12.6.7 | D16: Metallic reinforcing mesh (section dimension indicated) | E16: square metre (m2) | H16: =F16*G16 -> 0 | I16: X
A17: C12.6.8 | D17: Polymer/Geosynthetic reinforcing strips (section dimension indicated) | E17: metre (m) | H17: =F17*G17 -> 0 | I17: X
A18: C12.6.9 | D18: Polymer/Geosynthetic reinforcing sheet as specified | E18: square metre (m2) | H18: =F18*G18 -> 0
A19: C12.6.10 | D19: Fixing mechanism to facings
B20: C12.6.10.1 | D20: Strips | E20: number (No.) | H20: =F20*G20 -> 0
B21: C12.6.10.2 | D21: Sheets | E21: metre (m) | H21: =F21*G21 -> 0
A22: C12.6.11 | D22: Backfill (material type and compaction requirements indicated) | E22: cubic metre (m3) | H22: =F22*G22 -> 0 | I22: X
A23: C12.6.12 | D23: Facings (type, size and thickness indicated) | I23: X
B24: C12.6.12.1 | D24: For reinforced concrete panel facing | E24: square metre (m2) | H24: =F24*G24 -> 0
B25: C12.6.12.2 | D25: For concrete block wall facing | E25: square metre (m2) | H25: =F25*G25 -> 0
B26: C12.6.12.3 | D26: For metallic facing | E26: square metre (m2) | H26: =F26*G26 -> 0
A27: C12.6.13 | D27: Drainage (type and size indicated) | E27: number (No.) | H27: =F27*G27 -> 0 | I27: X
A28: C12.6.14 | D28: Foundation trench excavation:
B29: C12.6.14.1 | D29: Excavating all material situated within the following depth ranges below the surface level
C30: (a) | D30: 0m to 1,5m | E30: cubic metre (m3) | H30: =F30*G30 -> 0
C31: (b) | D31: Exceeding 1,5m and up to 3,0m | E31: cubic metre (m3) | H31: =F31*G31 -> 0
C32: (c) | D32: Etc. in increments of 1,5m | E32: cubic metre (m3) | H32: =F32*G32 -> 0 | I32: X
B33: C12.5.14.2 | D33: Extra over sub-item C11.2.1.1 for excavation in hard material, irrespective of depth | E33: cubic metre (m3) | H33: =F33*G33 -> 0
B34: C12.6.14.3 | D34: Excavating soft material within 1,5m below the surface level using labour enhancement construction methods | E34: cubic metre (m3) | H34: =F34*G34 -> 0
B35: C12.6.14.4 | D35: Excavating intermediate material within 1,5m below the surface level using labour enhancement construction methods | E35: cubic metre (m3) | H35: =F35*G35 -> 0
A36: C12.6.15 | D36: Surface preparation for bedding the gabions | E36: square metre (m2) | H36: =F36*G36 -> 0
A37: C12.6.16 | D37: Gabions and mattresses:
B38: C12.6.16.1 | D38: Galvanized gabion boxes (dimensions of box) | E38: cubic metre (m3) | H38: =F38*G38 -> 0 | I38: X
B39: C12.6.16.2 | D39: Polymer coated gabion boxes (dimensions of box) | E39: cubic metre (m3) | H39: =F39*G39 -> 0 | I39: X
B40: C12.6.16.3 | D40: Galvanized gabion mattresses (dimensions of mattress) | E40: cubic metre (m3) | H40: =F40*G40 -> 0 | I40: X
B41: C12.6.16.4 | D41: Polymer coated gabion mattresses (dimensions of mattress) | E41: cubic metre (m3) | H41: =F41*G41 -> 0 | I41: X
A42: C12.6.17 | D42: Geotextile (type indicated) | E42: square metre (m2) | H42: =F42*G42 -> 0 | I42: X
I44: Add items from other Sections as spedified in C1.1.3.7 and identified in Part C3(iii) where applicable
A46: TOTAL CARRIED FORWARD TO SUMMARY | H46: =SUM(H5:H45) -> 0

Sheet C12.7
A1: C12.7 | D1: TRENCHLESS METHODS
A2: ITEM | C2: DESCRIPTION | D2: UNIT | E2: QTY | F2: RATE | G2: AMT | H2: Note to compiler: Items requiring additional information to be provided by compiler is marked in this column by X.
A5: C12.7.1 | C5: Establishment on site for: (indicate type of operation: Pipe Jacking, Horizontal directional drilling, Pipe Ramming, or Micro-tunnelling) | D5: lump sum | E5: lump | F5: sum | H5: X
A6: C12.7.2 | C6: Moving to and setting up equipment at each position for (indicate type of operation) | D6: number (No.) | G6: =E6*F6 -> 0 | H6: X
A7: C12.7.3 | C7: Installing holes (diameter, lining type indicated) to required length for (indicate type of operation) | D7: metre (m) | G7: =E7*F7 -> 0 | H7: X
A8: C12.7.4 | C8: Penetrating unidentified obstructions/services (indicate type of operation, i.e. Pipe Jacking, Horizontal directional drilling, Pipe Ramming or Micro-tunnelling) for penetration of: | H8: X
B9: C12.7.4.1 | C9: Steel or iron | D9: metre (m) | G9: =E9*F9 -> 0
B10: C12.7.4.2 | C10: Concrete | D10: metre (m) | G10: =E10*F10 -> 0
B11: C12.7.4.3 | C11: Rock of UCS > 3 MPa | D11: metre (m) | G11: =E11*F11 -> 0
H13: Add items from other Sections as spedified in C1.1.3.7 and identified in Part C3(iii) where applicable
A15: TOTAL CARRIED FORWARD TO SUMMARY | G15: =SUM(G5:G14) -> 0

Sheet C12.8
A1: C12.8 | D1: GROUND DRAINAGE
A2: ITEM | C2: DESCRIPTION | D2: UNIT | E2: QTY | F2: RATE | G2: AMT | H2: Note to compiler: Items requiring additional information to be provided by compiler is marked in this column by X.
A5: C12.8.1 | C5: Establishment on site for
B6: C12.8.1.1 | C6: Well point construction | D6: lump sum | E6: lump | F6: sum
B7: C12.8.1.2 | C7: Horizontal drains | D7: lump sum | E7: lump | F7: sum
B8: C12.8.1.3 | C8: Vertical drains (all types) | D8: lump sum | E8: lump | F8: sum
B9: C12.8.1.4 | C9: Geosynthetic/Blanket drains | D9: lump sum | E9: lump | F9: sum
A10: C12.8.2 | C10: Provision of access to drain positions (type indicated) | D10: lump sum | E10: lump | F10: sum | H10: X
A11: C12.8.3 | C11: Moving to, and setting up the equipment for drilling the holes at each well/horizontal/ sand drain position (type indicated) | D11: number (No.) | G11: =E11*F11 -> 0 | H11: X
A12: C12.8.4 | C12: Moving to, and setting up the equipment for installing vertical drains at each drain position (size and type of drain indicated) | D12: number (No.) | G12: =E12*F12 -> 0 | H12: X
A13: C12.8.5 | C13: Drill holes for wells (diameter indicated) to the required depth | D13: metre (m) | G13: =E13*F13 -> 0 | H13: X
A14: C12.8.6 | C14: Drill holes for horizontal drains (inclination and diameter indicated) to the required depth | D14: metre (m) | G14: =E14*F14 -> 0 | H14: X
A15: C12.8.7 | C15: Drill holes for vertical sand drains (diameter indicated) to the required depth | D15: metre (m) | G15: =E15*F15 -> 0 | H15: X
A16: C12.8.8 | C16: Pre-drilling of holes for vertical drains (diameter indicated) to the required depth | D16: metre (m) | G16: =E16*F16 -> 0 | H16: X
A17: C12.8.9 | C17: Installation of slotted drainage pipes for wells (size indicated) | D17: metre (m) | G17: =E17*F17 -> 0 | H17: X
A18: C12.8.10 | C18: Installation of slotted drainage pipes for horizontal drains (size indicated) | D18: metre (m) | G18: =E18*F18 -> 0 | H18: X
A19: C12.8.11 | C19: Installation of vertical drains (type/ size indicated) | D19: metre (m) | G19: =E19*F19 -> 0 | H19: X
A20: C12.8.12 | C20: Filter sand for wells (type/ size indicated) | D20: kilogram (kg) | G20: =E20*F20 -> 0 | H20: X
A21: C12.8.13 | C21: River sand for vertical drains (source indicated) | D21: cubic metre (m3) | G21: =E21*F21 -> 0 | H21: X
A22: C12.8.14 | C22: Provision and installation of submersible borehole pumps in designated wells | D22: provisional sum | E22: Prov | F22: Sum
A23: C12.8.15 | C23: Construction of base station for wells | D23: provisional sum | E23: Prov | F23: Sum
H25: Add items from other Sections as spedified in C1.1.3.7 and identified in Part C3(iii) where applicable
A27: TOTAL CARRIED FORWARD TO SUMMARY | G27: =SUM(G5:G26) -> 0

Sheet C12.9
A1: C12.9 | C1: SLOPE PROTECTION MEASURES
A2: ITEM | B2: DESCRIPTION | C2: UNIT | D2: QTY | E2: RATE | F2: AMT | G2: Note to compiler: Items requiring additional information to be provided by compiler is marked in this column by X.
A5: C12.9.1 | B5: Barring down of rock surfaces within vertical height intervals (intervals stated) | C5: square metre (m2) | F5: =D5*E5 -> 0 | G5: X
A6: C12.9.2 | B6: Cleaning of rock surfaces by high pressure air and water jetting equipment within the vertical height intervals (categories stated) | C6: square metre (m2) | F6: =D6*E6 -> 0 | G6: X
A7: C12.9.3 | B7: Disposal of barred down and accumulated debris | C7: cubic metre-kilometre (m3-km) | F7: =D7*E7 -> 0
A8: C12.9.4 | B8: Supply and install wire mesh rockfall netting within vertical height intervals (intervals stated) (galvanic requirements, roll width, wire thickness, tensile strength, weave, aperture, PVC coating and/or colouring indicated) | C8: square metre (m2) | F8: =D8*E8 -> 0 | G8: X
A9: C12.9.5 | B9: Supply and Installation/erection of catch fencing (galvanic requirements, type, height, length and energy rating in kJ and location of fences indicated) | C9: metre (m) | F9: =D9*E9 -> 0 | G9: X
A10: C12.9.6 | B10: Supply and installation/erection of additional anchor lengths for catch fences (differentiate between threadbar and wire rope anchor for different diameters) | C10: metre (m) | F10: =D10*E10 -> 0 | G10: X
A11: C12.9.7 | B11: Gap filling under the catch fences (energy class stated) | C11: square metre (m2) | F11: =D11*E11 -> 0 | G11: X
A12: C12.9.8 | B12: Supply and installation/erection of shallow landslide fencing (galvanic requirements, type, height, length and rating and fence length class interval) | C12: metre (m) | F12: =D12*E12 -> 0 | G12: X
A13: C12.9.9 | B13: Supply and install additional anchor lengths for shallow landslide fences (differentiate between threadbar and wire rope anchor for different diameters) | C13: metre (m) | F13: =D13*E13 -> 0 | G13: X
A14: C12.9.10 | B14: Gap filling under the shallow landslide fences (fence rating indicated) | C14: square metre (m2) | F14: =D14*E14 -> 0 | G14: X
A15: C12.9.11 | B15: Supply and installation/erection of debris flow fencing (galvanic requirements, type, rating and location for each numbered fence indicated) | C15: metre (m) | F15: =D15*E15 -> 0 | G15: X
A16: C12.9.12 | B16: Supply and install additional anchor lengths for debris flow fences (differentiate between threadbar and wire rope anchor for different diameters) | C16: metre (m) | F16: =D16*E16 -> 0 | G16: X
G18: Add items from other Sections as spedified in C1.1.3.7 and identified in Part C3(iii) where applicable
A20: TOTAL CARRIED FORWARD TO SUMMARY | F20: =SUM(F5:F19) -> 0

Sheet C12.10
A1: C12.10 | C1: HARD EXCAVATION BY BLASTING
A2: ITEM | B2: DESCRIPTION | C2: UNIT | D2: QTY | E2: RATE | F2: AMT | G2: Note to compiler: Items requiring additional information to be provided by compiler is marked in this column by X.
A5: PC12.10.1 | B5: Excavation in hard rock using controlled blasting techniques | C5: cubic metre (m3) | F5: =D5*E5 -> 0
A6: C12.10.2 | B6: Pre-splitting - base rate for holes @ 750mm c/c | C6: square metre (m2) | F6: =D6*E6 -> 0
A7: C12.10.3 | B7: Pre-splitting - compensation for additional holes | C7: metre of hole (m) | F7: =D7*E7 -> 0
A8: C12.10.4 | B8: Smooth blasting - base rate for holes @ 1500mm c/c | C8: square metre (m2) | F8: =D8*E8 -> 0
A9: C12.10.5 | B9: Smooth Blasting - compensation for additional holes | C9: metre (m) | F9: =D9*E9 -> 0
A10: C12.10.6 | B10: Line Drilling - base rate for holes @ 300mm c/c | C10: square metre (m2) | F10: =D10*E10 -> 0
A11: C12.10.7 | B11: Line Drilling – compensation for additional holes | C11: metre (m) | F11: =D11*E11 -> 0
A12: PC12.10.8 | B12: Ground vibration, air blast and fly rock monitoring | C12: lum sum | D12: lump | E12: sum
G13: Add items from other Sections as spedified in C1.1.3.7 and identified in Part C3(iii) where applicable
A15: TOTAL CARRIED FORWARD TO SUMMARY | F15: =SUM(F5:F14) -> 0

Sheet C12.11
A1: C12.11 | C1: GEOSYNTHETICS
A2: ITEM | B2: DESCRIPTION | C2: UNIT | D2: QTY | E2: RATE | F2: AMT | G2: Note to compiler: Items requiring additional information to be provided by compiler is marked in this column by X.
B5: Measurement and Payment will be covered under the Chapters where applicable
G11: Add items from other Sections as spedified in C1.1.3.7 and identified in Part C3(iii) where applicable
A14: TOTAL CARRIED FORWARD TO SUMMARY | F14: =SUM(F5:F13) -> 0

Sheet C12.12
A1: C12.12 | D1: CONSTRUCTION DEWATERING
A2: ITEM | C2: DESCRIPTION | D2: UNIT | E2: QTY | F2: RATE | G2: AMT | H2: Note to compiler: Items requiring additional information to be provided by compiler is marked in this column by X.
A5: C12.12.1 | C5: Establishment on site for construction dewatering | D5: lump sum | E5: lump | F5: sum
A6: C12.12.2 | C6: Installing and commissioning all requisite plant and equipment to undertake dewatering by well system offered (type of well system to be nominated by tenderer) | D6: number (No.) | G6: =E6*F6 -> 0 | H6: X
A7: C12.12.3 | C7: Operate and maintain well system (type of well system to be nominated by tenderer) | D7: (pumped) hours (hrs) | G7: =E7*F7 -> 0 | H7: X
A8: C12.12.4 | C8: Supply, install and remove discharge pipeline to the required depth (diameter and class indicated) | D8: metre (m) | G8: =E8*F8 -> 0 | H8: X
A9: C12.12.5 | C9: Install ground observation wells to the required depth (diameter and class indicated) | D9: metre (m) | G9: =E9*F9 -> 0 | H9: X
A10: C12.12.6 | C10: Monitoring of lowering of ground water levels | D10: lump sum | E10: lump | F10: sum
A11: C12.12.7 | C11: Monitoring of potential settlements | D11: lump sum | E11: lump | F11: sum
A12: C12.12.8 | C12: Monitoring quality of groundwater
B13: C12.12.8.1 | C13: Monitoring of silt and fine sand | D13: lump sum | E13: lump | F13: sum
B14: C12.12.8.2 | C14: Monitoring of groundwater chemistry and quality | D14: lump sum | E14: lump | F14: sum
H16: Add items from other Sections as spedified in C1.1.3.7 and identified in Part C3(iii) where applicable
A18: TOTAL CARRIED FORWARD TO SUMMARY | G18: =SUM(G5:G17) -> 0

Sheet C13.1
A1: C13.1 | E1: FOUNDATIONS
A2: ITEM | D2: DESCRIPTION | E2: UNIT | F2: QTY | G2: RATE | H2: AMT | I2: Note to compiler: Items requiring additional information to be provided by compiler is marked in this column by X.
A5: C13.1.1 | D5: Provision of designs and drawings of temporary works by an ECSA-registered Professional Engineer or Technologist or Geotechnical Engineer (description of works to which applicable) | E5: lump sum | F5: lump | G5: sum | I5: X
A6: C13.1.2 | D6: Additional foundation investigations:
B7: C13.1.2.1 | D7: Provisional sum allowed for additional foundation investigations | E7: provisional sum | F7: Prov | G7: Sum
B8: C13.1.2.2 | D8: Handling costs and profit in respect of item C13.1.2.1 | E8: percentage (%) | F8: =H7 -> 0 | H8: =F8*G8 -> 0
A9: 134.1.3 | D9: Excavation:
B10: C13.1.3.1 | D10: Excavating soft material situated within the following successive depth ranges:
C11: (a) | D11: 0m up to 1,5m | E11: cubic metre (m3) | H11: =F11*G11 -> 0
C12: (b) | D12: > 1,5m and < 3,0m | E12: cubic metre (m3) | H12: =F12*G12 -> 0
C13: (c) | D13: Etc. in increments of 1,5m | E13: cubic metre (m3) | H13: =F13*G13 -> 0 | I13: X
B14: C13.1.3.2 | D14: Extra over subitem C13.1.3.1 for excavation in hard material irrespective of depth | E14: cubic metre (m3) | H14: =F14*G14 -> 0
B15: C13.1.3.3 | D15: Extra over subitem C13.1.3.1 for additional excavation required by the Engineer after excavation is complete | E15: cubic metre (m3) | H15: =F15*G15 -> 0
B16: C13.1.3.4 | D16: Extra over subitem C13.1.3.1 for excavation by hand | E16: cubic metre (m3) | H16: =F16*G16 -> 0
B17: C13.1.3.5 | D17: Extra over subitem C13.1.3.1 for excavation in restricted areas | E17: cubic metre (m3) | H17: =F17*G17 -> 0
A18: C13.1.4 | D18: Excavation by labour enhanced methods:
B19: C13.1.4.1 | D19: Excavate in soft material situated within the following successive depth ranges:
C20: (a) | D20: 0m up to 1,5m | E20: cubic metre (m3) | H20: =F20*G20 -> 0 | I20: X
B21: C13.1.4.2 | D21: Extra over item C13.1.3.1(a) for excavation in intermediate material | E21: cubic metre (m3) | H21: =F21*G21 -> 0
B22: C13.1.4.3 | D22: Extra over item C13.1.3.1(a) for additional excavation required by the Engineer after excavation is complete | E22: cubic metre (m3) | H22: =F22*G22 -> 0
A23: C13.1.5 | D23: Mass excavation within a restricted area (extra over item C13.1.3) | E23: cubic metre (m3) | H23: =F23*G23 -> 0
A24: C13.1.6 | D24: Access and drainage:
B25: C13.1.6.1 | D25: Access | E25: lump sum | F25: lump | G25: sum
B26: C13.1.6.2 | D26: Drainage | E26: lump sum | F26: lump | G26: sum
A27: C13.1.7 | D27: Backfill to excavations utilising:
B28: C13.1.7.1 | D28: Material from excavation | E28: cubic metre (m3) | H28: =F28*G28 -> 0
B29: C13.1.7.2 | D29: Imported material | E29: cubic metre (m3) | H29: =F29*G29 -> 0
B30: C13.1.7.3 | D30: Soil cement | E30: cubic metre (m3) | H30: =F30*G30 -> 0
A31: C13.1.8 | D31: Backfill to excavations utilising labour:
B32: C13.1.8.1 | D32: Material from excavation | E32: cubic metre (m3) | H32: =F32*G32 -> 0
B33: C13.1.8.2 | D33: Imported material | E33: cubic metre (m3) | H33: =F33*G33 -> 0
B34: C13.1.8.3 | D34: Soil cement | E34: cubic metre (m3) | H34: =F34*G34 -> 0
A35: C13.1.9 | D35: Fill within a restricted area (extra over item C5.2.2) | E35: cubic metre (m3) | H35: =F35*G35 -> 0
A36: C13.1.10 | D36: Haul in excess of 1,0 km on excavated material and on material imported for backfill, foundation fill and fill for caissons | E36: cubic metre kilometre (m3.km) | H36: =F36*G36 -> 0
A37: C13.1.11 | D37: Haul in excess of 50 metres on excavated material and on foundation fill for labour enhanced construction | E37: cubic metre kilometre (m3.km) | H37: =F37*G37 -> 0
A38: C13.1.12 | D38: Overbreak in excavation in hard material | E38: square metre (m2) | H38: =F38*G38 -> 0
A39: C13.1.13 | D39: Overbreak in excavation in hard material for labour enhanced construction | E39: square metre (m2) | H39: =F39*G39 -> 0
A40: C13.1.14 | D40: Foundation fill consisting of:
B41: C13.1.14.1 | D41: Rock fill | E41: cubic metre (m3) | H41: =F41*G41 -> 0
B42: C13.1.14.2 | D42: Crushed-stone fill | E42: cubic metre (m3) | H42: =F42*G42 -> 0
B43: C13.1.14.3 | D43: Compacted granular material | E43: cubic metre (m3) | H43: =F43*G43 -> 0
B44: C13.1.14.4 | D44: Mass concrete (class indicated) | E44: cubic metre (m3) | H44: =F44*G44 -> 0 | I44: X
B45: C13.1.14.5 | D45: Concrete blinding (thickness and class of concrete indicated) | E45: cubic metre (m3) | H45: =F45*G45 -> 0 | I45: X
B46: C13.1.14.6 | D46: Plum concrete (class indicated) | E46: cubic metre (m3) | H46: =F46*G46 -> 0 | I46: X
A47: C13.1.15 | D47: Foundation fill placed by labour enhanced methods consisting of:
B48: C13.1.15.1 | D48: Rock fill | E48: cubic metre (m3) | H48: =F48*G48 -> 0
B49: C13.1.15.2 | D49: Crushed-stone fill | E49: cubic metre (m3) | H49: =F49*G49 -> 0
B50: C13.1.15.3 | D50: Compacted granular material | E50: cubic metre (m3) | H50: =F50*G50 -> 0
B51: C13.1.15.4 | D51: Mass concrete (class indicated) | E51: cubic metre (m3) | H51: =F51*G51 -> 0 | I51: X
B52: C13.1.15.5 | D52: Concrete blinding (thickness and class of concrete indicated) | E52: cubic metre (m3) | H52: =F52*G52 -> 0 | I52: X
B53: C13.1.15.6 | D53: Plum concrete (class indicated) | E53: cubic metre (m3) | H53: =F53*G53 -> 0 | I53: X
A54: C13.1.16 | D54: Establishment on site for drilling of holes and grouting of rock fissures (type of drilling indicated) | E54: lump sum | F54: lump | G54: sum | I54: X
A55: C13.1.17 | D55: Moving to and setting up equipment at each hole to be drilled for grouting | E55: number (No.) | H55: =F55*G55 -> 0
A56: C13.1.18 | D56: Drilling of holes for grouting (diameter and type of drilling indicated) | E56: metre (m) | H56: =F56*G56 -> 0 | I56: X
A57: C13.1.19 | D57: Grouting of rock fissures (type of grout and for which purpose it is required indicated) | E57: kilogram (kg) | H57: =F57*G57 -> 0 | I57: X
A58: C13.1.20 | D58: Dowel bars: | H58: =F58*G58 -> 0
B59: C13.1.20.1 | D59: Drilling and preparation of holes (diameter and length indicated) | E59: metre (m) | H59: =F59*G59 -> 0 | I59: X
B60: C13.1.20.2 | D60: Supply and installation of dowel bars (type, diameter, length, corrosion protection, together with type of grout, indicated) | E60: kilogram (kg) | H60: =F60*G60 -> 0 | I60: X
A61: C13.1.21 | D61: Foundation lining (type of material and thickness indicated) | E61: square metre (m2) | H61: =F61*G61 -> 0 | I61: X
A62: C13.1.22 | D62: Foundation lining (type of material and thickness indicated) using labour enhanced methods | E62: square metre (m2) | H62: =F62*G62 -> 0 | I62: X
A63: C13.1.23 | D63: Lateral support for excavations:
B64: C13.1.23.1 | D64: Excavation or fill at (indicate location) | I64: X
C65: (a) | D65: 0m to 2,5m depth | E65: square metre (m2) | H65: =F65*G65 -> 0
C66: (b) | D66: 2,5m to 5,0m depth | E66: square metre (m2) | H66: =F66*G66 -> 0
C67: (c) | D67: Etc. at other locations | H67: =F67*G67 -> 0 | I67: X
A68: C13.1.24 | D68: Establishment on site for constructing caissons | E68: lump sum | F68: lump | G68: sum
A69: C13.1.25 | D69: Formwork for caissons (class of finish indicated) | E69: square metre (m2) | H69: =F69*G69 -> 0 | I69: X
A70: C13.1.26 | D70: Steel reinforcement for caissons:
B71: C13.1.26.1 | D71: Mild-steel bars | E71: ton (t) | H71: =F71*G71 -> 0
B72: C13.1.26.2 | D72: High-yield-stress-steel bars (type indicated) | E72: ton (t) | H72: =F72*G72 -> 0 | I72: X
A73: C13.1.27 | D73: Cast in situ concrete in caissons and concrete seals (class of concrete indicated) | E73: cubic metre (m3) | H73: =F73*G73 -> 0 | I73: X
A74: C13.1.28 | D74: Cutting edge for (diameter/ size indicated) caissons | E74: number (No.) | H74: =F74*G74 -> 0 | I74: X
A75: C13.1.29 | D75: Sinking (diameter/size indicated) caissons through material situated within the following successive depth ranges: | I75: X
B76: C13.1.29.1 | D76: 0m up to 5,0m | E76: metre (m) | H76: =F76*G76 -> 0
B77: C13.1.29.2 | D77: Exceeding 5,0m and up to 10m | E77: metre (m) | H77: =F77*G77 -> 0
B78: C13.1.29.3 | D78: Etc.in increments of 5,0m depths | E78: metre (m) | H78: =F78*G78 -> 0 | I78: X
A79: C13.1.30 | D79: Excavation for caissons:
B80: C13.1.30.1 | D80: Excavating soft material situated within the following successive depth ranges:
C81: (a) | D81: 0m up to 2,0m | E81: cubic metre (m3) | H81: =F81*G81 -> 0
C82: (b) | D82: Exceeding 2,0m and up to 4,0m | E82: cubic metre (m3) | H82: =F82*G82 -> 0
C83: (c) | D83: Etc. in increments of 2,0m depths | E83: cubic metre (m3) | H83: =F83*G83 -> 0 | I83: X
B84: C13.1.30.2 | D84: Extra over subitem C13.1.24.1 for excavation in hard material irrespective of depth | E84: cubic metre (m3) | H84: =F84*G84 -> 0
A85: C13.1.31 | D85: Filling the caissons | E85: cubic metre (m3) | H85: =F85*G85 -> 0
A86: C13.1.32 | D86: Stripping (size of caisson indicated) caisson heads | E86: number (No.) | H86: =F86*G86 -> 0 | I86: X
I88: Add items from other Sections as spedified in C1.1.3.7 and identified in Part C3(iii) where applicable
A90: TOTAL CARRIED FORWARD TO SUMMARY | H90: =SUM(H5:H89) -> 0

Sheet C13.2
A1: C13.2 | D1: FALSEWORK, FORMWORK AND CONCRETE FINISH
A2: ITEM | C2: DESCRIPTION | D2: UNIT | E2: QTY | F2: RATE | G2: AMT | H2: Note to compiler: Items requiring additional information to be provided by compiler is marked in this column by X.
A5: C13.2.1 | C5: Formwork to provide (class of finish indicated as F1, F2, F3 or board) surface finish to (description of member to which applicable) | D5: square metre (m2) | G5: =E5*F5 -> 0 | H5: X
A6: C13.2.2 | C6: Vertical formwork to provide (class of finish indicated as F1, F2, F3 or board) surface finish to (description of member to which applicable) | D6: square metre (m2) | G6: =E6*F6 -> 0 | H6: X
A7: C13.2.3 | C7: Horizontal formwork to provide (class of finish Indicated as F1, F2, F3 or board) surface finish to (description of member to which applicable) | D7: square metre (m2) | G7: =E7*F7 -> 0 | H7: X
A8: C13.2.4 | C8: Inclined formwork to provide (class of finish indicated as F1, F2, F3 or board) surface finish to (description of member to which applicable) | D8: square metre (m2) | G8: =E8*F8 -> 0 | H8: X
A9: C13.2.5 | C9: Permanent formwork
B10: C13.2.5.1 | C10: To form voids of (diameter/ size of void indicated) in (description of member to which applicable) | D10: square metre (m2) | G10: =E10*F10 -> 0 | H10: X
B11: C13.2.5.2 | C11: Of (description of material and member to which applicable) | D11: square metre (m2) | G11: =E11*F11 -> 0 | H11: X
A12: C13.2.6 | C12: Formwork to form open joints (description of member to which applicable, and location) | D12: square metre (m2) | G12: =E12*F12 -> 0 | H12: X
A13: C13.2.7 | C13: Establishment on the site for sliding formwork operations | D13: lump sum | E13: lump | F13: sum
A14: C13.2.8 | C14: Transporting to and setting up the sliding formwork assembly at (description of each structure) | D14: number (No.) | G14: =E14*F14 -> 0 | H14: X
A15: C13.2.9 | C15: Forming the concrete by sliding formwork for (description of each structure and class of surface finish to exposed surfaces indicated) | D15: metre (m) | G15: =E15*F15 -> 0 | H15: X
A16: C13.2.10 | C16: Provision of designs and drawings of falsework and formwork by an ECSA registered Professional Engineer or Technologist (description of member to which applicable) | D16: lump sum | E16: lump | F16: sum | H16: X
H18: Add items from other Sections as spedified in C1.1.3.7 and identified in Part C3(iii) where applicable
A20: TOTAL CARRIED FORWARD TO SUMMARY | G20: =SUM(G5:G19) -> 0

Sheet C13.3
A1: C13.3 | E1: STEEL REINFORCEMENT
A2: ITEM | D2: DESCRIPTION | E2: UNIT | F2: QTY | G2: RATE | H2: AMT | I2: Note to compiler: Items requiring additional information to be provided by compiler is marked in this column by X.
A5: C13.3.1 | D5: Reinforcement for:
B6: C13.3.1.1 | D6: … (Description of portion of structure to which applicable): | I6: X
C7: (a) | D7: Mild-steel bars | E7: ton (t) | H7: =F7*G7 -> 0
C8: (b) | D8: High-yield-stress-steel bars (type indicated) | E8: ton (t) | H8: =F8*G8 -> 0 | I8: X
C9: (c) | D9: Welded Steel Fabric | E9: kilogram (kg) | H9: =F9*G9 -> 0
C10: (d) | D10: Stainless steel bars (type indicated) | E10: ton (t) | H10: =F10*G10 -> 0 | I10: X
C11: (e) | D11: Other Materials (specify material) | E11: ton (t) | H11: =F11*G11 -> 0 | I11: X
B12: C13.3.1.2 | D12: Etc. for other structures or parts of structures | E12: ton (t) | H12: =F12*G12 -> 0 | I12: X
A13: C13.3.2 | D13: Mechanical couplers (type of coupler and diameter of bar indicated) | E13: number (No.) | H13: =F13*G13 -> 0 | I13: X
A14: C13.3.3 | D14: Spacer ladders for (description of part of structure to which applicable) | E14: ton (t) | H14: =F14*G14 -> 0 | I14: X
A15: C13.3.4 | D15: Extra-over item C13.3.1 (a), (b), etc. for galvanising of reinforcement | E15: ton (t) | H15: =F15*G15 -> 0
I17: Add items from other Sections as spedified in C1.1.3.7 and identified in Part C3(iii) where applicable
A19: TOTAL CARRIED FORWARD TO SUMMARY | H19: =SUM(H5:H18) -> 0

Sheet C13.4
A1: C13.4 | E1: CONCRETE
A2: ITEM | D2: DESCRIPTION | E2: UNIT | F2: QTY | G2: RATE | H2: AMT | I2: Note to compiler: Items requiring additional information to be provided by compiler is marked in this column by X.
A5: C13.4.1 | D5: Cast in situ concrete (Class of concrete and use or position in structure stated): | I5: X
B6: C13.4.1.1 | D6: Strength concrete (class C):
C7: (a) | D7: Indicate part of structure, class code and 28 day characteristic cylinder strength/characteristic compressive cube strength and nominal aggregate size e.g. Blinding C12/15-20 | E7: cubic metre (m3) | H7: =F7*G7 -> 0 | I7: X
C8: (b) | D8: Etc. For other parts of structure | E8: cubic metre (m3) | H8: =F8*G8 -> 0 | I8: X
B9: C13.4.1.2 | D9: Durable concrete (class D):
C10: (a) | D10: Indicate part of structure, class code and 28 day characteristic cylinder strength/characteristic compressive cube strength, environmental exposure and service life and nominal aggregate size e.g. Deck slab D35/45-XS1(100)-20 | E10: cubic metre (m3) | H10: =F10*G10 -> 0 | I10: X
C11: (b) | D11: Etc. For other parts of structure | E11: cubic metre (m3) | H11: =F11*G11 -> 0 | I11: X
B12: C13.4.1.3 | D12: Prescribed-composition concrete (class P):
C13: (a) | D13: Indicate part of structure, class code and 28 day characteristic cylinder strength/characteristic compressive cube strength and nominal aggregate size e.g. Piers P32/40-20 | E13: cubic metre (m3) | H13: =F13*G13 -> 0 | I13: X
C14: (b) | D14: Etc. for other parts of structure | E14: cubic metre (m3) | H14: =F14*G14 -> 0 | I14: X
A15: C13.4.2 | D15: Labour enhanced cast in situ concrete (class of concrete and use or position in structure stated) | I15: X
B16: C13.4.2.1 | D16: Commercially- sourced concrete | E16: cubic metre (m3) | H16: =F16*G16 -> 0
B17: C13.4.2.2 | D17: Contractor-mixed concrete on site | E17: cubic metre (m3) | H17: =F17*G17 -> 0
A18: C13.4.3 | D18: Extra over item C13.4.1 for the protection of concrete from adverse environmental conditions, if required:
B19: C13.4.3.1 | D19: Strength concrete (class C):
C20: (a) | D20: Indicate part of structure, class code and 28 day characteristic cylinder strength/characteristic compressive cube strength and nominal aggregate size e.g. Blinding C12/15-20 | E20: cubic metre (m3) | H20: =F20*G20 -> 0 | I20: X
C21: (b) | D21: Etc. for other parts of structure | E21: cubic metre (m3) | H21: =F21*G21 -> 0 | I21: X
B22: C13.4.3.2 | D22: Durable concrete (class D):
C23: (a) | D23: Indicate part of structure, class code and 28 day characteristic cylinder strength/characteristic compressive cube strength, environmental exposure and service life and nominal aggregate size e.g. Deck slab D35/45-XS1(100)-20 | E23: cubic metre (m3) | H23: =F23*G23 -> 0 | I23: X
C24: (b) | D24: Etc for other parts of structure | E24: cubic metre (m3) | H24: =F24*G24 -> 0 | I24: X
B25: C13.4.3.3 | D25: Prescribed-composition concrete (class P):
C26: (a) | D26: Indicate part of structure, class code and 28 day characteristic cylinder strength/characteristic compressive cube strength and nominal aggregate size e.g. Piers P32/40-20 | E26: cubic metre (m3) | H26: =F26*G26 -> 0 | I26: X
C27: (b) | D27: Etc. for other parts of structure | E27: cubic metre (m3) | H27: =F27*G27 -> 0 | I27: X
A28: C13.4.4 | D28: Extra over item C13.4.2 for the protection of labour enhanced concrete from adverse environmental conditions
